 Dungeon Crawl Stone Soup version 0.30-a0-168-g0b976cbdc4 (webtiles) character file.

Game seed: 15700746105878213191

914421 qw the Bringer of Light (level 27, -2/179 HPs)
             Began as a Gargoyle Fighter on Sept 29, 2022.
             Was the Champion of the Shining One.
             Splashed with acid (8 damage)
             ... on level 5 of the Pits of Slime.
             The game lasted 00:52:44 (85186 turns).

qw the Bringer of Light (Gargoyle Fighter)         Turns: 85186, Time: 00:52:44

Health: -2/179     AC: 56    Str: 33      XL:     27
Magic:  45/45      EV: 18    Int:  9 (10) God:    the Shining One [******]
Gold:   7489       SH: 25    Dex: 15      Spells: 26/26 levels left

rFire   . . .      SeeInvis .    Q - +9 broad axe (holy)
rCold   . . .      Faith    .    v - +2 tower shield {AC+3}
rNeg    + + +      Spirit   .    u - +5 pearl dragon scales of Okawaru's Favour {rC- rN+ Int-3 Dex+8}
rPois   inf        Reflect  .    (helmet restricted)
rElec   +          Harm     .    A - scarf {rC+ rF+}
rCorr   .          Rampage  +    T - +2 pair of gloves {Str+3}
Will    +++..      Rage     3%   f - +2 pair of boots
Stlth   ..........               h - amulet of Qino {Rampage rC- Regen+ MP+9 Slay+5}
HPRegen 1.19/turn                X - ring "Iklal" {rC+ Will+}
MPRegen 0.29/turn                b - +4 ring of slaying {mikee}

@: flying, glowing, unable to read, unable to drink
A: sickness immunity, AC +20, big wings, negative energy resistance 1,
electricity resistance, torment resistance 1, petrification resistance, antennae
1, iridescent scales 1, berserk 1, clumsy 1, deformed body, deterioration 1,
frail 1, low MP 1, heat vulnerability 1, inability to drink after injury 1,
inability to read after injury 1
}: 10/15 runes: barnacled, slimy, silver, golden, demonic, glowing, magical,
fiery, dark, gossamer
a: Renounce Religion, Divine Shield, Cleansing Flame, Summon Divine Warrior


You were on level 5 of the Pits of Slime.
You worshipped the Shining One.
The Shining One was exalted by your worship.
You visited 12 branches of the dungeon, and saw 55 of its levels.
You visited Pandemonium 2 times, and saw 19 of its levels.
You visited the Abyss 2 times.
You also visited: Gauntlet.

You collected 12554 gold pieces.
You spent 5065 gold pieces at shops.


Innate Abilities, Weirdness & Mutations

You are immune to sickness and miasma.
Your stone body is resilient. (AC +20)
You are immune to poison.
Your large and strong wings let you fly.
You resist negative energy. (rN+)
You are resistant to electric shocks. (rElec)
You are resistant to unholy torment.
You are immune to petrification.
You have a pair of small antennae on your head.
You are partially covered in iridescent scales. (AC +2)
You sometimes lose your temper in combat.
You are clumsy. (Dex -2)
Armour fits poorly on your strangely shaped body.
Your body sometimes deteriorates upon taking damage.
You are frail. (-10% HP)
Your magical capacity is low. (-10% MP)
You are vulnerable to heat. (rF-)
You occasionally lose the ability to drink potions when taking damage.
You occasionally lose the ability to read scrolls when taking damage.


   Skills:
 O Level 27 Fighting
 - Level 5.5 Short Blades
 - Level 18.0 Axes
 - Level 15.0 Throwing
 - Level 26.6 Armour
 - Level 15.0 Dodging
 + Level 23.9 Shields
 O Level 27 Invocations


You had 26 spell levels left.
You didn't know any spells.
Your spell library was empty.

Inventory:

Hand Weapons
 B - the +5 broad axe of Spite {vorpal, Fly rElec rF++ Int+2}
   (You bought it in a shop on level 2 of the Orcish Mines)

   It inflicts extra damage upon your enemies.
   Int:       It affects your intelligence (+2).
   rF:        It greatly protects you from fire.
   rElec:     It insulates you from electricity.
   Fly:       It grants you flight.
 Q - a +9 broad axe of holy wrath (weapon)
Missiles
 i - 15 javelins (quivered)
Armour
 a - the +4 plate armour of Qeung {rF- Str+5 Int+2 SInv}
   (You found it in Pandemonium)

   Str:       It affects your strength (+5).
   Int:       It affects your intelligence (+2).
   rF:        It makes you vulnerable to fire.
   SInv:      It lets you see invisible.
 f - a +2 pair of boots (worn)
 u - the +5 pearl dragon scales of Okawaru's Favour (worn) {rC- rN+ Int-3 Dex+8}
   (Okawaru gifted it to you on level 2 of the Lair of Beasts)

   Int:       It affects your intelligence (-3).
   Dex:       It affects your dexterity (+8).
   rC:        It makes you vulnerable to cold.
   rN:        It protects you from negative energy.
 v - a +2 tower shield of protection (worn)
 A - a scarf of resistance (worn)
 H - the +5 pearl dragon scales of the Dice {-Cast Harm +Inv rN+ Int-5}
   (You took it off a minotaur in a Gauntlet)

   Int:       It affects your intelligence (-5).
   rN:        It protects you from negative energy.
   +Inv:      It lets you turn invisible.
   -Cast:     It prevents spellcasting.
   Harm:      It increases damage dealt and taken.
 L - +0 gold dragon scales
 S - a +2 cloak
 T - a +2 pair of gloves of strength (worn)
 Z - a +10 plate armour of ponderousness
Jewellery
 b - a +4 ring of slaying (right hand) {mikee}
 e - an amulet of reflection
 h - the amulet of Qino (around neck) {Rampage rC- Regen+ MP+9 Slay+5}
   (You found it on level 3 of the Crypt)

   [amulet of regeneration]

   Slay:      It affects your accuracy & damage with ranged weapons and melee
   (+5).
   rC:        It makes you vulnerable to cold.
   MP:        It affects your magic capacity (+9).
   Regen:     It increases your rate of health regeneration.
   Rampage:   It bestows one free step when moving towards enemies.
 k - a ring of protection from fire
 o - the ring "Mittoc" {rC+ rN+ rCorr}
   (You found it on level 3 of the Crypt)

   [ring of positive energy]

   rC:        It protects you from cold.
   rN:        It protects you from negative energy.
   rCorr:     It protects you from acid and corrosion.
 r - the ring of Qixkuan {Fly rElec rF- rCorr Dex+8}
   (You found it on level 4 of the Spider Nest)

   [ring of resist corrosion]

   Dex:       It affects your dexterity (+8).
   rF:        It makes you vulnerable to fire.
   rElec:     It insulates you from electricity.
   Fly:       It grants you flight.
   rCorr:     It protects you from acid and corrosion.
 E - a ring of protection from fire
 X - the ring "Iklal" (left hand) {rC+ Will+}
   (You found it on level 5 of the Vaults)

   [ring of willpower]

   rC:        It protects you from cold.
   Will:      It increases your willpower.
 Y - a +6 ring of strength
Wands
 N - a wand of digging (9)
Scrolls
 c - 2 scrolls of enchant weapon
 x - 19 scrolls of identify
 G - 9 scrolls of enchant armour
 O - 6 scrolls of brand weapon
Potions
 d - 8 potions of might
 l - 2 potions of resistance
 m - a potion of cancellation
 n - 9 potions of attraction
 q - 16 potions of lignification
 s - 21 potions of curing
 t - 3 potions of magic
 D - 6 potions of haste
 R - 6 potions of heal wounds

Dungeon Overview and Level Annotations

Branches:
Dungeon (15/15)            Temple (1/1) D:6            Lair (5/5) D:11
 Shoals (4/4) Lair:2       Spider (4/4) Lair:2        Slime (5/5) Lair:5
    Orc (2/2) D:11            Elf (0/3) Orc:2        Vaults (5/5) D:13
  Crypt (3/3) Vaults:2       Tomb (3/3) Crypt:3      Depths (4/4) D:15
    Zot (4/5) Depths:4    Gauntlet (visited)

Altars:
Ashenzari
Cheibriados
Dithmenos
Elyvilon
Fedhas
Gozag
Hepliaklqana
Kikubaaqudgha
Makhleb
Nemelex Xobeh
Okawaru
Qazlal
Ru
Sif Muna
Trog
Uskayaw
Vehumet
Wu Jian
Xom
Yredelemnul
Zin
The Shining One
Jiyva

Shops:
Orc:2 [*(=   Shoals:1 !   Vaults:3 (   Vaults:4 (   Vaults:5 !   Depths:1 *
Depths:2 *   Depths:3 *:(

Portals:
Hell: Depths:1 Depths:2 Depths:3 Depths:4
Abyss: Orc:1 Depths:3 Depths:4
Pandemonium: Depths:2
Ziggurat: Depths:1

Annotations:
D:10 1 runed translucent door
Shoals:2 6 transporters
Orc:1 2 transporters, Ullipcorian's ghost, adept MfGl
Zot:3 2 transporters


Message History

(D) Dungeon (T) Temple (L) Lair (A) Shoals (N) Spider Nest (M) Slime Pits (O) Orcish Mines (E) Elven Halls (V) Vaults (C) Crypt (W) Tomb (U) Depths (H) Hell (Z) Zot
Where to? (* - list waypoints, Enter - Hell, ? - help) You're standing next to a slime covered wall!
You're standing next to a slime covered wall!
85183 ||| Stepping randomly (stuck).
You are splashed with acid!!
You're standing next to a slime covered wall!
(D) Dungeon (T) Temple (L) Lair (A) Shoals (N) Spider Nest (M) Slime Pits (O) Orcish Mines (E) Elven Halls (V) Vaults (C) Crypt (W) Tomb (U) Depths (H) Hell (Z) Zot
Where to? (* - list waypoints, Enter - Hell, ? - help) You're standing next to a slime covered wall!
You're standing next to a slime covered wall!
85184 ||| Stepping randomly (stuck).
You are splashed with acid!
You're standing next to a slime covered wall!
(D) Dungeon (T) Temple (L) Lair (A) Shoals (N) Spider Nest (M) Slime Pits (O) Orcish Mines (E) Elven Halls (V) Vaults (C) Crypt (W) Tomb (U) Depths (H) Hell (Z) Zot
Where to? (* - list waypoints, Enter - Hell, ? - help) You're standing next to a slime covered wall!
You're standing next to a slime covered wall!
85185 ||| Stepping randomly (stuck).
You are splashed with acid!!
You're standing next to a slime covered wall!
(D) Dungeon (T) Temple (L) Lair (A) Shoals (N) Spider Nest (M) Slime Pits (O) Orcish Mines (E) Elven Halls (V) Vaults (C) Crypt (W) Tomb (U) Depths (H) Hell (Z) Zot
Where to? (* - list waypoints, Enter - Hell, ? - help) You're standing next to a slime covered wall!
You're standing next to a slime covered wall!
85186 ||| Stepping randomly (stuck).
You are splashed with acid!
You die...

###....................
#......................
#......................
#......................
##.....................
#.....................
###...................
#...................
##.@...#............
##..###........<...
##.# ###.......... ###
##....#.... ###...#...
###.#### ###


There were no monsters in sight!

Vanquished Creatures
  Cerebov (Pan)
  the Royal Jelly (Slime:5)
  Gloorx Vloq (Pan)
  Lom Lobon (Pan)
  4 dread liches
  2 orbs of fire (Zot:2)
  A juggernaut (Zot:4)
  Sojobo (Vaults:3)
  24 royal mummies
  Vv (Zot:1)
  Boris (4 times) (Vaults:3 Depths:2 Vaults:5 Crypt:3)
  7 pandemonium lords (Pan)
  Margery (Vaults:3)
  10 golden dragons
  Nikola (Depths:1)
  2 bone dragons
  the Enchantress (Depths:1)
  A pearl dragon (Pan)
  2 electric golems
  A Tzitzimitl (Pan)
  20 tentacled monstrosities
  5 Ice Fiends (Pan)
  8 Brimstone Fiends (Pan)
  7 liches
  3 Hell Sentinels (Pan)
  Asterion (Depths:1)
  A walking earthen tome (Depths:4)
  14 titans
  A walking divine tome (Depths:4)
  2 krakens
  4 death cobs
  6 quicksilver dragons
  4 deep elf blademasters
  22 Executioners (Pan)
  7 deep elf master archers
  4 tentacled starspawn (Abyss:3)
  18 acid blobs
  10 ancient champions
  Polyphemus (Shoals:3)
  7 shadow dragons
  12 storm dragons
  11 sphinxes
  11 tengu reavers
  Kirke (Spider:1)
  2 draconian monks
  5 azure jellies
  5 rockslimes
  4 daevas (Pan)
  Donald (Orc:2)
  6 emperor scorpions
  5 draconian knights
  6 demonspawn warmongers (Pan)
  4 iron dragons
  4 revenants
  19 frost giants
  A deep elf sorcerer (Abyss:3)
  17 balrugs
  A draconian scorcher (Zot:4)
  2 draconian shifters
  16 fire giants
  8 ghost moths
  13 vault wardens
  19 cacodemons (Pan)
  9 draconian stormcallers
  Louise (D:14)
  11 angels (Pan)
  2 orc warlords
  2 ghouls (Crypt:2)
  5 curse skulls
  7 war gargoyles
  5 demonspawn corrupters (Pan)
  8 quicksilver oozes
  8 reapers (Pan)
  3 ophanim (Pan)
  6 draconian annihilators
  23 very ugly things
  11 ironbound thunderhulks
  5 spriggan defenders
  27 ironbound preservers
  2 broodmothers
  2 juggernaut skeletons
  10 bennus
  A caustic shrike skeleton (Crypt:3)
  4 demonspawn blood saints (Pan)
  8 vampire knights
  5 demonspawn black suns (Pan)
  Azrael (Spider:1)
  2 black draconians
  8 green draconians
  10 lorocyprocas (Pan)
  4 deep elf annihilators
  3 deep elf demonologists
  19 stone giants
  13 red draconians
  12 apis (Pan)
  6 white draconians
  8 dire elephants (Vaults:3)
  4 minotaurs
  13 spark wasps
  7 purple draconians
  15 yellow draconians
  An eidolon (Crypt:2)
  11 ettins
  12 blizzard demons
  22 mummy priests
  7 green deaths
  4 fire dragons
  A merfolk javelineer (Shoals:4)
  4 deep elf death magi
  4 crystal guardians
  4 entropy weavers
  5 merfolk impalers
  Josephine (Shoals:1)
  4 jiangshi
  14 yaktaur captains
  4 deep elf high priests
  16 great orbs of eyes
  7 ice dragons
  A peacekeeper (Vaults:4)
  A spriggan zombie (Crypt:3)
  3 jorogumos
  3 hydras
  3 hell beasts (Pan)
  29 vault guards
  9 ironbound frosthearts
  A rakshasa (Depths:2)
  A spriggan skeleton (Pan)
  16 centaur warriors
  2 death knights (Crypt:1)
  3 alligator snapping turtles (Shoals:4)
  4 spriggan air magi
  2 merfolk aquamancers (Shoals:1)
  7 boulder beetles
  6 catoblepae
  3 ogre magi
  3 radroaches
  11 two-headed ogres
  3 merfolk avatars
  An alligator (shapeshifter) (Vaults:3)
  8 tengu warriors
  5 dancing weapons (Crypt:3)
  7 deep troll earth magi
  9 satyrs
  18 death yaks
  26 death scarabs
  A thrashing horror (Abyss:3)
  4 hell hogs (Pan)
  Urug (D:11)
  7 orc high priests
  A bennu skeleton (Crypt:2)
  8 deep troll shamans
  3 holy swine (Pan)
  A titan zombie (Crypt:3)
  8 deep elf knights
  2 vampire magi (Depths:2)
  19 hell knights
  3 spectral storm dragons (Crypt:2)
  A storm dragon zombie (Crypt:2)
  5 spriggan berserkers
  Nergalle (Orc:1)
  39 soul eaters
  55 sun demons
  2 wretched stars (Abyss:3)
  5 pharaoh ants
  6 iron trolls
  9 shadow demons (Pan)
  30 skeletal warriors
  6 shadow wraiths (Pan)
  A titan skeleton (Pan)
  23 sixfirhies
  A ghost moth zombie (Crypt:1)
  A cherub (Pan)
  6 glowing orange brains
  9 sea snakes
  A sun moth (Spider:3)
  4 steelbarb worms
  9 deep elf archers
  A flayed ghost (Depths:2)
  2 death drakes
  71 deep trolls
  A spriggan druid (Depths:3)
  17 wizards
  A golden dragon zombie (Crypt:3)
  An orb spider (shapeshifter) (Vaults:5)
  5 lindwurms
  16 ironbound convokers
  2 bunyip skeletons (Crypt:3)
  4 bog bodies (Crypt:2)
  18 phantasmal warriors
  31 harpies
  9 orb spiders
  13 orc knights
  A spectral wolf spider (Gauntlet)
  2 anaconda skeletons
  12 necromancers
  7 deep elf pyromancers
  2 orc sorcerers
  27 fauns
  6 deep elf zephyrmancers
  A cyclops (shapeshifter) (D:15)
  27 wolf spiders
  33 ugly things
  25 manticores
  An iron dragon zombie (Crypt:2)
  A shining eye (shapeshifter) (Vaults:5)
  4 spectral fire dragons (Crypt:2)
  3 worldbinders (Abyss:3)
  10 shining eyes
  A shadow dragon skeleton (Crypt:1)
  9 cyclopes
  23 moths of wrath
  A spectral centaur (Gauntlet)
  8 merfolk sirens
  A stone giant skeleton (Pan)
  An iron dragon skeleton (Pan)
  A centaur zombie (Crypt:3)
  9 elephants
  A black mamba (Lair:5)
  4 rust devils (Pan)
  6 water nymphs
  8 torpor snails
  4 eyes of devastation
  57 smoke demons
  18 vault sentinels
  27 orange demons
  2 gargoyles (D:12)
  10 hellions (Pan)
  9 komodo dragons
  A minotaur zombie (Crypt:1)
  2 centaur skeletons (Pan)
  3 unseen horrors
  15 cane toads
  3 naga skeletons
  3 freezing wraiths
  2 kobold demonologists
  3 rime drakes
  14 demonic crawlers
  5 efreet (Pan)
  A tengu conjurer (Depths:3)
  An alligator snapping turtle skeleton (Pan)
  33 yaktaurs
  4 ice devils
  6 red devils
  9 tormentors
  33 merfolk
  31 guardian mummies
  23 hellwings (Pan)
  A white draconian skeleton (Crypt:1)
  A harpy zombie (Crypt:2)
  3 trolls
  A death drake zombie (Crypt:1)
  6 meliai
  A polar bear (shapeshifter) (Depths:3)
  8 hornets
  3 harpy skeletons
  A wolf spider simulacrum (D:15)
  12 wind drakes
  A hydra zombie (Crypt:3)
  3 polar bears
  39 tarantellas
  74 slime creatures
  17 blink frogs
  An ettin zombie (Crypt:3)
  2 dream sheep (Shoals:1)
  6 snapping turtles
  A raiju (Gauntlet)
  A meliai zombie (Gauntlet)
  An ettin skeleton (Tomb:1)
  66 flying skulls
  A jumping spider (shapeshifter) (Vaults:5)
  3 shadows
  44 jumping spiders
  An alligator skeleton (Crypt:2)
  A dire elephant simulacrum (Abyss:3)
  19 humans (D:13)
  12 wraiths
  30 spriggans
  31 culicivoras
  46 ynoxinuls
  4 hogs (Spider:1)
  2 wyverns
  40 yaks
  7 ushabtiu
  2 fire elementals (Spider:1)
  15 water elementals
  3 basilisks
  4 golden eyes (Pan)
  51 redbacks
  30 neqoxecs
  A steam dragon (Gauntlet)
  2 vampire mosquitoes (D:13)
  30 chaos spawn
  A naga (shapeshifter) (Vaults:5)
  54 large abominations
  7 wargs
  A harpy simulacrum (Abyss:3)
  5 acid dragons
  Edmund (D:6)
  2 hell hounds (Spider:1)
  A naga zombie (Tomb:3)
  5 floating eyes
  A floating eye (shapeshifter) (Depths:2)
  12 water moccasins
  A demonspawn skeleton (Crypt:2)
  An ice beast (D:6)
  A sky beast (D:8)
  43 orc warriors
  2 black bears (D:7)
  10 ogres
  23 wolves
  21 centaurs
  A manticore skeleton (Crypt:1)
  A rime drake zombie (Crypt:2)
  5 kobold brigands
  A small abomination (Abyss:3)
  A gnoll sergeant (D:11)
  2 scorpions
  8 bullfrogs
  4 necrophages
  A draconian skeleton (Crypt:1)
  7 wights
  10 killer bees
  A shapeshifter skeleton (Crypt:2)
  7 electric eels
  10 howler monkeys
  A crimson imp (Pan)
  5 starcursed masses (Abyss:3)
  3 hounds
  A human zombie (Crypt:2)
  4 jellies
  25 orc priests
  Ijyb (D:4)
  A boggart zombie (Gauntlet)
  23 orc wizards
  Terence (D:3)
  38 mummies
  3 gnolls (D:11)
  5 adders
  2 shadow imps
  2 white imps
  3 ufetubi
  3 worms
  A dart slug (D:1)
  79 orcs
  6 ball pythons
  9 endoplasms
  2 giant cockroaches (D:4)
  8 goblins
  9 hobgoblins
  4 jackals (D:1)
  5 quokkas (D:1)
  7 bats
  2 frilled lizards
  30 kobolds
  2 rats
  A spectral goblin (D:6)
  3 ball lightnings (Pan)
  6 fire vortices (Pan)
  5 starspawn tentacles (Abyss:3)
  7 tentacles
3185 creatures vanquished.

Vanquished Creatures (collateral kills)
  Mnoleg (Pan)
  2 pandemonium lords (Pan)
  Mennas (Pan)
  9 royal mummies
  A bone dragon (Crypt:3)
  6 Brimstone Fiends (Pan)
  2 Hell Sentinels (Pan)
  2 Ice Fiends (Pan)
  A lich (Tomb:1)
  2 titans
  A deep elf blademaster (Tomb:1)
  A deep elf master archer (Crypt:3)
  2 Executioners (Pan)
  An ancient champion (Tomb:3)
  An eldritch tentacle (Pan)
  A revenant (Tomb:3)
  5 balrugs (Pan)
  3 cacodemons (Pan)
  A demonspawn blood saint (Pan)
  2 ophanim (Pan)
  A demonspawn corrupter (Pan)
  A green draconian (Crypt:3)
  A lorocyproca (Pan)
  2 demonspawn black suns (Pan)
  2 blizzard demons (Pan)
  A green death (Pan)
  5 mummy priests
  2 spriggan zombies
  7 death scarabs
  4 deep elf knights
  9 sun demons (Pan)
  3 holy swine (Pan)
  8 soul eaters (Pan)
  3 sixfirhies (Pan)
  2 skeletal warriors
  A shadow wraith (Pan)
  A shadow demon (Pan)
  A deep elf zephyrmancer (Tomb:1)
  4 deep elf pyromancers (Tomb:1)
  2 smoke demons (Pan)
  6 large abominations (Pan)
  4 orange demons (Pan)
  2 hellions (Pan)
  An unseen horror (Pan)
  3 demonic crawlers (Pan)
  2 efreet (Pan)
  An ice devil (Pan)
  3 hellwings (Pan)
  3 red devils (Pan)
  4 guardian mummies
  A hydra skeleton (Pan)
  8 flying skulls
  7 ynoxinuls (Pan)
  An ushabti (Tomb:3)
  2 neqoxecs (Pan)
  5 chaos spawn (Pan)
  A floating eye (Pan)
  2 crimson imps (Pan)
  9 mummies
170 creatures vanquished.

Vanquished Creatures (others)
  Frederick (Vaults:5)
  A titan (Crypt:2)
  A draconian knight (Zot:3)
  A demonspawn blood saint (Pan)
  A sun demon (Pan)
  A deep elf archer (Tomb:1)
  2 wizards
  A deep elf pyromancer (Tomb:1)
  An orange demon (Pan)
  An efreet (Pan)
  A smoke demon (Pan)
  A swamp worm zombie (Crypt:2)
  An ushabti (Tomb:3)
  A chaos spawn (Pan)
  2 ogres (Vaults:5)
  An endoplasm (Lair:5)
  6 ball lightnings (Pan)
  7 demonic plants
  3 fire vortices (Pan)
  39 fungi
  386 plants
  4 starspawn tentacles (Abyss:3)
  7 tentacles
470 creatures vanquished.

Grand Total: 3825 creatures vanquished

Notes
Turn   | Place    | Note
-------+----------+-------------------------------------------
     0 | D:1      | qw the Gargoyle Fighter began the quest for the Orb.
     0 | D:1      | Reached XP level 1. HP: 14/14 MP: 1/1
     0 | D:1      | 0 ||| qw: Version: 0.2-a-12-gaebbb33
     0 | D:1      | 0 ||| qw: Game counter: 1265
     0 | D:1      | 0 ||| qw: Always use a shield: true
     0 | D:1      | 0 ||| qw: God list: Okawaru
     0 | D:1      | 0 ||| qw: Allow faded altars: false
     0 | D:1      | 0 ||| qw: Do Orc after D:15 true
     0 | D:1      | 0 ||| qw: Do second Lair branch before Depths: true
     0 | D:1      | 0 ||| qw: Lair rune preference: random
     0 | D:1      | 0 ||| qw: Plans: Normal, Zot:1-4, God:TSO, Crypt, Tomb,
                  | Pan, Slime:5, Hells, Abyss, Orb
     0 | D:1      | 0 ||| PLANNING D:1-11
   359 | D:1      | 359 ||| Stepping ~*~*~tactically~*~*~ (hiding).
   365 | D:1      | Reached XP level 2. HP: 19/19 MP: 2/2
   786 | D:1      | Reached skill level 3 in Axes
   971 | D:1      | Reached XP level 3. HP: 22/23 MP: 3/3
  1102 | D:1      | 1102 ||| DROPPING +0 whip.
  1732 | D:1      | Found a faded altar of an unknown god.
  1853 | D:1      | 1853 ||| UPGRADING to +0 pair of boots.
  1858 | D:1      | 1858 ||| UPGRADING to amulet of reflection.
  1863 | D:1      | 1863 ||| UPGRADING to ring of protection from cold.
  1864 | D:1      | 1864 ||| READING scroll labelled FEBOEG RIUTAWK.
  1942 | D:2      | Reached skill level 1 in Throwing
  2058 | D:2      | 2058 ||| Stepping ~*~*~tactically~*~*~ (stealth).
  2059 | D:2      | 2059 ||| Stepping ~*~*~tactically~*~*~ (stealth).
  2062 | D:2      | 2062 ||| Stepping ~*~*~tactically~*~*~ (stealth).
  2075 | D:2      | Reached XP level 4. HP: 28/28 MP: 4/4
  2522 | D:2      | You fall into a shaft and drop 2 floors!
  2539 | D:4      | 2539 ||| UPGRADING to +0 chain mail.
  2549 | D:4      | 2549 ||| DROPPING +0 scale mail.
  2550 | D:4      | 2550 ||| UPGRADING to ring of protection from fire.
  2551 | D:4      | 2551 ||| READING 2 scrolls labelled YZAOHA OMIXUBY.
  2552 | D:4      | 2552 ||| READING scroll labelled WOLIGGANAS.
  2553 | D:4      | 2553 ||| READING scroll labelled GOUPUE EVIETE.
  2553 | D:4      | Identified a scroll of acquirement
  2553 | D:4      | 2553 ||| ACQUIRING ring of resist corrosion
  2553 | D:4      | Acquired a ring of resist corrosion
  2555 | D:4      | 2555 ||| READING scroll labelled ETHEOCWI FYGIS.
  2560 | D:4      | 2560 ||| DRINKING 3 fuming red potions.
  2561 | D:4      | 2561 ||| DRINKING 2 fizzy white potions.
  2562 | D:4      | 2562 ||| DROPPING scroll of magic mapping.
  2595 | D:3      | 2595 ||| Stepping ~*~*~tactically~*~*~ (stealth).
  2640 | D:3      | 2640 ||| SWAPPING to +2 war axe of freezing.
  2641 | D:3      | 2641 ||| DROPPING +0 war axe.
  2693 | D:3      | Found a broken altar of Ashenzari.
  2698 | D:3      | 2698 ||| Stepping ~*~*~tactically~*~*~ (stealth).
  2700 | D:3      | Identified the ring "Sabu" {Fly MP+9 Str-2 Dex+9}
  2701 | D:3      | 2701 ||| Stepping ~*~*~tactically~*~*~ (hiding).
  2702 | D:3      | 2702 ||| Stepping ~*~*~tactically~*~*~ (hiding).
  2715 | D:3      | 2715 ||| Stepping ~*~*~tactically~*~*~ (stealth).
  2807 | D:3      | 2807 ||| UPGRADING to ring "Sabu" {Fly MP+9 Str-2 Dex+9}.
  3056 | D:3      | Reached XP level 5. HP: 32/32 MP: 5/5
  3136 | D:3      | 3136 ||| Stepping ~*~*~tactically~*~*~ (stealth).
  3149 | D:3      | Found a glowing silver altar of Zin.
  3171 | D:3      | Found a shimmering blue altar of Sif Muna.
  3212 | D:3      | Noticed Terence
  3215 | D:3      | Killed Terence
  3216 | D:3      | Reached skill level 1 in Dodging
  3219 | D:3      | 3219 ||| DROPPING +2 whip of electrocution.
  3466 | D:3      | 3466 ||| DROPPING ring of flight.
  3467 | D:3      | 3467 ||| READING scroll labelled YTAYFR OZOXEKO.
  3533 | D:4      | Noticed Ijyb
  3542 | D:4      | Killed Ijyb
  3646 | D:4      | Reached XP level 6. HP: 37/37 MP: 6/6
  3663 | D:4      | 3663 ||| Stepping ~*~*~tactically~*~*~ (stealth).
  4115 | D:4      | 4115 ||| READING scroll labelled ISKOGA HEITADGH.
  4152 | D:5      | Entered Level 5 of the Dungeon
  4247 | D:5      | Noticed a water moccasin
  4255 | D:5      | Killed a water moccasin
  4256 | D:5      | Reached skill level 6 in Axes
  4256 | D:5      | Reached XP level 7. HP: 35/43 MP: 7/7
  4372 | D:5      | 4372 ||| Stepping ~*~*~tactically~*~*~ (stealth).
  4462 | D:5      | 4462 ||| Stepping ~*~*~tactically~*~*~ (stealth).
  4463 | D:5      | 4463 ||| Stepping ~*~*~tactically~*~*~ (stealth).
  4477 | D:5      | 4477 ||| Stepping ~*~*~tactically~*~*~ (hiding).
  4479 | D:5      | 4479 ||| Stepping ~*~*~tactically~*~*~ (hiding).
  4911 | D:5      | Found an ornate altar of the Wu Jian Council.
  4918 | D:5      | Noticed a spectral centipede
  4918 | D:5      | Noticed a spectral black mamba
  4918 | D:5      | Noticed a spectral cane toad
  4943 | D:5      | 4943 ||| UPGRADING to +0 helmet.
  4966 | D:6      | 4966 ||| Stepping ~*~*~tactically~*~*~ (hiding).
  5038 | D:6      | Found a shadowy altar of Dithmenos.
  5080 | D:6      | Reached XP level 8. HP: 49/49 MP: 8/8
  5097 | D:6      | 5097 ||| Stepping ~*~*~tactically~*~*~ (hiding).
  5098 | D:6      | 5098 ||| Stepping ~*~*~tactically~*~*~ (hiding).
  5321 | D:6      | Noticed Edmund
  5334 | D:6      | Killed Edmund
  5521 | D:6      | 5521 ||| DROPPING +0 flail.
  5703 | D:6      | Found a hazy altar of Hepliaklqana.
  5916 | D:6      | Found a staircase to the Ecumenical Temple.
  5917 | D:6      | 5917 ||| PLANNING TEMPLE
  5917 | D:6      | 5917 ||| DROPPING +2 scale mail of poison resistance.
  5918 | D:6      | 5918 ||| DROPPING amulet of regeneration.
  5919 | D:6      | 5919 ||| READING 2 scrolls labelled ICEEFO KIODACS.
  5920 | D:6      | 5920 ||| READING scroll labelled CASASES VOSO.
  5921 | D:6      | 5921 ||| READING scroll labelled BAIDOJ DEYDERCH.
  5922 | D:6      | 5922 ||| DROPPING scroll of poison.
  5928 | Temple   | Entered the Ecumenical Temple
  6021 | Temple   | 6021 ||| PLANNING D:1-11
  6088 | D:6      | 6088 ||| Stepping ~*~*~tactically~*~*~ (stealth).
  6090 | D:6      | 6090 ||| Stepping ~*~*~tactically~*~*~ (hiding).
  6205 | D:6      | Found a snail-covered altar of Cheibriados.
  6243 | D:6      | 6243 ||| Stepping ~*~*~tactically~*~*~ (stealth).
  6520 | D:7      | 6520 ||| Stepping ~*~*~tactically~*~*~ (hiding).
  6583 | D:7      | 6583 ||| Stepping ~*~*~tactically~*~*~ (hiding).
  6641 | D:7      | 6641 ||| Stepping ~*~*~tactically~*~*~ (stealth).
  6651 | D:7      | 6651 ||| Stepping ~*~*~tactically~*~*~ (stealth).
  6653 | D:7      | 6653 ||| Stepping ~*~*~tactically~*~*~ (stealth).
  6671 | D:7      | Reached skill level 6 in Fighting
  6678 | D:7      | Reached XP level 9. HP: 52/56 MP: 9/9
  6725 | D:7      | 6725 ||| READING scroll of acquirement.
  6725 | D:7      | 6725 ||| ACQUIRING 883 gold pieces
  6725 | D:7      | Acquired 883 gold pieces
  6780 | D:7      | 6780 ||| Stepping ~*~*~tactically~*~*~ (stealth).
  7222 | D:7      | 7222 ||| UPGRADING to scarf of resistance.
  7227 | D:7      | 7227 ||| UPGRADING to +0 pair of gloves.
  7232 | D:7      | 7232 ||| READING scroll labelled ITOISA GEGRUKHLE.
  7233 | D:7      | 7233 ||| READING scroll labelled EBLEOFR GUCAY.
  7234 | D:7      | 7234 ||| DRINKING 3 metallic puce potions.
  7349 | D:8      | Reached skill level 9 in Axes
  7410 | D:8      | 7410 ||| Stepping ~*~*~tactically~*~*~ (stealth).
  7412 | D:8      | 7412 ||| Stepping ~*~*~tactically~*~*~ (hiding).
  7469 | D:8      | 7469 ||| Stepping ~*~*~tactically~*~*~ (stealth).
  7471 | D:8      | 7471 ||| Stepping ~*~*~tactically~*~*~ (stealth).
  7518 | D:8      | 7518 ||| FLEEEEING.
  7519 | D:8      | 7519 ||| FLEEEEING.
  7520 | D:8      | 7520 ||| FLEEEEING.
  7521 | D:8      | 7521 ||| STAIRDANCE
  7569 | D:7      | 7569 ||| UPGRADING to ring of see invisible.
  7571 | D:7      | 7571 ||| READING 2 scrolls of identify.
  7571 | D:7      | 7571 ||| IDENTIFYING inky potion
  7589 | D:8      | 7589 ||| DROPPING +7 flail of protection.
  8019 | D:9      | 8019 ||| FLEEEEING.
  8020 | D:9      | 8020 ||| FLEEEEING.
  8027 | D:9      | 8027 ||| FLEEEEING.
  8034 | D:9      | 8034 ||| STAIRDANCE
  8073 | D:9      | 8073 ||| STAIRDANCE
  8165 | D:9      | 8165 ||| Stepping ~*~*~tactically~*~*~ (stealth).
  8326 | D:9      | 8326 ||| Stepping ~*~*~tactically~*~*~ (stealth).
  8330 | D:9      | 8330 ||| Stepping ~*~*~tactically~*~*~ (stealth).
  8338 | D:9      | 8338 ||| FLEEEEING.
  8339 | D:9      | 8339 ||| FLEEEEING.
  8343 | D:9      | HP: 13/57 [wight/+0 great sword (4)]
  8344 | D:9      | 8344 ||| READING 2 scrolls of teleportation.
  8660 | D:9      | 8660 ||| Stepping ~*~*~tactically~*~*~ (stealth).
  8671 | D:9      | Reached skill level 6 in Armour
  8676 | D:9      | Reached XP level 10. HP: 50/63 MP: 10/10
  8762 | D:9      | 8762 ||| Stepping ~*~*~tactically~*~*~ (hiding).
  8790 | D:9      | 8790 ||| DROPPING +1 morningstar of draining.
  9013 | D:9      | Found a hide-covered altar of Uskayaw.
  9014 | D:9      | Found an iron altar of Okawaru.
  9015 | D:9      | 9015 ||| PLANNING OKAWARU WORSHIP
  9015 | D:9      | 9015 ||| UPGRADING to +0 plate armour.
  9025 | D:9      | 9025 ||| DROPPING +0 chain mail.
  9026 | D:9      | 9026 ||| READING scroll labelled QUC MALATSUD.
  9027 | D:9      | 9027 ||| DRINKING 2 ruby potions.
  9028 | D:9      | 9028 ||| READING 3 scrolls of identify.
  9028 | D:9      | 9028 ||| IDENTIFYING glowing puce potion
  9029 | D:9      | 9029 ||| READING 2 scrolls of identify.
  9029 | D:9      | 9029 ||| IDENTIFYING black potion
  9030 | D:9      | 9030 ||| DROPPING potion of berserk rage.
  9031 | D:9      | 9031 ||| DROPPING potion of flight.
  9038 | D:9      | Became a worshipper of Warmaster Okawaru
  9039 | D:9      | 9039 ||| PLANNING D:1-11
  9546 | D:10     | Entered Level 10 of the Dungeon
  9567 | D:10     | Found an opulent altar of Gozag.
  9626 | D:10     | Found an ancient bone altar of Kikubaaqudgha.
  9626 | D:10     | Found a bloodstained altar of Trog.
  9628 | D:10     | Found a burning altar of Makhleb.
  9893 | D:10     | Noticed an unseen horror
  9910 | D:10     | Killed an unseen horror
  9941 | D:10     | Reached * piety under Okawaru
  9950 | D:10     | Reached skill level 1 in Invocations
 10050 | D:10     | Found a runed translucent door.
 10051 | D:10     | Found a basalt altar of Yredelemnul.
 10138 | D:10     | 10138 ||| Stepping ~*~*~tactically~*~*~ (hiding).
 10142 | D:10     | 10142 ||| INVOKING Heroism.
 10314 | D:10     | 10314 ||| DRINKING 2 silvery potions.
 10315 | D:10     | 10315 ||| DRINKING 2 murky brown potions.
 10316 | D:10     | 10316 ||| DROPPING potion of brilliance.
 10321 | D:11     | Noticed a cyclops
 10322 | D:11     | 10322 ||| INVOKING Heroism.
 10323 | D:11     | 10323 ||| INVOKING Heroism.
 10327 | D:11     | Killed a cyclops
 10353 | D:11     | Identified the +0 robe of the Desolation of Salt {rF+}
 10427 | D:11     | Found a staircase to the Lair.
 10429 | D:11     | 10429 ||| INVOKING Heroism.
 10444 | D:11     | Reached skill level 3 in Invocations
 10569 | D:11     | Noticed a wizard
 10570 | D:11     | 10570 ||| INVOKING Heroism.
 10578 | D:11     | Noticed a deep elf knight
 10580 | D:11     | Noticed an orc knight
 10589 | D:11     | 10589 ||| INVOKING Heroism.
 10589 | D:11     | Killed a wizard
 10593 | D:11     | HP: 16/64 [deep elf knight/+0 scimitar (19)]
 10594 | D:11     | 10594 ||| READING 2 scrolls of teleportation.
 10596 | D:11     | 10596 ||| DRINKING potion of heal wounds.
 10611 | D:11     | Reached XP level 11. HP: 24/68 MP: 14/14
 10699 | D:11     | Noticed Urug
 10700 | D:11     | 10700 ||| INVOKING Heroism.
 10717 | D:11     | Killed Urug
 10717 | D:11     | Reached ** piety under Okawaru
 10843 | D:11     | Killed a deep elf knight
 10844 | D:11     | Reached skill level 3 in Throwing
 10844 | D:11     | 10844 ||| INVOKING Heroism.
 10859 | D:11     | Killed an orc knight
 10887 | D:11     | Noticed a +6 triple sword
 10969 | D:11     | Noticed a two-headed ogre
 10970 | D:11     | 10970 ||| INVOKING Heroism.
 10973 | D:11     | Noticed a skeletal warrior
 10977 | D:11     | Killed a two-headed ogre
 10977 | D:11     | Reached *** piety under Okawaru
 10978 | D:11     | Reached skill level 9 in Fighting
 10981 | D:11     | Noticed a cyclops
 10994 | D:11     | 10994 ||| INVOKING Heroism.
 10995 | D:11     | Killed a skeletal warrior
 10996 | D:11     | Reached skill level 3 in Dodging
 11000 | D:11     | Killed a cyclops
 11039 | D:11     | 11039 ||| FLEEEEING.
 11040 | D:11     | 11040 ||| FLEEEEING.
 11172 | D:11     | 11172 ||| INVOKING Heroism.
 11173 | D:11     | Noticed a two-headed ogre
 11182 | D:11     | Received a gift from Okawaru
 11190 | D:11     | Killed a two-headed ogre
 11191 | D:11     | Reached skill level 12 in Axes
 11490 | D:11     | 11490 ||| INVOKING Heroism.
 11580 | D:11     | Found a staircase to the Orcish Mines.
 11590 | D:11     | 11590 ||| INVOKING Heroism.
 11596 | D:11     | Reached **** piety under Okawaru
 11606 | D:11     | Reached skill level 9 in Armour
 11670 | D:11     | 11670 ||| Stepping ~*~*~tactically~*~*~ (hiding).
 11673 | D:11     | 11673 ||| INVOKING Heroism.
 11803 | D:11     | 11803 ||| PLANNING LAIR
 11803 | D:11     | 11803 ||| UPGRADING to +0 kite shield.
 11813 | D:11     | 11813 ||| DROPPING +0 buckler.
 11814 | D:11     | 11814 ||| DROPPING ring of wizardry.
 11815 | D:11     | 11815 ||| READING 2 scrolls of identify.
 11815 | D:11     | 11815 ||| IDENTIFYING smoky red potion
 11832 | Lair:1   | Entered Level 1 of the Lair of Beasts
 11842 | Lair:1   | 11842 ||| INVOKING Heroism.
 11894 | Lair:1   | 11894 ||| INVOKING Heroism.
 11897 | Lair:1   | Reached skill level 6 in Shields
 11897 | Lair:1   | Reached XP level 12. HP: 66/76 MP: 15/15
 11998 | Lair:1   | 11998 ||| Stepping ~*~*~tactically~*~*~ (stealth).
 12002 | Lair:1   | 12002 ||| Stepping ~*~*~tactically~*~*~ (stealth).
 12049 | Lair:1   | 12049 ||| INVOKING Heroism.
 12331 | Lair:1   | 12331 ||| INVOKING Heroism.
 12337 | Lair:1   | Reached skill level 6 in Invocations
 12751 | Lair:1   | 12751 ||| Stepping ~*~*~tactically~*~*~ (stealth).
 12789 | Lair:1   | 12789 ||| INVOKING Heroism.
 13085 | Lair:1   | 13085 ||| DROPPING amulet of magic regeneration.
 13086 | Lair:1   | 13086 ||| READING scroll labelled YTTUET UBBYBATOTU.
 13155 | Lair:1   | 13155 ||| READING 2 scrolls of identify.
 13155 | Lair:1   | 13155 ||| IDENTIFYING grey potion
 13156 | Lair:1   | 13156 ||| DROPPING potion of ambrosia.
 13200 | Lair:2   | 13200 ||| INVOKING Heroism.
 13208 | Lair:2   | Reached ***** piety under Okawaru
 13208 | Lair:2   | Identified the +5 pearl dragon scales of Okawaru's Favour
                  | {rC- rN+ Int-3 Dex+8} (Okawaru gifted it to you on level 2
                  | of the Lair of Beasts)
 13208 | Lair:2   | Received a gift from Okawaru
 13261 | Lair:2   | 13261 ||| INVOKING Heroism.
 13310 | Lair:2   | 13310 ||| READING scroll of enchant weapon.
 13310 | Lair:2   | 13310 ||| ENCHANTING +3 war axe of freezing.
 13473 | Lair:2   | Found a staircase to the Shoals.
 13504 | Lair:2   | Identified the +3 rapier of Giroc {freeze, rElec}
 13557 | Lair:2   | 13557 ||| INVOKING Heroism.
 13715 | Lair:2   | 13715 ||| Stepping ~*~*~tactically~*~*~ (stealth).
 13717 | Lair:2   | 13717 ||| INVOKING Heroism.
 13724 | Lair:2   | Reached skill level 9 in Shields
 13730 | Lair:2   | Found a hole to the Spider Nest.
 13781 | Lair:2   | 13781 ||| UPGRADING to +5 pearl dragon scales of Okawaru's
                  | Favour {rC- rN+ Int-3 Dex+8}.
 13791 | Lair:2   | 13791 ||| DROPPING +0 plate armour.
 13792 | Lair:2   | 13792 ||| READING 2 scrolls of identify.
 13792 | Lair:2   | 13792 ||| IDENTIFYING green potion
 13793 | Lair:2   | 13793 ||| DROPPING potion of degeneration.
 13886 | Lair:3   | 13886 ||| Stepping ~*~*~tactically~*~*~ (stealth).
 13888 | Lair:3   | 13888 ||| Stepping ~*~*~tactically~*~*~ (stealth).
 13889 | Lair:3   | 13889 ||| Stepping ~*~*~tactically~*~*~ (stealth).
 13892 | Lair:3   | 13892 ||| INVOKING Heroism.
 13956 | Lair:3   | 13956 ||| INVOKING Heroism.
 13960 | Lair:3   | 13960 ||| Stepping ~*~*~tactically~*~*~ (stealth).
 13962 | Lair:3   | 13962 ||| Stepping ~*~*~tactically~*~*~ (stealth).
 13966 | Lair:3   | 13966 ||| Stepping ~*~*~tactically~*~*~ (stealth).
 13967 | Lair:3   | 13967 ||| Stepping ~*~*~tactically~*~*~ (stealth).
 14029 | Lair:3   | Reached skill level 9 in Invocations
 14031 | Lair:3   | 14031 ||| INVOKING Heroism.
 14046 | Lair:3   | Reached XP level 13. HP: 59/80 MP: 20/20
 14210 | Lair:3   | 14210 ||| INVOKING Heroism.
 14268 | Lair:3   | 14268 ||| Stepping ~*~*~tactically~*~*~ (stealth).
 14291 | Lair:3   | 14291 ||| Stepping ~*~*~tactically~*~*~ (stealth).
 14363 | Lair:3   | 14363 ||| Stepping ~*~*~tactically~*~*~ (stealth).
 14369 | Lair:3   | 14369 ||| Stepping ~*~*~tactically~*~*~ (stealth).
 14374 | Lair:3   | 14374 ||| Stepping ~*~*~tactically~*~*~ (stealth).
 14384 | Lair:3   | 14384 ||| INVOKING Heroism.
 14385 | Lair:3   | 14385 ||| Stepping ~*~*~tactically~*~*~ (stealth).
 14739 | Lair:3   | 14739 ||| DROPPING +0 cloak.
 14740 | Lair:3   | 14740 ||| READING scroll labelled WUYWAQ XEUDOGU.
 14759 | Lair:4   | 14759 ||| INVOKING Heroism.
 14844 | Lair:4   | 14844 ||| FLEEEEING.
 14845 | Lair:4   | 14845 ||| FLEEEEING.
 14846 | Lair:4   | 14846 ||| FLEEEEING.
 14850 | Lair:4   | 14850 ||| FLEEEEING.
 14851 | Lair:4   | 14851 ||| FLEEEEING.
 14852 | Lair:4   | 14852 ||| FLEEEEING.
 14853 | Lair:4   | 14853 ||| FLEEEEING.
 14854 | Lair:4   | 14854 ||| FLEEEEING.
 14855 | Lair:4   | 14855 ||| FLEEEEING.
 14856 | Lair:4   | 14856 ||| FLEEEEING.
 14857 | Lair:4   | 14857 ||| FLEEEEING.
 14858 | Lair:4   | 14858 ||| FLEEEEING.
 14859 | Lair:4   | 14859 ||| FLEEEEING.
 14860 | Lair:4   | 14860 ||| INVOKING Heroism.
 15078 | Lair:4   | 15078 ||| Stepping ~*~*~tactically~*~*~ (stealth).
 15084 | Lair:4   | 15084 ||| INVOKING Heroism.
 15124 | Lair:4   | 15124 ||| INVOKING Heroism.
 15415 | Lair:4   | 15415 ||| INVOKING Heroism.
 15568 | Lair:4   | 15568 ||| READING 2 scrolls of identify.
 15568 | Lair:4   | 15568 ||| IDENTIFYING puce potion
 15595 | Lair:5   | Entered Level 5 of the Lair of Beasts
 15596 | Lair:5   | 15596 ||| PLANNING GAUNTLET
 15640 | Lair:5   | 15640 ||| INVOKING Heroism.
 15647 | Lair:5   | 15647 ||| INVOKING Finesse.
 15681 | Lair:5   | Received a gift from Okawaru
 15768 | Lair:5   | Found a viscous altar of Jiyva.
 15768 | Lair:5   | Found a staircase to the Slime Pits.
 15795 | Lair:5   | 15795 ||| Stepping ~*~*~tactically~*~*~ (stealth).
 15797 | Lair:5   | 15797 ||| Stepping ~*~*~tactically~*~*~ (stealth).
 15799 | Lair:5   | 15799 ||| INVOKING Heroism.
 15843 | Lair:5   | 15843 ||| INVOKING Heroism.
 15881 | Lair:5   | Received a gift from Okawaru
 15907 | Lair:5   | 15907 ||| Stepping ~*~*~tactically~*~*~ (stealth).
 15908 | Lair:5   | 15908 ||| Stepping ~*~*~tactically~*~*~ (stealth).
 15909 | Lair:5   | 15909 ||| Stepping ~*~*~tactically~*~*~ (stealth).
 15910 | Lair:5   | 15910 ||| Stepping ~*~*~tactically~*~*~ (stealth).
 15911 | Lair:5   | 15911 ||| Stepping ~*~*~tactically~*~*~ (stealth).
 15912 | Lair:5   | 15912 ||| INVOKING Heroism.
 15922 | Lair:5   | Reached skill level 6 in Dodging
 15938 | Lair:5   | 15938 ||| Stepping ~*~*~tactically~*~*~ (stealth).
 15944 | Lair:5   | Gained mutation: Your large and strong wings let you fly.
                  | [Gargoyle growth]
 15944 | Lair:5   | Reached XP level 14. HP: 88/88 MP: 21/21
 15994 | Lair:5   | Found a gate leading to a gauntlet.
 15995 | Lair:5   | 15995 ||| UPGRADING to ring of protection from cold.
 16005 | Gauntlet | Entered a Gauntlet
 16005 | Gauntlet | Found a transporter.
 16005 | Gauntlet | Found a transporter.
 16009 | Gauntlet | Found a transporter.
 16009 | Gauntlet | Found a transporter.
 16019 | Gauntlet | Found a transporter.
 16027 | Gauntlet | Found a transporter.
 16029 | Gauntlet | Found a transporter.
 16029 | Gauntlet | Found a transporter.
 16033 | Gauntlet | Found a transporter.
 16075 | Gauntlet | Found a transporter.
 16097 | Gauntlet | Found a transporter.
 16111 | Gauntlet | Found a transporter.
 16151 | Gauntlet | Found a transporter.
 16173 | Gauntlet | Found a transporter.
 16268 | Gauntlet | Found a transporter.
 16282 | Gauntlet | Found a transporter.
 16381 | Gauntlet | 16381 ||| Stepping randomly (stuck).
 16394 | Gauntlet | Identified the ring "Hyopa" {Ice Will- Int+5}
 16447 | Gauntlet | 16447 ||| INVOKING Heroism.
 16557 | Gauntlet | 16557 ||| INVOKING Heroism.
 16580 | Gauntlet | Identified the +1 hat of Purpose {*Slow rPois rN+ rCorr}
 16582 | Gauntlet | 16582 ||| DROPPING amulet of guardian spirit.
 16600 | Gauntlet | Identified the +5 pearl dragon scales of the Dice {-Cast
                  | Harm +Inv rN+ Int-5}
 16601 | Gauntlet | 16601 ||| INVOKING Heroism.
 16602 | Gauntlet | 16602 ||| INVOKING Finesse.
 16702 | Gauntlet | 16702 ||| READING scroll of enchant armour.
 16702 | Gauntlet | 16702 ||| ENCHANTING +0 pair of gloves.
 16706 | Gauntlet | Identified the +6 acid dragon scales of Ubrezoep {rN+
                  | Regen+ rCorr Str+2 Dex-5}
 16740 | Gauntlet | 16740 ||| DROPPING +0 acid dragon scales.
 16741 | Gauntlet | 16741 ||| UPGRADING to +2 pair of gloves of hurling.
 16751 | Gauntlet | 16751 ||| DROPPING +1 pair of gloves.
 16752 | Gauntlet | 16752 ||| DROPPING +1 hat.
 16764 | Lair:5   | 16764 ||| PLANNING LAIR
 16798 | Lair:5   | 16798 ||| INVOKING Heroism.
 16799 | Lair:5   | 16799 ||| INVOKING Finesse.
 16904 | Lair:5   | 16904 ||| INVOKING Heroism.
 16905 | Lair:5   | 16905 ||| INVOKING Finesse.
 16906 | Lair:5   | 16906 ||| Stepping ~*~*~tactically~*~*~ (stealth).
 16907 | Lair:5   | 16907 ||| Stepping ~*~*~tactically~*~*~ (stealth).
 16917 | Lair:5   | 16917 ||| Stepping ~*~*~tactically~*~*~ (hiding).
 16918 | Lair:5   | 16918 ||| Stepping ~*~*~tactically~*~*~ (stealth).
 16945 | Lair:5   | 16945 ||| Stepping ~*~*~tactically~*~*~ (stealth).
 16948 | Lair:5   | Reached ****** piety under Okawaru
 17097 | Lair:5   | 17097 ||| INVOKING Heroism.
 17098 | Lair:5   | 17098 ||| INVOKING Finesse.
 17232 | Lair:5   | 17232 ||| Stepping ~*~*~tactically~*~*~ (hiding).
 17233 | Lair:5   | 17233 ||| INVOKING Heroism.
 17236 | Lair:5   | 17236 ||| INVOKING Finesse.
 17292 | Lair:5   | 17292 ||| INVOKING Finesse.
 17333 | Lair:5   | 17333 ||| DROPPING +5 morningstar.
 17479 | Lair:5   | 17479 ||| Stepping ~*~*~tactically~*~*~ (stealth).
 17482 | Lair:5   | 17482 ||| Stepping ~*~*~tactically~*~*~ (stealth).
 17483 | Lair:5   | 17483 ||| Stepping ~*~*~tactically~*~*~ (stealth).
 17568 | Lair:5   | 17568 ||| INVOKING Heroism.
 17641 | Lair:5   | Found a shadowy altar of Dithmenos.
 17642 | Lair:5   | 17642 ||| INVOKING Heroism.
 17918 | Lair:5   | 17918 ||| PLANNING D
 18121 | D:12     | 18121 ||| FLEEEEING.
 18135 | D:12     | 18135 ||| FLEEEEING.
 18150 | D:12     | 18150 ||| FLEEEEING.
 18252 | D:12     | 18252 ||| INVOKING Heroism.
 18253 | D:12     | 18253 ||| INVOKING Finesse.
 18255 | D:12     | 18255 ||| Stepping ~*~*~tactically~*~*~ (stealth).
 18422 | D:12     | Found the +12 pair of quick blades "Gyre" and "Gimble"
                  | {protect}
 18425 | D:12     | 18425 ||| INVOKING Heroism.
 18426 | D:12     | 18426 ||| INVOKING Finesse.
 18428 | D:12     | 18428 ||| SWAPPING to +2 war axe of flaming.
 18438 | D:12     | Reached skill level 12 in Shields
 18438 | D:12     | 18438 ||| SWAPPING to +4 war axe of freezing.
 18490 | D:12     | Identified the +0 cloak of Woiqox {Str+3} (Okawaru gifted
                  | it to you on level 12 of the Dungeon)
 18490 | D:12     | Received a gift from Okawaru
 18639 | D:12     | 18639 ||| INVOKING Heroism.
 18640 | D:12     | 18640 ||| INVOKING Finesse.
 18763 | D:12     | 18763 ||| Stepping ~*~*~tactically~*~*~ (stealth).
 18765 | D:12     | 18765 ||| Stepping ~*~*~tactically~*~*~ (stealth).
 18773 | D:12     | 18773 ||| INVOKING Heroism.
 18799 | D:12     | 18799 ||| Stepping ~*~*~tactically~*~*~ (hiding).
 18983 | D:12     | 18983 ||| DROPPING +1 cloak.
 18984 | D:12     | 18984 ||| DROPPING ring "Hyopa" {Ice Will- Int+5}.
 19002 | D:13     | 19002 ||| STAIRDANCE
 19041 | D:13     | 19041 ||| STAIRDANCE
 19125 | D:13     | 19125 ||| STAIRDANCE
 19135 | D:13     | 19135 ||| INVOKING Heroism.
 19190 | D:13     | 19190 ||| Stepping ~*~*~tactically~*~*~ (hiding).
 19191 | D:13     | 19191 ||| Stepping ~*~*~tactically~*~*~ (hiding).
 19198 | D:13     | 19198 ||| Stepping ~*~*~tactically~*~*~ (hiding).
 19204 | D:13     | Reached XP level 15. HP: 94/94 MP: 22/22
 19329 | D:13     | Reached skill level 15 in Axes
 19373 | D:13     | 19373 ||| Stepping ~*~*~tactically~*~*~ (hiding).
 19377 | D:13     | 19377 ||| INVOKING Heroism.
 19389 | D:13     | 19389 ||| Stepping ~*~*~tactically~*~*~ (stealth).
 19415 | D:13     | 19415 ||| FLEEEEING.
 19416 | D:13     | 19416 ||| FLEEEEING.
 19484 | D:13     | 19484 ||| Stepping ~*~*~tactically~*~*~ (hiding).
 19489 | D:13     | 19489 ||| INVOKING Heroism.
 19491 | D:13     | 19491 ||| Stepping ~*~*~tactically~*~*~ (hiding).
 19545 | D:13     | 19545 ||| FLEEEEING.
 19554 | D:13     | 19554 ||| STAIRDANCE
 19680 | D:13     | 19680 ||| Stepping ~*~*~tactically~*~*~ (stealth).
 19681 | D:13     | 19681 ||| Stepping ~*~*~tactically~*~*~ (stealth).
 19694 | D:13     | 19694 ||| Stepping ~*~*~tactically~*~*~ (stealth).
 19703 | D:13     | 19703 ||| Stepping ~*~*~tactically~*~*~ (stealth).
 19705 | D:13     | 19705 ||| Stepping ~*~*~tactically~*~*~ (stealth).
 19729 | D:13     | 19729 ||| Stepping ~*~*~tactically~*~*~ (stealth).
 19765 | D:13     | 19765 ||| SWAPPING to +2 broad axe of electrocution.
 19766 | D:13     | 19766 ||| DROPPING +4 war axe of freezing.
 19810 | D:13     | Identified the +1 robe of Lofoen {rF+ rC+ Will+ Str+4}
 19874 | D:13     | 19874 ||| Stepping ~*~*~tactically~*~*~ (stealth).
 19880 | D:13     | Reached skill level 12 in Fighting
 19911 | D:13     | 19911 ||| Stepping ~*~*~tactically~*~*~ (stealth).
 19912 | D:13     | 19912 ||| Stepping ~*~*~tactically~*~*~ (stealth).
 19913 | D:13     | 19913 ||| Stepping ~*~*~tactically~*~*~ (stealth).
 19929 | D:13     | 19929 ||| Stepping ~*~*~tactically~*~*~ (stealth).
 19934 | D:13     | 19934 ||| Stepping ~*~*~tactically~*~*~ (stealth).
 19983 | D:13     | 19983 ||| INVOKING Heroism.
 19998 | D:13     | 19998 ||| READING scroll of enchant weapon.
 19998 | D:13     | 19998 ||| ENCHANTING +2 broad axe of electrocution.
 20036 | D:13     | 20036 ||| Stepping ~*~*~tactically~*~*~ (hiding).
 20141 | D:13     | 20141 ||| Stepping ~*~*~tactically~*~*~ (hiding).
 20409 | D:13     | Found a gate to the Vaults.
 20500 | D:13     | 20500 ||| UPGRADING to +2 kite shield.
 20510 | D:13     | 20510 ||| DROPPING +0 kite shield.
 20562 | D:14     | 20562 ||| Stepping ~*~*~tactically~*~*~ (stealth).
 20566 | D:14     | 20566 ||| FLEEEEING.
 20567 | D:14     | 20567 ||| FLEEEEING.
 20568 | D:14     | 20568 ||| FLEEEEING.
 20569 | D:14     | 20569 ||| FLEEEEING.
 20571 | D:14     | 20571 ||| FLEEEEING.
 20572 | D:14     | 20572 ||| FLEEEEING.
 20573 | D:14     | 20573 ||| FLEEEEING.
 20576 | D:14     | 20576 ||| STAIRDANCE
 20699 | D:14     | Noticed Louise
 20700 | D:14     | 20700 ||| INVOKING Heroism.
 20701 | D:14     | 20701 ||| INVOKING Finesse.
 20719 | Abyss:3  | Cast into level 3 of the Abyss (Louise)
 20754 | Abyss:3  | 20754 ||| Stepping ~*~*~tactically~*~*~ (stealth).
 20762 | Abyss:3  | Found a corrupted altar of Lugonu.
 20821 | Abyss:3  | Noticed a tentacled starspawn
 20822 | Abyss:3  | 20822 ||| INVOKING Heroism.
 20829 | Abyss:3  | 20829 ||| DRINKING 8 potions of curing.
 20829 | Abyss:3  | 20829 ||| (to cure confusion)
 20830 | Abyss:3  | Killed a tentacled starspawn
 20843 | Abyss:3  | 20843 ||| Stepping ~*~*~tactically~*~*~ (stealth).
 20845 | Abyss:3  | 20845 ||| Stepping ~*~*~tactically~*~*~ (stealth).
 20854 | Abyss:3  | 20854 ||| Stepping ~*~*~tactically~*~*~ (stealth).
 20871 | Abyss:3  | 20871 ||| Stepping ~*~*~tactically~*~*~ (stealth).
 20891 | Abyss:3  | 20891 ||| Stepping ~*~*~tactically~*~*~ (stealth).
 20894 | Abyss:3  | 20894 ||| INVOKING Heroism.
 20917 | Abyss:3  | 20917 ||| Stepping ~*~*~tactically~*~*~ (stealth).
 20927 | Abyss:3  | Received a gift from Okawaru
 20965 | Abyss:3  | Noticed a tentacled starspawn
 20972 | Abyss:3  | 20972 ||| INVOKING Heroism.
 20975 | Abyss:3  | Killed a tentacled starspawn
 20992 | Abyss:3  | 20992 ||| Stepping ~*~*~tactically~*~*~ (stealth).
 21034 | Abyss:3  | Noticed a deep elf sorcerer
 21035 | Abyss:3  | 21035 ||| INVOKING Heroism.
 21041 | Abyss:3  | Killed a deep elf sorcerer
 21045 | D:14     | Escaped the Abyss
 21046 | D:14     | 21046 ||| INVOKING Finesse.
 21058 | D:14     | Killed Louise
 21100 | D:14     | 21100 ||| INVOKING Heroism.
 21101 | D:14     | 21101 ||| INVOKING Finesse.
 21103 | D:14     | 21103 ||| SWAPPING to +2 war axe of flaming.
 21112 | D:14     | 21112 ||| SWAPPING to +3 broad axe of electrocution.
 21284 | D:14     | 21284 ||| INVOKING Heroism.
 21285 | D:14     | Received a gift from Okawaru
 21456 | D:14     | 21456 ||| INVOKING Heroism.
 21623 | D:14     | 21623 ||| INVOKING Heroism.
 21631 | D:14     | 21631 ||| READING 9 scrolls of teleportation.
 21673 | D:14     | 21673 ||| Stepping ~*~*~tactically~*~*~ (stealth).
 21855 | D:14     | 21855 ||| Stepping ~*~*~tactically~*~*~ (hiding).
 21864 | D:14     | 21864 ||| Stepping ~*~*~tactically~*~*~ (hiding).
 22050 | D:14     | Found a radiant altar of Vehumet.
 22206 | D:14     | 22206 ||| Stepping ~*~*~tactically~*~*~ (hiding).
 22253 | D:14     | 22253 ||| INVOKING Heroism.
 22378 | D:14     | Identified the +6 mace "Lostroer" {vorpal, rPois rF- rC-
                  | Int+8}
 22598 | D:14     | 22598 ||| UPGRADING to +0 tower shield.
 22608 | D:14     | 22608 ||| DROPPING +2 kite shield.
 22609 | D:14     | 22609 ||| READING scroll labelled AWAKIU XAICH.
 22629 | D:15     | Entered Level 15 of the Dungeon
 22630 | D:15     | 22630 ||| INVOKING Heroism.
 22633 | D:15     | 22633 ||| STAIRDANCE
 22675 | D:15     | 22675 ||| STAIRDANCE
 22688 | D:15     | 22688 ||| STAIRDANCE
 22694 | D:14     | 22694 ||| INVOKING Heroism.
 22807 | D:15     | 22807 ||| STAIRDANCE
 22821 | D:14     | Reached XP level 16. HP: 96/101 MP: 23/23
 22845 | D:15     | 22845 ||| STAIRDANCE
 22933 | D:15     | 22933 ||| INVOKING Heroism.
 22934 | D:15     | 22934 ||| INVOKING Finesse.
 22937 | D:15     | 22937 ||| SWAPPING to +2 war axe of flaming.
 22939 | D:15     | 22939 ||| STAIRDANCE
 22946 | D:14     | 22946 ||| SWAPPING to +3 broad axe of electrocution.
 23048 | D:15     | 23048 ||| Stepping ~*~*~tactically~*~*~ (stealth).
 23050 | D:15     | 23050 ||| Stepping ~*~*~tactically~*~*~ (stealth).
 23077 | D:15     | 23077 ||| INVOKING Heroism.
 23086 | D:15     | 23086 ||| Stepping ~*~*~tactically~*~*~ (stealth).
 23140 | D:15     | 23140 ||| Stepping ~*~*~tactically~*~*~ (hiding).
 23150 | D:15     | Identified the +4 executioner's axe "Oschengya" {vorpal,
                  | rElec rF+ rN+ Will-} (Okawaru gifted it to you on level 15
                  | of the Dungeon)
 23150 | D:15     | Received a gift from Okawaru
 23193 | D:15     | 23193 ||| INVOKING Heroism.
 23403 | D:15     | 23403 ||| Stepping ~*~*~tactically~*~*~ (stealth).
 23405 | D:15     | 23405 ||| Stepping ~*~*~tactically~*~*~ (stealth).
 23456 | D:15     | 23456 ||| INVOKING Heroism.
 23467 | D:15     | 23467 ||| INVOKING Finesse.
 23622 | D:15     | Found a staircase to the Depths.
 23623 | D:15     | 23623 ||| Stepping ~*~*~tactically~*~*~ (hiding).
 23645 | D:15     | 23645 ||| INVOKING Heroism.
 23663 | D:15     | 23663 ||| Stepping ~*~*~tactically~*~*~ (hiding).
 23667 | Abyss:3  | Cast into level 3 of the Abyss (a wizard)
 23673 | Abyss:3  | 23673 ||| Stepping ~*~*~tactically~*~*~ (stealth).
 23698 | Abyss:3  | 23698 ||| Stepping ~*~*~tactically~*~*~ (stealth).
 23700 | Abyss:3  | 23700 ||| Stepping ~*~*~tactically~*~*~ (stealth).
 23726 | Abyss:3  | Reached skill level 15 in Shields
 23733 | Abyss:3  | Noticed a tentacled starspawn
 23734 | Abyss:3  | 23734 ||| Stepping ~*~*~tactically~*~*~ (hiding).
 23735 | Abyss:3  | 23735 ||| Stepping ~*~*~tactically~*~*~ (hiding).
 23744 | Abyss:3  | 23744 ||| INVOKING Heroism.
 23747 | Abyss:3  | Killed a tentacled starspawn
 23843 | Abyss:3  | 23843 ||| INVOKING Heroism.
 23846 | Abyss:3  | 23846 ||| Stepping ~*~*~tactically~*~*~ (hiding).
 23873 | Abyss:3  | 23873 ||| Stepping ~*~*~tactically~*~*~ (stealth).
 23874 | Abyss:3  | 23874 ||| Stepping ~*~*~tactically~*~*~ (stealth).
 23877 | Abyss:3  | Noticed a tentacled starspawn
 23878 | Abyss:3  | 23878 ||| Stepping ~*~*~tactically~*~*~ (stealth).
 23883 | Abyss:3  | 23883 ||| INVOKING Heroism.
 23888 | Abyss:3  | Killed a tentacled starspawn
 23930 | Abyss:3  | 23930 ||| Stepping ~*~*~tactically~*~*~ (stealth).
 23951 | Abyss:3  | 23951 ||| Stepping ~*~*~tactically~*~*~ (stealth).
 23954 | Abyss:3  | 23954 ||| INVOKING Heroism.
 23989 | D:15     | Escaped the Abyss
 24066 | D:15     | 24066 ||| FLEEEEING.
 24067 | D:15     | 24067 ||| FLEEEEING.
 24068 | D:15     | 24068 ||| FLEEEEING.
 24069 | D:15     | 24069 ||| FLEEEEING.
 24070 | D:15     | 24070 ||| FLEEEEING.
 24071 | D:15     | 24071 ||| FLEEEEING.
 24072 | D:15     | 24072 ||| FLEEEEING.
 24073 | D:15     | 24073 ||| FLEEEEING.
 24501 | D:15     | 24501 ||| Stepping ~*~*~tactically~*~*~ (hiding).
 24503 | D:15     | 24503 ||| Stepping ~*~*~tactically~*~*~ (hiding).
 24556 | D:15     | 24556 ||| PLANNING ORC
 24647 | Orc:1    | Entered Level 1 of the Orcish Mines
 24647 | Orc:1    | Found a transporter.
 24671 | Orc:1    | 24671 ||| DRINKING 7 potions of curing.
 24671 | Orc:1    | 24671 ||| (to cure confusion)
 24801 | Orc:1    | Found a one-way gate to the infinite horrors of the Abyss.
 24801 | Orc:1    | Noticed Ullipcorian's ghost (adept MfGl)
 24807 | Orc:1    | Found a transporter.
 24839 | Orc:1    | Noticed Nergalle
 24840 | Orc:1    | 24840 ||| INVOKING Heroism.
 24854 | Orc:1    | Killed Nergalle
 24854 | Orc:1    | Received a gift from Okawaru
 24885 | Orc:1    | 24885 ||| Stepping ~*~*~tactically~*~*~ (stealth).
 24886 | Orc:1    | 24886 ||| Stepping ~*~*~tactically~*~*~ (stealth).
 24887 | Orc:1    | 24887 ||| Stepping ~*~*~tactically~*~*~ (stealth).
 24888 | Orc:1    | 24888 ||| Stepping ~*~*~tactically~*~*~ (stealth).
 25087 | Orc:1    | 25087 ||| Stepping ~*~*~tactically~*~*~ (stealth).
 25185 | Orc:2    | Entered Level 2 of the Orcish Mines
 25185 | Orc:2    | Noticed Donald
 25186 | Orc:2    | 25186 ||| INVOKING Heroism.
 25187 | Orc:2    | 25187 ||| INVOKING Finesse.
 25194 | Orc:2    | Killed Donald
 25245 | Orc:2    | 25245 ||| INVOKING Heroism.
 25248 | Orc:2    | Found Arewnob's Antique Weapon Emporium.
 25266 | Orc:2    | 25266 ||| BUYING warped broad axe (243 gold).
 25266 | Orc:2    | Bought a warped broad axe for 243 gold pieces
 25266 | Orc:2    | Identified the +5 broad axe of Spite {vorpal, Fly rElec
                  | rF++ Int+2} (You bought it in a shop on level 2 of the
                  | Orcish Mines)
 25266 | Orc:2    | 25266 ||| SWAPPING to +5 broad axe of Spite {vorpal, Fly
                  | rElec rF++ Int+2}.
 25268 | Orc:2    | Found Upelicer's Antique Armour Emporium.
 25427 | Orc:2    | 25427 ||| BUYING shiny chain mail (217 gold).
 25427 | Orc:2    | Bought a shiny chain mail for 217 gold pieces
 25427 | Orc:2    | 25427 ||| BUYING shiny plate armour (754 gold).
 25427 | Orc:2    | Bought a shiny plate armour for 754 gold pieces
 25444 | Orc:2    | 25444 ||| Stepping ~*~*~tactically~*~*~ (hiding).
 25445 | Orc:2    | 25445 ||| Stepping ~*~*~tactically~*~*~ (hiding).
 25446 | Orc:2    | 25446 ||| INVOKING Heroism.
 25447 | Orc:2    | Found Bofym's Jewellery Shop.
 25457 | Orc:2    | 25457 ||| INVOKING Finesse.
 25461 | Orc:2    | Reached skill level 6 in Throwing
 25485 | Orc:2    | HP: 23/101 [smoke demon/divine providence[an orc high
                  | priest] (14)]
 25486 | Orc:2    | 25486 ||| READING 9 scrolls of teleportation.
 25487 | Orc:2    | 25487 ||| DRINKING 2 potions of heal wounds.
 25488 | Orc:2    | 25488 ||| DRINKING potion of heal wounds.
 25491 | Orc:2    | Found Kobezut's General Store.
 25491 | Orc:2    | Found a staircase to the Elven Halls.
 25502 | Orc:2    | 25502 ||| INVOKING Heroism.
 25504 | Orc:2    | HP: 22/101 [smoke demon/divine providence[an orc high
                  | priest] (11)]
 25505 | Orc:2    | 25505 ||| READING 8 scrolls of teleportation.
 25507 | Orc:2    | HP: 8/101 [orc high priest/divine providence (15)]
 25516 | Orc:2    | 25516 ||| FLEEEEING.
 25517 | Orc:2    | 25517 ||| FLEEEEING.
 25518 | Orc:2    | 25518 ||| FLEEEEING.
 25519 | Orc:2    | 25519 ||| FLEEEEING.
 25520 | Orc:2    | 25520 ||| FLEEEEING.
 25521 | Orc:2    | 25521 ||| FLEEEEING.
 25524 | Orc:2    | 25524 ||| STAIRDANCE
 25866 | Orc:1    | 25866 ||| UPGRADING to +0 cloak of Woiqox {Str+3}.
 25876 | Orc:1    | 25876 ||| DROPPING +2 chain mail of positive energy.
 25879 | Orc:2    | 25879 ||| STAIRDANCE
 25881 | Orc:1    | 25881 ||| INVOKING Heroism.
 25882 | Orc:1    | 25882 ||| INVOKING Finesse.
 25948 | Orc:2    | 25948 ||| INVOKING Heroism.
 26051 | Orc:2    | 26051 ||| BUYING +6 ring of dexterity (468 gold).
 26051 | Orc:2    | Bought a +6 ring of dexterity for 468 gold pieces
 26051 | Orc:2    | 26051 ||| BUYING ring "Hohugeol" {+Blink rC+ rN+} (533
                  | gold).
 26051 | Orc:2    | Bought the ring "Hohugeol" {+Blink rC+ rN+} for 533 gold
                  | pieces
 26061 | Orc:2    | 26061 ||| INVOKING Heroism.
 26093 | Orc:2    | 26093 ||| INVOKING Heroism.
 26107 | Orc:2    | 26107 ||| BUYING scroll of identify (26 gold).
 26107 | Orc:2    | Bought a scroll of identify for 26 gold pieces
 26107 | Orc:2    | 26107 ||| BUYING scroll of teleportation (39 gold).
 26107 | Orc:2    | Bought a scroll of teleportation for 39 gold pieces
 26385 | Orc:2    | 26385 ||| PLANNING SPIDER:1-3
 26385 | Orc:2    | 26385 ||| DROPPING ring of ice.
 26386 | Orc:2    | 26386 ||| DROPPING ring of willpower.
 26387 | Orc:2    | 26387 ||| UPGRADING to ring "Hohugeol" {+Blink rC+ rN+}.
 26538 | Spider:1 | Entered Level 1 of the Spider Nest
 26538 | Spider:1 | Noticed Azrael
 26539 | Spider:1 | 26539 ||| INVOKING Heroism.
 26540 | Spider:1 | 26540 ||| INVOKING Finesse.
 26551 | Spider:1 | Received a gift from Okawaru
 26561 | Spider:1 | Killed Azrael
 26566 | Spider:1 | Noticed Kirke
 26585 | Spider:1 | Killed Kirke
 26830 | Spider:1 | 26830 ||| INVOKING Heroism.
 26850 | Spider:1 | 26850 ||| INVOKING Heroism.
 26993 | Spider:1 | 26993 ||| INVOKING Heroism.
 26999 | Spider:1 | Reached XP level 17. HP: 105/106 MP: 22/24
 27049 | Spider:1 | 27049 ||| Stepping ~*~*~tactically~*~*~ (hiding).
 27050 | Spider:1 | 27050 ||| INVOKING Heroism.
 27155 | Spider:1 | 27155 ||| INVOKING Finesse.
 27223 | Spider:1 | 27223 ||| Stepping ~*~*~tactically~*~*~ (stealth).
 27248 | Spider:1 | 27248 ||| Stepping ~*~*~tactically~*~*~ (stealth).
 27436 | Spider:1 | 27436 ||| INVOKING Heroism.
 27473 | Spider:1 | 27473 ||| Stepping ~*~*~tactically~*~*~ (stealth).
 27477 | Spider:1 | 27477 ||| Stepping ~*~*~tactically~*~*~ (stealth).
 27547 | Spider:1 | 27547 ||| INVOKING Heroism.
 27575 | Spider:1 | 27575 ||| Stepping ~*~*~tactically~*~*~ (stealth).
 27966 | Spider:1 | 27966 ||| DROPPING +6 ring of dexterity.
 27967 | Spider:1 | 27967 ||| DROPPING ring of see invisible.
 27968 | Spider:1 | 27968 ||| UPGRADING to +4 ring of slaying {mikee}.
 27970 | Spider:1 | 27970 ||| UPGRADING to scarf of resistance.
 27980 | Spider:1 | 27980 ||| READING 3 scrolls labelled BELURA MONOLEF.
 27981 | Spider:1 | 27981 ||| DROPPING 26 boomerangs.
 28019 | Spider:2 | 28019 ||| INVOKING Heroism.
 28022 | Spider:2 | 28022 ||| STAIRDANCE
 28027 | Spider:1 | Received a gift from Okawaru
 28066 | Spider:2 | 28066 ||| STAIRDANCE
 28128 | Spider:2 | 28128 ||| Stepping ~*~*~tactically~*~*~ (stealth).
 28137 | Spider:2 | 28137 ||| Stepping ~*~*~tactically~*~*~ (stealth).
 28138 | Spider:2 | 28138 ||| Stepping ~*~*~tactically~*~*~ (stealth).
 28139 | Spider:2 | 28139 ||| Stepping ~*~*~tactically~*~*~ (stealth).
 28142 | Spider:2 | 28142 ||| Stepping ~*~*~tactically~*~*~ (stealth).
 28213 | Spider:2 | 28213 ||| DRINKING 6 potions of curing.
 28213 | Spider:2 | 28213 ||| (to cure confusion)
 28280 | Spider:2 | 28280 ||| Stepping ~*~*~tactically~*~*~ (stealth).
 28424 | Spider:2 | 28424 ||| Stepping ~*~*~tactically~*~*~ (stealth).
 28427 | Spider:2 | 28427 ||| Stepping ~*~*~tactically~*~*~ (stealth).
 28430 | Spider:2 | 28430 ||| Stepping ~*~*~tactically~*~*~ (stealth).
 28479 | Spider:2 | 28479 ||| Stepping ~*~*~tactically~*~*~ (stealth).
 28531 | Spider:2 | 28531 ||| Stepping ~*~*~tactically~*~*~ (stealth).
 28532 | Spider:2 | 28532 ||| Stepping ~*~*~tactically~*~*~ (stealth).
 28533 | Spider:2 | 28533 ||| INVOKING Finesse.
 28537 | Spider:2 | 28537 ||| INVOKING Heroism.
 28649 | Spider:2 | 28649 ||| Stepping ~*~*~tactically~*~*~ (stealth).
 28650 | Spider:2 | 28650 ||| Stepping ~*~*~tactically~*~*~ (stealth).
 28654 | Spider:2 | 28654 ||| INVOKING Heroism.
 28657 | Spider:2 | 28657 ||| INVOKING Finesse.
 28689 | Spider:2 | 28689 ||| Stepping ~*~*~tactically~*~*~ (stealth).
 28726 | Spider:2 | 28726 ||| Stepping ~*~*~tactically~*~*~ (stealth).
 28728 | Spider:2 | 28728 ||| Stepping ~*~*~tactically~*~*~ (stealth).
 28732 | Spider:2 | 28732 ||| INVOKING Heroism.
 28862 | Spider:2 | 28862 ||| Stepping ~*~*~tactically~*~*~ (stealth).
 29082 | Spider:2 | 29082 ||| Stepping ~*~*~tactically~*~*~ (stealth).
 29328 | Spider:3 | 29328 ||| STAIRDANCE
 29372 | Spider:3 | 29372 ||| STAIRDANCE
 29386 | Spider:3 | 29386 ||| STAIRDANCE
 29393 | Spider:3 | 29393 ||| STAIRDANCE
 29399 | Spider:3 | 29399 ||| STAIRDANCE
 29424 | Spider:3 | 29424 ||| INVOKING Heroism.
 29433 | Spider:3 | Identified the +7 quarterstaff of Bankruptcy {flame, rC+
                  | Stlth+} (Okawaru gifted it to you on level 3 of the Spider
                  | Nest)
 29433 | Spider:3 | Received a gift from Okawaru
 29686 | Spider:3 | 29686 ||| Stepping ~*~*~tactically~*~*~ (stealth).
 29687 | Spider:3 | 29687 ||| INVOKING Heroism.
 29691 | Spider:3 | 29691 ||| Stepping ~*~*~tactically~*~*~ (stealth).
 29770 | Spider:3 | 29770 ||| Stepping ~*~*~tactically~*~*~ (hiding).
 29893 | Spider:3 | 29893 ||| Stepping ~*~*~tactically~*~*~ (stealth).
 29894 | Spider:3 | 29894 ||| Stepping ~*~*~tactically~*~*~ (stealth).
 29896 | Spider:3 | 29896 ||| INVOKING Heroism.
 29928 | Spider:3 | HP: 8/108 [disintegration (36)]
 29929 | Spider:3 | 29929 ||| READING 10 scrolls of teleportation.
 29930 | Spider:3 | 29930 ||| DRINKING potion of heal wounds.
 30210 | Spider:3 | 30210 ||| Stepping ~*~*~tactically~*~*~ (stealth).
 30211 | Spider:3 | 30211 ||| INVOKING Heroism.
 30341 | Spider:3 | 30341 ||| FLEEEEING.
 30342 | Spider:3 | 30342 ||| FLEEEEING.
 30345 | Spider:3 | 30345 ||| INVOKING Heroism.
 30614 | Spider:3 | 30614 ||| PLANNING SHOALS:1-3
 30728 | Shoals:1 | Entered Level 1 of the Shoals
 30729 | Shoals:1 | 30729 ||| INVOKING Heroism.
 30738 | Shoals:1 | Reached skill level 18 in Axes
 30751 | Shoals:1 | Received a gift from Okawaru
 30829 | Shoals:1 | 30829 ||| INVOKING Heroism.
 30888 | Shoals:1 | 30888 ||| Stepping ~*~*~tactically~*~*~ (hiding).
 30889 | Shoals:1 | 30889 ||| Stepping ~*~*~tactically~*~*~ (hiding).
 30899 | Shoals:1 | Noticed Josephine
 30900 | Shoals:1 | 30900 ||| INVOKING Heroism.
 30902 | Shoals:1 | Reached XP level 18. HP: 114/114 MP: 22/25
 30912 | Shoals:1 | Killed Josephine
 30913 | Shoals:1 | Reached skill level 12 in Armour
 30914 | Shoals:1 | Identified the +1 chain mail of Leaves {Dex+8} (Okawaru
                  | gifted it to you on level 1 of the Shoals)
 30914 | Shoals:1 | Received a gift from Okawaru
 30918 | Shoals:1 | 30918 ||| DROPPING +2 war axe of flaming.
 31006 | Shoals:1 | 31006 ||| INVOKING Heroism.
 31193 | Shoals:1 | 31193 ||| INVOKING Heroism.
 31356 | Shoals:1 | Found Archepamm's Distillery.
 31361 | Shoals:1 | 31361 ||| Stepping ~*~*~tactically~*~*~ (hiding).
 31364 | Shoals:1 | 31364 ||| INVOKING Heroism.
 31433 | Shoals:1 | 31433 ||| BUYING potion of curing (48 gold).
 31433 | Shoals:1 | Bought a potion of curing for 48 gold pieces
 31433 | Shoals:1 | 31433 ||| BUYING potion of curing (48 gold).
 31433 | Shoals:1 | Bought a potion of curing for 48 gold pieces
 31433 | Shoals:1 | 31433 ||| BUYING potion of haste (160 gold).
 31433 | Shoals:1 | Bought a potion of haste for 160 gold pieces
 31433 | Shoals:1 | 31433 ||| BUYING potion of haste (160 gold).
 31433 | Shoals:1 | Bought a potion of haste for 160 gold pieces
 31433 | Shoals:1 | 31433 ||| BUYING potion of haste (160 gold).
 31433 | Shoals:1 | Bought a potion of haste for 160 gold pieces
 31433 | Shoals:1 | 31433 ||| BUYING potion of might (64 gold).
 31433 | Shoals:1 | Bought a potion of might for 64 gold pieces
 31600 | Shoals:1 | 31600 ||| Stepping ~*~*~tactically~*~*~ (stealth).
 31602 | Shoals:1 | 31602 ||| Stepping ~*~*~tactically~*~*~ (hiding).
 31605 | Shoals:1 | 31605 ||| Stepping ~*~*~tactically~*~*~ (hiding).
 31608 | Shoals:1 | 31608 ||| INVOKING Heroism.
 31679 | Shoals:1 | 31679 ||| READING scroll of enchant armour.
 31679 | Shoals:1 | 31679 ||| ENCHANTING +0 helmet.
 31696 | Shoals:1 | You are sucked into a shaft and drop 1 floor!
 31705 | Shoals:2 | 31705 ||| Stepping ~*~*~tactically~*~*~ (hiding).
 31717 | Shoals:2 | 31717 ||| Stepping ~*~*~tactically~*~*~ (hiding).
 31718 | Shoals:2 | 31718 ||| Stepping ~*~*~tactically~*~*~ (hiding).
 31738 | Shoals:2 | 31738 ||| DROPPING +1 chain mail of Leaves {Dex+8}.
 31739 | Shoals:2 | 31739 ||| READING 7 scrolls of identify.
 31739 | Shoals:2 | 31739 ||| IDENTIFYING white potion
 31740 | Shoals:2 | 31740 ||| DROPPING potion of invisibility.
 31788 | Shoals:1 | Noticed a titan
 31789 | Shoals:1 | 31789 ||| INVOKING Heroism.
 31790 | Shoals:1 | 31790 ||| INVOKING Finesse.
 31801 | Shoals:1 | Reached skill level 18 in Shields
 31933 | Shoals:1 | 31933 ||| INVOKING Heroism.
 31939 | Shoals:1 | Killed a titan
 32223 | Shoals:2 | 32223 ||| INVOKING Heroism.
 32378 | Shoals:2 | Found a transporter.
 32386 | Shoals:2 | Found a transporter.
 32408 | Shoals:2 | 32408 ||| INVOKING Heroism.
 32409 | Shoals:2 | 32409 ||| INVOKING Finesse.
 32700 | Shoals:2 | 32700 ||| INVOKING Heroism.
 32702 | Shoals:2 | Found a transporter.
 32708 | Shoals:2 | 32708 ||| Stepping ~*~*~tactically~*~*~ (hiding).
 32710 | Shoals:2 | 32710 ||| Stepping ~*~*~tactically~*~*~ (hiding).
 32717 | Shoals:2 | 32717 ||| Stepping ~*~*~tactically~*~*~ (hiding).
 32730 | Shoals:2 | Found a transporter.
 32775 | Shoals:2 | Found a transporter.
 32775 | Shoals:2 | Found a transporter.
 33053 | Shoals:2 | 33053 ||| DROPPING amulet of the acrobat.
 33137 | Shoals:3 | 33137 ||| Stepping ~*~*~tactically~*~*~ (hiding).
 33166 | Shoals:3 | 33166 ||| INVOKING Heroism.
 33171 | Shoals:3 | 33171 ||| INVOKING Finesse.
 33191 | Shoals:3 | 33191 ||| Stepping ~*~*~tactically~*~*~ (hiding).
 33200 | Shoals:3 | 33200 ||| INVOKING Heroism.
 33246 | Shoals:3 | 33246 ||| Stepping ~*~*~tactically~*~*~ (hiding).
 33312 | Shoals:3 | 33312 ||| INVOKING Heroism.
 33346 | Shoals:3 | 33346 ||| INVOKING Heroism.
 33602 | Shoals:3 | 33602 ||| Stepping ~*~*~tactically~*~*~ (stealth).
 33624 | Shoals:3 | 33624 ||| Stepping ~*~*~tactically~*~*~ (hiding).
 33809 | Shoals:3 | Received a gift from Okawaru
 33892 | Shoals:3 | 33892 ||| DROPPING +6 vorpal broad axe.
 33898 | Shoals:3 | 33898 ||| INVOKING Heroism.
 34006 | Shoals:3 | Noticed Polyphemus
 34007 | Shoals:3 | 34007 ||| INVOKING Heroism.
 34008 | Shoals:3 | 34008 ||| INVOKING Finesse.
 34020 | Shoals:3 | Killed Polyphemus
 34277 | Shoals:3 | 34277 ||| PLANNING SPIDER:4
 34277 | Shoals:3 | 34277 ||| DROPPING +0 chain mail of cold resistance.
 34562 | Spider:4 | Entered Level 4 of the Spider Nest
 34589 | Spider:4 | 34589 ||| Stepping ~*~*~tactically~*~*~ (stealth).
 34591 | Spider:4 | 34591 ||| INVOKING Heroism.
 34707 | Spider:4 | 34707 ||| INVOKING Heroism.
 34728 | Spider:4 | 34728 ||| Stepping ~*~*~tactically~*~*~ (stealth).
 34739 | Spider:4 | 34739 ||| Stepping ~*~*~tactically~*~*~ (stealth).
 34767 | Spider:4 | 34767 ||| Stepping ~*~*~tactically~*~*~ (stealth).
 34923 | Spider:4 | 34923 ||| Stepping ~*~*~tactically~*~*~ (stealth).
 34925 | Spider:4 | 34925 ||| Stepping ~*~*~tactically~*~*~ (stealth).
 34926 | Spider:4 | 34926 ||| INVOKING Finesse.
 34930 | Spider:4 | 34930 ||| INVOKING Heroism.
 34939 | Spider:4 | Reached skill level 15 in Fighting
 34973 | Spider:4 | Reached XP level 19. HP: 113/124 MP: 4/26
 35041 | Spider:4 | 35041 ||| Stepping ~*~*~tactically~*~*~ (stealth).
 35043 | Spider:4 | 35043 ||| Stepping ~*~*~tactically~*~*~ (stealth).
 35044 | Spider:4 | 35044 ||| Stepping ~*~*~tactically~*~*~ (stealth).
 35050 | Spider:4 | 35050 ||| Stepping ~*~*~tactically~*~*~ (stealth).
 35052 | Spider:4 | 35052 ||| Stepping ~*~*~tactically~*~*~ (stealth).
 35146 | Spider:4 | 35146 ||| Stepping ~*~*~tactically~*~*~ (stealth).
 35181 | Spider:4 | 35181 ||| Stepping ~*~*~tactically~*~*~ (stealth).
 35230 | Spider:4 | 35230 ||| Stepping ~*~*~tactically~*~*~ (stealth).
 35268 | Spider:4 | 35268 ||| INVOKING Finesse.
 35293 | Spider:4 | 35293 ||| DROPPING ring "Sabu" {Fly MP+9 Str-2 Dex+9}.
 35301 | Spider:4 | 35301 ||| INVOKING Heroism.
 35302 | Spider:4 | 35302 ||| Stepping ~*~*~tactically~*~*~ (stealth).
 35328 | Spider:4 | 35328 ||| Stepping ~*~*~tactically~*~*~ (stealth).
 35404 | Spider:4 | 35404 ||| Stepping ~*~*~tactically~*~*~ (stealth).
 35405 | Spider:4 | 35405 ||| INVOKING Finesse.
 35409 | Spider:4 | Received a gift from Okawaru
 35412 | Spider:4 | 35412 ||| INVOKING Heroism.
 35437 | Spider:4 | 35437 ||| Stepping ~*~*~tactically~*~*~ (hiding).
 35606 | Spider:4 | 35606 ||| INVOKING Heroism.
 35771 | Spider:4 | Identified the ring of Qixkuan {Fly rElec rF- rCorr Dex+8}
 35786 | Spider:4 | Got a gossamer rune of Zot
 35802 | Spider:4 | 35802 ||| INVOKING Heroism.
 35901 | Spider:4 | 35901 ||| Stepping ~*~*~tactically~*~*~ (stealth).
 35903 | Spider:4 | 35903 ||| INVOKING Heroism.
 35946 | Spider:4 | 35946 ||| Stepping ~*~*~tactically~*~*~ (stealth).
 36276 | Spider:4 | 36276 ||| PLANNING VAULTS:1-4
 36276 | Spider:4 | 36276 ||| DROPPING scarf of resistance.
 36511 | Vaults:1 | Entered Level 1 of the Vaults
 36516 | Vaults:1 | Received a gift from Okawaru
 36543 | Vaults:1 | 36543 ||| INVOKING Heroism.
 36561 | Vaults:1 | Received a gift from Okawaru
 36759 | Vaults:1 | 36759 ||| Stepping ~*~*~tactically~*~*~ (stealth).
 36761 | Vaults:1 | 36761 ||| INVOKING Heroism.
 36957 | Vaults:1 | 36957 ||| INVOKING Finesse.
 36959 | Vaults:1 | 36959 ||| INVOKING Heroism.
 37024 | Vaults:1 | 37024 ||| INVOKING Heroism.
 37086 | Vaults:1 | Received a gift from Okawaru
 37087 | Vaults:1 | 37087 ||| Stepping ~*~*~tactically~*~*~ (stealth).
 37094 | Vaults:1 | 37094 ||| Stepping ~*~*~tactically~*~*~ (stealth).
 37097 | Vaults:1 | 37097 ||| Stepping ~*~*~tactically~*~*~ (stealth).
 37098 | Vaults:1 | 37098 ||| Stepping ~*~*~tactically~*~*~ (stealth).
 37116 | Vaults:1 | 37116 ||| Stepping ~*~*~tactically~*~*~ (stealth).
 37199 | Vaults:1 | 37199 ||| Stepping ~*~*~tactically~*~*~ (hiding).
 37203 | Vaults:1 | 37203 ||| Stepping ~*~*~tactically~*~*~ (hiding).
 37230 | Vaults:1 | 37230 ||| INVOKING Heroism.
 37242 | Vaults:1 | Received a gift from Okawaru
 37521 | Vaults:1 | 37521 ||| INVOKING Heroism.
 37851 | Vaults:1 | Reached skill level 9 in Throwing
 38024 | Vaults:2 | Identified the +0 buckler "Edeastin" {-Cast Str+6 Dex-5
                  | SInv} (Okawaru gifted it to you on level 2 of the Vaults)
 38024 | Vaults:2 | Received a gift from Okawaru
 38038 | Vaults:2 | 38038 ||| INVOKING Heroism.
 38172 | Vaults:2 | 38172 ||| Stepping ~*~*~tactically~*~*~ (hiding).
 38221 | Vaults:2 | Identified the +1 leather armour "Higi" {+Inv Int-5 SInv}
 38263 | Vaults:2 | 38263 ||| Stepping ~*~*~tactically~*~*~ (hiding).
 38403 | Vaults:2 | 38403 ||| Stepping ~*~*~tactically~*~*~ (stealth).
 38431 | Vaults:2 | 38431 ||| INVOKING Heroism.
 38448 | Vaults:2 | 38448 ||| Stepping ~*~*~tactically~*~*~ (stealth).
 38460 | Vaults:2 | Reached XP level 20. HP: 111/132 MP: 27/27
 38545 | Vaults:2 | 38545 ||| Stepping ~*~*~tactically~*~*~ (hiding).
 38627 | Vaults:2 | Found a staircase to the Crypt.
 38627 | Vaults:2 | Found an ancient bone altar of Kikubaaqudgha.
 38628 | Vaults:2 | Found a basalt altar of Yredelemnul.
 38654 | Vaults:2 | 38654 ||| INVOKING Heroism.
 38658 | Vaults:2 | 38658 ||| Stepping ~*~*~tactically~*~*~ (hiding).
 38927 | Vaults:2 | 38927 ||| INVOKING Heroism.
 38970 | Vaults:2 | 38970 ||| INVOKING Heroism.
 39028 | Vaults:2 | Reached skill level 15 in Armour
 39036 | Vaults:2 | 39036 ||| Stepping ~*~*~tactically~*~*~ (hiding).
 39040 | Vaults:2 | Received a gift from Okawaru
 39048 | Vaults:2 | 39048 ||| FLEEEEING.
 39049 | Vaults:2 | 39049 ||| FLEEEEING.
 39050 | Vaults:2 | 39050 ||| FLEEEEING.
 39051 | Vaults:2 | 39051 ||| FLEEEEING.
 39052 | Vaults:2 | 39052 ||| FLEEEEING.
 39053 | Vaults:2 | 39053 ||| FLEEEEING.
 39055 | Vaults:2 | 39055 ||| FLEEEEING.
 39056 | Vaults:2 | 39056 ||| FLEEEEING.
 39057 | Vaults:2 | 39057 ||| FLEEEEING.
 39058 | Vaults:2 | 39058 ||| FLEEEEING.
 39059 | Vaults:2 | 39059 ||| FLEEEEING.
 39060 | Vaults:2 | 39060 ||| FLEEEEING.
 39061 | Vaults:2 | 39061 ||| FLEEEEING.
 39067 | Vaults:2 | 39067 ||| FLEEEEING.
 39068 | Vaults:2 | 39068 ||| FLEEEEING.
 39069 | Vaults:2 | 39069 ||| FLEEEEING.
 39070 | Vaults:2 | 39070 ||| FLEEEEING.
 39071 | Vaults:2 | 39071 ||| FLEEEEING.
 39072 | Vaults:2 | 39072 ||| FLEEEEING.
 39073 | Vaults:2 | 39073 ||| FLEEEEING.
 39085 | Vaults:2 | 39085 ||| FLEEEEING.
 39086 | Vaults:2 | 39086 ||| FLEEEEING.
 39087 | Vaults:2 | 39087 ||| FLEEEEING.
 39088 | Vaults:2 | 39088 ||| FLEEEEING.
 39089 | Vaults:2 | 39089 ||| FLEEEEING.
 39091 | Vaults:2 | 39091 ||| FLEEEEING.
 39092 | Vaults:2 | 39092 ||| FLEEEEING.
 39093 | Vaults:2 | 39093 ||| FLEEEEING.
 39094 | Vaults:2 | 39094 ||| FLEEEEING.
 39098 | Vaults:2 | 39098 ||| FLEEEEING.
 39099 | Vaults:2 | 39099 ||| FLEEEEING.
 39106 | Vaults:2 | 39106 ||| Stepping ~*~*~tactically~*~*~ (hiding).
 39108 | Vaults:2 | 39108 ||| Stepping ~*~*~tactically~*~*~ (hiding).
 39109 | Vaults:2 | 39109 ||| INVOKING Heroism.
 39389 | Vaults:2 | Identified the +4 mace "Oruw Mifac" {vorpal, rC+ Str+4
                  | Dex-3}
 39495 | Vaults:2 | You are sucked into a shaft and drop 2 floors!
 39499 | Vaults:4 | 39499 ||| Stepping ~*~*~tactically~*~*~ (hiding).
 39527 | Vaults:4 | 39527 ||| Stepping ~*~*~tactically~*~*~ (stealth).
 39530 | Vaults:4 | 39530 ||| Stepping ~*~*~tactically~*~*~ (stealth).
 39533 | Vaults:4 | 39533 ||| Stepping ~*~*~tactically~*~*~ (hiding).
 39534 | Vaults:4 | 39534 ||| Stepping ~*~*~tactically~*~*~ (hiding).
 39550 | Vaults:4 | 39550 ||| INVOKING Finesse.
 39552 | Vaults:4 | 39552 ||| Stepping ~*~*~tactically~*~*~ (stealth).
 39658 | Vaults:4 | 39658 ||| Stepping ~*~*~tactically~*~*~ (stealth).
 39660 | Vaults:4 | 39660 ||| Stepping ~*~*~tactically~*~*~ (hiding).
 39662 | Vaults:4 | 39662 ||| Stepping ~*~*~tactically~*~*~ (hiding).
 39663 | Vaults:4 | 39663 ||| Stepping ~*~*~tactically~*~*~ (hiding).
 39664 | Vaults:4 | 39664 ||| Stepping ~*~*~tactically~*~*~ (hiding).
 39665 | Vaults:4 | 39665 ||| Stepping ~*~*~tactically~*~*~ (hiding).
 39669 | Vaults:4 | 39669 ||| Stepping ~*~*~tactically~*~*~ (hiding).
 39671 | Vaults:4 | 39671 ||| INVOKING Heroism.
 39673 | Vaults:4 | 39673 ||| Stepping ~*~*~tactically~*~*~ (hiding).
 39682 | Vaults:4 | Received a gift from Okawaru
 39692 | Vaults:4 | 39692 ||| Stepping ~*~*~tactically~*~*~ (stealth).
 39946 | Vaults:4 | 39946 ||| Stepping ~*~*~tactically~*~*~ (hiding).
 39950 | Vaults:4 | Paralysed by a great orb of eyes for 4 turns
 39957 | Vaults:4 | 39957 ||| INVOKING Heroism.
 40467 | Vaults:4 | 40467 ||| DROPPING 9 boomerangs.
 40524 | Vaults:3 | Noticed Sojobo
 40525 | Vaults:3 | 40525 ||| INVOKING Heroism.
 40526 | Vaults:3 | 40526 ||| INVOKING Finesse.
 40536 | Vaults:3 | Killed Sojobo
 40621 | Vaults:3 | 40621 ||| Stepping ~*~*~tactically~*~*~ (hiding).
 40832 | Vaults:3 | 40832 ||| FLEEEEING.
 40833 | Vaults:3 | 40833 ||| FLEEEEING.
 40838 | Vaults:3 | 40838 ||| FLEEEEING.
 40839 | Vaults:3 | 40839 ||| FLEEEEING.
 40840 | Vaults:3 | 40840 ||| FLEEEEING.
 40841 | Vaults:3 | 40841 ||| FLEEEEING.
 40842 | Vaults:3 | 40842 ||| FLEEEEING.
 40843 | Vaults:3 | 40843 ||| FLEEEEING.
 40849 | Vaults:3 | 40849 ||| FLEEEEING.
 40850 | Vaults:3 | 40850 ||| FLEEEEING.
 40859 | Vaults:3 | 40859 ||| STAIRDANCE
 40978 | Vaults:3 | 40978 ||| Stepping ~*~*~tactically~*~*~ (stealth).
 40980 | Vaults:3 | 40980 ||| INVOKING Heroism.
 40983 | Vaults:3 | 40983 ||| INVOKING Finesse.
 40985 | Vaults:3 | 40985 ||| Stepping ~*~*~tactically~*~*~ (hiding).
 41008 | Vaults:3 | Noticed Margery
 41022 | Vaults:3 | Reached skill level 9 in Dodging
 41042 | Vaults:3 | Killed Margery
 41340 | Vaults:3 | 41340 ||| INVOKING Heroism.
 41475 | Vaults:3 | 41475 ||| Stepping ~*~*~tactically~*~*~ (hiding).
 41565 | Vaults:3 | 41565 ||| INVOKING Heroism.
 41580 | Vaults:3 | Found Poas's Weapon Shoppe.
 41604 | Vaults:3 | 41604 ||| Stepping ~*~*~tactically~*~*~ (hiding).
 41608 | Vaults:3 | 41608 ||| Stepping ~*~*~tactically~*~*~ (hiding).
 41612 | Vaults:3 | 41612 ||| INVOKING Heroism.
 41633 | Vaults:3 | 41633 ||| INVOKING Finesse.
 41636 | Vaults:3 | Reached skill level 18 in Fighting
 41636 | Vaults:3 | 41636 ||| Stepping ~*~*~tactically~*~*~ (hiding).
 41637 | Vaults:3 | 41637 ||| FLEEEEING.
 41638 | Vaults:3 | 41638 ||| Stepping ~*~*~tactically~*~*~ (hiding).
 41656 | Vaults:3 | 41656 ||| INVOKING Heroism.
 41672 | Vaults:3 | Identified the +2 pair of gloves "Talaff" {Int+6 SInv}
                  | (Okawaru gifted it to you on level 3 of the Vaults)
 41672 | Vaults:3 | Received a gift from Okawaru
 41674 | Vaults:3 | Paralysed by a great orb of eyes for 5 turns
 41680 | Vaults:3 | 41680 ||| DRINKING 11 potions of curing.
 41680 | Vaults:3 | 41680 ||| (to cure confusion)
 41685 | Vaults:3 | Reached XP level 21. HP: 61/141 MP: 25/28
 41721 | Vaults:3 | 41721 ||| FLEEEEING.
 41722 | Vaults:3 | 41722 ||| FLEEEEING.
 41723 | Vaults:3 | 41723 ||| FLEEEEING.
 41741 | Vaults:3 | Noticed Boris
 41742 | Vaults:3 | 41742 ||| INVOKING Finesse.
 41748 | Vaults:3 | 41748 ||| INVOKING Heroism.
 41755 | Vaults:3 | Killed Boris
 42356 | Vaults:3 | 42356 ||| FLEEEEING.
 42357 | Vaults:3 | 42357 ||| FLEEEEING.
 42358 | Vaults:3 | 42358 ||| FLEEEEING.
 42359 | Vaults:3 | 42359 ||| FLEEEEING.
 42361 | Vaults:3 | 42361 ||| FLEEEEING.
 42362 | Vaults:3 | 42362 ||| FLEEEEING.
 42363 | Vaults:3 | 42363 ||| FLEEEEING.
 42364 | Vaults:3 | 42364 ||| FLEEEEING.
 42365 | Vaults:3 | 42365 ||| FLEEEEING.
 42366 | Vaults:3 | 42366 ||| FLEEEEING.
 42367 | Vaults:3 | 42367 ||| FLEEEEING.
 42368 | Vaults:3 | 42368 ||| FLEEEEING.
 42369 | Vaults:3 | 42369 ||| FLEEEEING.
 42371 | Vaults:3 | 42371 ||| FLEEEEING.
 42372 | Vaults:3 | 42372 ||| FLEEEEING.
 42373 | Vaults:3 | 42373 ||| FLEEEEING.
 42374 | Vaults:3 | 42374 ||| FLEEEEING.
 42375 | Vaults:3 | 42375 ||| FLEEEEING.
 42376 | Vaults:3 | 42376 ||| FLEEEEING.
 42377 | Vaults:3 | 42377 ||| FLEEEEING.
 42379 | Vaults:3 | 42379 ||| FLEEEEING.
 42380 | Vaults:3 | 42380 ||| STAIRDANCE
 42650 | Vaults:3 | 42650 ||| INVOKING Heroism.
 42664 | Vaults:3 | HP: 25/142 [ironbound thunderhulk/bolt of lightning (21)]
 42665 | Vaults:3 | 42665 ||| READING 10 scrolls of teleportation.
 42666 | Vaults:3 | 42666 ||| DRINKING 2 potions of heal wounds.
 42670 | Vaults:3 | HP: 34/142 [ironbound thunderhulk/+0 dire flail (4)]
 42671 | Vaults:3 | 42671 ||| DRINKING potion of heal wounds.
 42956 | Vaults:3 | 42956 ||| Stepping ~*~*~tactically~*~*~ (hiding).
 42966 | Vaults:3 | 42966 ||| Stepping ~*~*~tactically~*~*~ (hiding).
 42973 | Vaults:3 | 42973 ||| INVOKING Heroism.
 42976 | Vaults:3 | 42976 ||| Stepping ~*~*~tactically~*~*~ (hiding).
 43173 | Vaults:4 | 43173 ||| DRINKING 10 potions of curing.
 43173 | Vaults:4 | 43173 ||| (to cure confusion)
 43176 | Vaults:4 | 43176 ||| INVOKING Heroism.
 43230 | Vaults:4 | Received a gift from Okawaru
 43444 | Vaults:4 | Found Qecwaocs's Antique Weapon Boutique.
 43497 | Vaults:4 | 43497 ||| Stepping ~*~*~tactically~*~*~ (hiding).
 43498 | Vaults:4 | 43498 ||| Stepping ~*~*~tactically~*~*~ (hiding).
 43538 | Vaults:4 | 43538 ||| Stepping ~*~*~tactically~*~*~ (stealth).
 43540 | Vaults:4 | 43540 ||| Stepping ~*~*~tactically~*~*~ (hiding).
 43571 | Vaults:4 | 43571 ||| Stepping ~*~*~tactically~*~*~ (stealth).
 43625 | Vaults:4 | 43625 ||| INVOKING Heroism.
 43669 | Vaults:4 | 43669 ||| INVOKING Heroism.
 43673 | Vaults:4 | HP: 19/144 [orc warrior/+0 trident (19)]
 43674 | Vaults:4 | 43674 ||| READING 9 scrolls of teleportation.
 43773 | Vaults:4 | 43773 ||| Stepping ~*~*~tactically~*~*~ (hiding).
 43774 | Vaults:4 | 43774 ||| INVOKING Heroism.
 44067 | Vaults:4 | 44067 ||| INVOKING Heroism.
 44134 | Vaults:4 | 44134 ||| INVOKING Heroism.
 44223 | Vaults:4 | 44223 ||| Stepping ~*~*~tactically~*~*~ (hiding).
 44225 | Vaults:4 | 44225 ||| Stepping ~*~*~tactically~*~*~ (hiding).
 44263 | Vaults:4 | 44263 ||| Stepping ~*~*~tactically~*~*~ (stealth).
 44267 | Vaults:4 | 44267 ||| Stepping ~*~*~tactically~*~*~ (hiding).
 44309 | Vaults:4 | 44309 ||| Stepping ~*~*~tactically~*~*~ (stealth).
 44311 | Vaults:4 | 44311 ||| Stepping ~*~*~tactically~*~*~ (hiding).
 44328 | Vaults:4 | 44328 ||| Stepping ~*~*~tactically~*~*~ (stealth).
 44329 | Vaults:4 | 44329 ||| Stepping ~*~*~tactically~*~*~ (stealth).
 44330 | Vaults:4 | 44330 ||| Stepping ~*~*~tactically~*~*~ (stealth).
 44331 | Vaults:4 | 44331 ||| Stepping ~*~*~tactically~*~*~ (stealth).
 44332 | Vaults:4 | 44332 ||| Stepping ~*~*~tactically~*~*~ (stealth).
 44460 | Vaults:4 | 44460 ||| Stepping ~*~*~tactically~*~*~ (hiding).
 44609 | Vaults:4 | 44609 ||| PLANNING SHOALS:4
 44609 | Vaults:4 | 44609 ||| DROPPING +2 plate armour of fire resistance.
 44956 | Shoals:4 | Entered Level 4 of the Shoals
 44961 | Shoals:4 | 44961 ||| INVOKING Heroism.
 45003 | Shoals:4 | 45003 ||| Stepping ~*~*~tactically~*~*~ (stealth).
 45014 | Shoals:4 | 45014 ||| Stepping ~*~*~tactically~*~*~ (stealth).
 45065 | Shoals:4 | 45065 ||| Stepping ~*~*~tactically~*~*~ (stealth).
 45123 | Shoals:4 | 45123 ||| Stepping ~*~*~tactically~*~*~ (hiding).
 45125 | Shoals:4 | 45125 ||| INVOKING Heroism.
 45126 | Shoals:4 | 45126 ||| INVOKING Finesse.
 45230 | Shoals:4 | 45230 ||| Stepping ~*~*~tactically~*~*~ (hiding).
 45243 | Shoals:4 | 45243 ||| Stepping ~*~*~tactically~*~*~ (stealth).
 45248 | Shoals:4 | 45248 ||| Stepping ~*~*~tactically~*~*~ (hiding).
 45249 | Shoals:4 | 45249 ||| INVOKING Heroism.
 45250 | Shoals:4 | 45250 ||| Stepping ~*~*~tactically~*~*~ (hiding).
 45257 | Shoals:4 | 45257 ||| Stepping ~*~*~tactically~*~*~ (hiding).
 45308 | Shoals:4 | 45308 ||| Stepping ~*~*~tactically~*~*~ (hiding).
 45309 | Shoals:4 | 45309 ||| Stepping ~*~*~tactically~*~*~ (hiding).
 45319 | Shoals:4 | 45319 ||| Stepping ~*~*~tactically~*~*~ (stealth).
 45326 | Shoals:4 | 45326 ||| Stepping ~*~*~tactically~*~*~ (hiding).
 45359 | Shoals:4 | 45359 ||| Stepping ~*~*~tactically~*~*~ (hiding).
 45367 | Shoals:4 | 45367 ||| INVOKING Heroism.
 45393 | Shoals:4 | 45393 ||| Stepping ~*~*~tactically~*~*~ (stealth).
 45400 | Shoals:4 | Reached XP level 22. HP: 149/149 MP: 29/29
 45400 | Shoals:4 | 45400 ||| Stepping ~*~*~tactically~*~*~ (hiding).
 45403 | Shoals:4 | 45403 ||| Stepping ~*~*~tactically~*~*~ (hiding).
 45482 | Shoals:4 | 45482 ||| INVOKING Heroism.
 45486 | Shoals:4 | 45486 ||| Stepping ~*~*~tactically~*~*~ (hiding).
 45494 | Shoals:4 | Identified the +5 quarterstaff of Daixiumo {speed, *Rage
                  | rF++} (Okawaru gifted it to you on level 4 of the Shoals)
 45494 | Shoals:4 | Received a gift from Okawaru
 45567 | Shoals:4 | 45567 ||| INVOKING Heroism.
 45629 | Shoals:4 | 45629 ||| Stepping ~*~*~tactically~*~*~ (stealth).
 45652 | Shoals:4 | 45652 ||| Stepping ~*~*~tactically~*~*~ (stealth).
 45654 | Shoals:4 | 45654 ||| Stepping ~*~*~tactically~*~*~ (hiding).
 45666 | Shoals:4 | 45666 ||| DRINKING 9 potions of curing.
 45666 | Shoals:4 | 45666 ||| (to cure confusion)
 45689 | Shoals:4 | 45689 ||| Stepping ~*~*~tactically~*~*~ (stealth).
 45693 | Shoals:4 | 45693 ||| FLEEEEING.
 45781 | Shoals:4 | Got a barnacled rune of Zot
 45958 | Shoals:4 | 45958 ||| Stepping ~*~*~tactically~*~*~ (hiding).
 45960 | Shoals:4 | 45960 ||| Stepping ~*~*~tactically~*~*~ (hiding).
 45962 | Shoals:4 | 45962 ||| Stepping ~*~*~tactically~*~*~ (hiding).
 46078 | Shoals:4 | 46078 ||| Stepping ~*~*~tactically~*~*~ (hiding).
 46182 | Shoals:4 | 46182 ||| PLANNING DEPTHS
 46357 | Depths:1 | Entered Level 1 of the Depths
 46365 | Depths:1 | 46365 ||| INVOKING Finesse.
 46454 | Depths:1 | 46454 ||| Stepping ~*~*~tactically~*~*~ (hiding).
 46569 | Depths:1 | Noticed Asterion
 46570 | Depths:1 | 46570 ||| Stepping ~*~*~tactically~*~*~ (hiding).
 46576 | Depths:1 | 46576 ||| INVOKING Heroism.
 46577 | Depths:1 | 46577 ||| INVOKING Finesse.
 46596 | Depths:1 | Killed Asterion
 46693 | Depths:1 | Identified the +2 robe of the Fife {rN+ MP+9}
 46722 | Depths:1 | Found a gateway to Hell.
 46731 | Depths:1 | 46731 ||| INVOKING Heroism.
 47003 | Depths:1 | Noticed Nikola
 47006 | Depths:1 | 47006 ||| INVOKING Heroism.
 47012 | Depths:1 | Received a gift from Okawaru
 47021 | Depths:1 | Found Xoneruad's Pet Rocks.
 47025 | Depths:1 | 47025 ||| INVOKING Finesse.
 47032 | Depths:1 | 47032 ||| Stepping ~*~*~tactically~*~*~ (hiding).
 47033 | Depths:1 | 47033 ||| Stepping ~*~*~tactically~*~*~ (hiding).
 47035 | Depths:1 | 47035 ||| Stepping ~*~*~tactically~*~*~ (hiding).
 47049 | Depths:1 | Killed Nikola
 47060 | Depths:1 | 47060 ||| INVOKING Heroism.
 47301 | Depths:1 | 47301 ||| BUYING wand of digging (3) (176 gold).
 47301 | Depths:1 | Bought a wand of digging (3) for 176 gold pieces
 47456 | Depths:1 | 47456 ||| INVOKING Heroism.
 47457 | Depths:1 | 47457 ||| INVOKING Finesse.
 47599 | Depths:1 | Found a one-way gateway to a ziggurat.
 47624 | Depths:1 | Noticed the Enchantress
 47625 | Depths:1 | 47625 ||| INVOKING Heroism.
 47631 | Depths:1 | 47631 ||| DRINKING 9 potions of curing.
 47631 | Depths:1 | 47631 ||| (to cure confusion)
 47648 | Depths:1 | 47648 ||| DRINKING 8 potions of curing.
 47648 | Depths:1 | 47648 ||| (to cure confusion)
 47662 | Depths:1 | Killed the Enchantress
 48014 | Depths:2 | 48014 ||| INVOKING Heroism.
 48029 | Depths:2 | 48029 ||| Stepping ~*~*~tactically~*~*~ (stealth).
 48047 | Depths:2 | 48047 ||| Stepping ~*~*~tactically~*~*~ (hiding).
 48049 | Depths:2 | 48049 ||| INVOKING Heroism.
 48054 | Depths:2 | 48054 ||| Stepping ~*~*~tactically~*~*~ (hiding).
 48071 | Depths:2 | 48071 ||| Stepping ~*~*~tactically~*~*~ (hiding).
 48075 | Depths:2 | 48075 ||| DRINKING 7 potions of curing.
 48075 | Depths:2 | 48075 ||| (to cure confusion)
 48090 | Depths:2 | Noticed Boris
 48091 | Depths:2 | 48091 ||| Stepping ~*~*~tactically~*~*~ (hiding).
 48094 | Depths:2 | 48094 ||| INVOKING Heroism.
 48108 | Depths:2 | Killed Boris
 48109 | Depths:2 | Reached skill level 18 in Armour
 48242 | Depths:2 | 48242 ||| FLEEEEING.
 48296 | Depths:2 | 48296 ||| INVOKING Heroism.
 48307 | Depths:2 | 48307 ||| Stepping ~*~*~tactically~*~*~ (hiding).
 48347 | Depths:2 | 48347 ||| Stepping ~*~*~tactically~*~*~ (stealth).
 48358 | Depths:2 | 48358 ||| INVOKING Heroism.
 48432 | Depths:2 | 48432 ||| INVOKING Heroism.
 48524 | Depths:2 | Received a gift from Okawaru
 48568 | Depths:2 | 48568 ||| Stepping ~*~*~tactically~*~*~ (hiding).
 48573 | Depths:2 | 48573 ||| Stepping ~*~*~tactically~*~*~ (stealth).
 48581 | Depths:2 | 48581 ||| Stepping ~*~*~tactically~*~*~ (stealth).
 48582 | Depths:2 | 48582 ||| Stepping ~*~*~tactically~*~*~ (stealth).
 48584 | Depths:2 | 48584 ||| Stepping ~*~*~tactically~*~*~ (hiding).
 48585 | Depths:2 | 48585 ||| Stepping ~*~*~tactically~*~*~ (stealth).
 48586 | Depths:2 | 48586 ||| Stepping ~*~*~tactically~*~*~ (hiding).
 48600 | Depths:2 | 48600 ||| INVOKING Heroism.
 48606 | Depths:2 | Reached skill level 21 in Shields
 48683 | Depths:2 | 48683 ||| INVOKING Heroism.
 48849 | Depths:2 | 48849 ||| Stepping ~*~*~tactically~*~*~ (hiding).
 49123 | Depths:2 | Found a one-way gate leading to the halls of Pandemonium.
 49124 | Depths:2 | 49124 ||| INVOKING Heroism.
 49181 | Depths:2 | 49181 ||| Stepping ~*~*~tactically~*~*~ (stealth).
 49183 | Depths:2 | 49183 ||| INVOKING Heroism.
 49387 | Depths:2 | 49387 ||| INVOKING Heroism.
 49397 | Depths:2 | Received a gift from Okawaru
 49414 | Depths:2 | 49414 ||| INVOKING Heroism.
 49627 | Depths:2 | Found Hanwes's Blood Bar.
 49628 | Depths:2 | 49628 ||| INVOKING Heroism.
 49640 | Depths:2 | Received a gift from Okawaru
 49673 | Depths:2 | 49673 ||| BUYING +2 vampiric broad axe (384 gold).
 49673 | Depths:2 | Bought a +2 vampiric broad axe for 384 gold pieces
 49673 | Depths:2 | 49673 ||| SWAPPING to +2 vampiric broad axe.
 49674 | Depths:2 | 49674 ||| READING 3 scrolls of enchant weapon.
 49674 | Depths:2 | 49674 ||| ENCHANTING +2 vampiric broad axe.
 49675 | Depths:2 | 49675 ||| READING 2 scrolls of enchant weapon.
 49675 | Depths:2 | 49675 ||| ENCHANTING +3 vampiric broad axe.
 49676 | Depths:2 | 49676 ||| READING scroll of enchant weapon.
 49676 | Depths:2 | 49676 ||| ENCHANTING +4 vampiric broad axe.
 49677 | Depths:2 | 49677 ||| DROPPING +3 broad axe of electrocution.
 49713 | Depths:2 | 49713 ||| INVOKING Heroism.
 49722 | Depths:2 | Gained mutation: You have hidden genetic defects. [a
                  | neqoxec]
 49751 | Depths:2 | Reached skill level 21 in Fighting
 49776 | Depths:2 | Reached XP level 23. HP: 160/160 MP: 30/30
 49799 | Depths:2 | Identified the amulet "Lissy" {RegenMP Dex+6 SInv}
 49821 | Depths:2 | 49821 ||| INVOKING Heroism.
 49851 | Depths:2 | 49851 ||| INVOKING Heroism.
 49944 | Depths:3 | 49944 ||| Stepping ~*~*~tactically~*~*~ (cloud).
 49953 | Depths:3 | 49953 ||| Stepping ~*~*~tactically~*~*~ (hiding).
 49956 | Depths:3 | Noticed a golden dragon
 49957 | Depths:3 | 49957 ||| INVOKING Heroism.
 49966 | Depths:3 | 49966 ||| Stepping ~*~*~tactically~*~*~ (cloud).
 49971 | Depths:3 | Killed a golden dragon
 50009 | Depths:3 | 50009 ||| DRINKING 8 potions of curing.
 50009 | Depths:3 | 50009 ||| (to cure confusion)
 50024 | Depths:3 | Found Surchekon's Assorted Antiques.
 50034 | Depths:3 | 50034 ||| INVOKING Heroism.
 50046 | Depths:3 | 50046 ||| BUYING 2 potions of heal wounds (510 gold).
 50046 | Depths:3 | Bought 2 potions of heal wounds for 510 gold pieces
 50046 | Depths:3 | 50046 ||| BUYING potion of mutation (408 gold).
 50046 | Depths:3 | Bought a potion of mutation for 408 gold pieces
 50061 | Depths:3 | 50061 ||| Stepping ~*~*~tactically~*~*~ (stealth).
 50077 | Depths:3 | 50077 ||| Stepping ~*~*~tactically~*~*~ (hiding).
 50162 | Depths:3 | 50162 ||| Stepping ~*~*~tactically~*~*~ (hiding).
 50208 | Depths:3 | Reached skill level 12 in Throwing
 50258 | Depths:3 | 50258 ||| Stepping ~*~*~tactically~*~*~ (stealth).
 50267 | Depths:3 | 50267 ||| INVOKING Heroism.
 50286 | Depths:3 | 50286 ||| INVOKING Finesse.
 50295 | Depths:3 | Gained mutation: You occasionally shout uncontrollably at
                  | your foes. [hidden defects]
 50347 | Depths:3 | 50347 ||| Stepping ~*~*~tactically~*~*~ (hiding).
 50351 | Depths:3 | 50351 ||| Stepping ~*~*~tactically~*~*~ (hiding).
 50353 | Depths:3 | 50353 ||| INVOKING Heroism.
 50358 | Depths:3 | 50358 ||| INVOKING Finesse.
 50362 | Depths:3 | 50362 ||| Stepping ~*~*~tactically~*~*~ (hiding).
 50481 | Depths:3 | 50481 ||| INVOKING Heroism.
 50482 | Depths:3 | 50482 ||| INVOKING Finesse.
 50716 | Depths:3 | Found Hetisouck's Book Boutique.
 50778 | Depths:3 | Found Viopnol's Antique Weapon Shop.
 51154 | Depths:4 | Entered Level 4 of the Depths
 51163 | Depths:4 | 51163 ||| Stepping ~*~*~tactically~*~*~ (stealth).
 51167 | Depths:4 | 51167 ||| Stepping ~*~*~tactically~*~*~ (stealth).
 51168 | Depths:4 | 51168 ||| Stepping ~*~*~tactically~*~*~ (hiding).
 51177 | Depths:4 | 51177 ||| INVOKING Heroism.
 51270 | Depths:4 | Gained mutation: You are frail. (-10% HP) [hidden defects]
 51270 | Depths:4 | Lost mutation: You have hidden genetic defects. [hidden
                  | defects expressed]
 51326 | Depths:4 | 51326 ||| DRINKING 6 potions of mutation.
 51326 | Depths:4 | Lost mutation: You are frail. (-10% HP) [potion of
                  | mutation]
 51326 | Depths:4 | Lost mutation: You occasionally shout uncontrollably at
                  | your foes. [potion of mutation]
 51326 | Depths:4 | Gained mutation: Your body sometimes deteriorates upon
                  | taking damage. [potion of mutation]
 51326 | Depths:4 | Gained mutation: You are somewhat resistant to further
                  | mutation. [potion of mutation]
 51373 | Depths:4 | 51373 ||| INVOKING Heroism.
 51381 | Depths:4 | Received a gift from Okawaru
 51416 | Depths:4 | Found a gate to the Realm of Zot.
 51526 | Depths:4 | 51526 ||| Stepping ~*~*~tactically~*~*~ (hiding).
 51530 | Depths:4 | 51530 ||| INVOKING Heroism.
 51552 | Depths:4 | 51552 ||| Stepping ~*~*~tactically~*~*~ (hiding).
 51556 | Depths:4 | 51556 ||| DRINKING 8 potions of curing.
 51556 | Depths:4 | 51556 ||| (to cure confusion)
 51580 | Depths:4 | 51580 ||| READING scroll of enchant armour.
 51580 | Depths:4 | 51580 ||| ENCHANTING +1 helmet.
 51593 | Depths:4 | 51593 ||| INVOKING Heroism.
 51594 | Depths:4 | 51594 ||| INVOKING Finesse.
 51648 | Depths:4 | Noticed a golden dragon
 51649 | Depths:4 | 51649 ||| Stepping ~*~*~tactically~*~*~ (hiding).
 51650 | Depths:4 | 51650 ||| INVOKING Heroism.
 51651 | Depths:4 | 51651 ||| INVOKING Finesse.
 51660 | Depths:4 | Killed a golden dragon
 51851 | Depths:4 | 51851 ||| DRINKING 8 potions of curing.
 51851 | Depths:4 | 51851 ||| (to cure confusion)
 51852 | Depths:4 | 51852 ||| INVOKING Heroism.
 51876 | Depths:4 | 51876 ||| INVOKING Heroism.
 51879 | Depths:4 | HP: 37/160 [living spell/divine providence[a walking divine
                  | tome] (14)]
 51880 | Depths:4 | 51880 ||| READING 9 scrolls of teleportation.
 51881 | Depths:4 | 51881 ||| DRINKING 2 potions of heal wounds.
 52218 | Depths:4 | 52218 ||| INVOKING Heroism.
 52278 | Depths:4 | 52278 ||| Stepping ~*~*~tactically~*~*~ (hiding).
 52285 | Depths:4 | 52285 ||| Stepping ~*~*~tactically~*~*~ (stealth).
 52298 | Depths:4 | Paralysed by a floating eye for 4 turns
 52537 | Depths:4 | 52537 ||| INVOKING Heroism.
 52717 | Depths:4 | 52717 ||| INVOKING Heroism.
 52997 | Depths:4 | Received a gift from Okawaru
 53052 | Depths:4 | 53052 ||| Stepping ~*~*~tactically~*~*~ (hiding).
 53056 | Depths:4 | 53056 ||| INVOKING Heroism.
 53151 | Depths:4 | 53151 ||| Stepping ~*~*~tactically~*~*~ (stealth).
 53152 | Depths:4 | 53152 ||| Stepping ~*~*~tactically~*~*~ (stealth).
 53157 | Depths:4 | 53157 ||| INVOKING Heroism.
 53399 | Depths:4 | 53399 ||| DROPPING +0 cloak of Woiqox {Str+3}.
 53478 | Depths:3 | 53478 ||| PLANNING VAULTS:5
 53737 | Vaults:5 | Entered Level 5 of the Vaults
 53738 | Vaults:5 | 53738 ||| STAIRDANCE
 53750 | Vaults:5 | 53750 ||| STAIRDANCE
 53752 | Vaults:4 | 53752 ||| INVOKING Heroism.
 53770 | Vaults:4 | Received a gift from Okawaru
 53828 | Vaults:5 | 53828 ||| STAIRDANCE
 53830 | Vaults:4 | 53830 ||| INVOKING Heroism.
 53860 | Vaults:5 | 53860 ||| STAIRDANCE
 53862 | Vaults:4 | 53862 ||| INVOKING Heroism.
 53907 | Vaults:5 | 53907 ||| STAIRDANCE
 53909 | Vaults:4 | 53909 ||| INVOKING Heroism.
 53917 | Vaults:4 | Received a gift from Okawaru
 53941 | Vaults:5 | 53941 ||| INVOKING Heroism.
 53993 | Vaults:5 | Identified the +0 robe "Wamycs" {rC+}
 54001 | Vaults:5 | 54001 ||| INVOKING Heroism.
 54018 | Vaults:5 | Reached XP level 24. HP: 168/168 MP: 30/30
 54038 | Vaults:5 | Noticed a dread lich
 54040 | Vaults:5 | 54040 ||| Stepping ~*~*~tactically~*~*~ (hiding).
 54047 | Vaults:5 | 54047 ||| INVOKING Heroism.
 54050 | Vaults:5 | Killed a dread lich
 54088 | Vaults:5 | 54088 ||| INVOKING Heroism.
 54119 | Vaults:5 | Received a gift from Okawaru
 54217 | Vaults:5 | Noticed Boris
 54218 | Vaults:5 | 54218 ||| INVOKING Heroism.
 54227 | Vaults:5 | Killed Boris
 54296 | Vaults:5 | 54296 ||| READING 3 scrolls of enchant armour.
 54296 | Vaults:5 | 54296 ||| ENCHANTING +0 pair of boots.
 54297 | Vaults:5 | 54297 ||| READING 2 scrolls of enchant armour.
 54297 | Vaults:5 | 54297 ||| ENCHANTING +1 pair of boots.
 54323 | Vaults:5 | 54323 ||| INVOKING Heroism.
 54375 | Vaults:5 | Found the +3 Mad Mage's Maulers {Infuse+∞ RegenMP Int-3}
 54400 | Vaults:5 | Identified the +7 battleaxe of Xusoguwo {vorpal, rF+}
 54424 | Vaults:5 | 54424 ||| Stepping ~*~*~tactically~*~*~ (hiding).
 54428 | Vaults:5 | 54428 ||| INVOKING Heroism.
 54429 | Vaults:5 | 54429 ||| INVOKING Finesse.
 54475 | Vaults:5 | 54475 ||| INVOKING Heroism.
 54527 | Vaults:5 | 54527 ||| Stepping ~*~*~tactically~*~*~ (hiding).
 54532 | Vaults:5 | 54532 ||| INVOKING Heroism.
 54542 | Vaults:5 | Noticed a dread lich
 54543 | Vaults:5 | 54543 ||| Stepping ~*~*~tactically~*~*~ (stealth).
 54545 | Vaults:5 | 54545 ||| Stepping ~*~*~tactically~*~*~ (stealth).
 54547 | Vaults:5 | 54547 ||| Stepping ~*~*~tactically~*~*~ (stealth).
 54550 | Vaults:5 | 54550 ||| Stepping ~*~*~tactically~*~*~ (stealth).
 54552 | Vaults:5 | 54552 ||| Stepping ~*~*~tactically~*~*~ (stealth).
 54553 | Vaults:5 | 54553 ||| INVOKING Finesse.
 54554 | Vaults:5 | 54554 ||| Stepping ~*~*~tactically~*~*~ (hiding).
 54557 | Vaults:5 | 54557 ||| Stepping ~*~*~tactically~*~*~ (hiding).
 54565 | Vaults:5 | Killed a dread lich
 54683 | Vaults:5 | 54683 ||| INVOKING Heroism.
 54685 | Vaults:5 | Identified the +4 quarterstaff "Korphil" {vamp, rElec rF+
                  | rC- Int+5}
 54716 | Vaults:5 | Identified the +9 rapier "Kefesch" {freeze, rC- Str+5
                  | Dex+2}
 54776 | Vaults:5 | 54776 ||| INVOKING Heroism.
 54792 | Vaults:5 | Received a gift from Okawaru
 54801 | Vaults:5 | 54801 ||| Stepping ~*~*~tactically~*~*~ (stealth).
 54808 | Vaults:5 | 54808 ||| Stepping ~*~*~tactically~*~*~ (stealth).
 54809 | Vaults:5 | 54809 ||| Stepping ~*~*~tactically~*~*~ (hiding).
 54816 | Vaults:5 | 54816 ||| INVOKING Heroism.
 54896 | Vaults:5 | 54896 ||| INVOKING Heroism.
 54922 | Vaults:5 | Received a gift from Okawaru
 55025 | Vaults:5 | 55025 ||| INVOKING Heroism.
 55040 | Vaults:5 | Noticed Frederick
 55041 | Vaults:5 | 55041 ||| INVOKING Finesse.
 55051 | Vaults:5 | Killed Frederick
 55089 | Vaults:5 | 55089 ||| Stepping ~*~*~tactically~*~*~ (hiding).
 55097 | Vaults:5 | 55097 ||| INVOKING Heroism.
 55135 | Vaults:5 | Received a gift from Okawaru
 55170 | Vaults:5 | Found Woivotur's Distillery.
 55185 | Vaults:5 | 55185 ||| BUYING potion of cancellation (184 gold).
 55185 | Vaults:5 | Bought a potion of cancellation for 184 gold pieces
 55185 | Vaults:5 | 55185 ||| BUYING potion of heal wounds (115 gold).
 55185 | Vaults:5 | Bought a potion of heal wounds for 115 gold pieces
 55185 | Vaults:5 | 55185 ||| BUYING potion of heal wounds (115 gold).
 55185 | Vaults:5 | Bought a potion of heal wounds for 115 gold pieces
 55185 | Vaults:5 | 55185 ||| BUYING potion of lignification (69 gold).
 55185 | Vaults:5 | Bought a potion of lignification for 69 gold pieces
 55185 | Vaults:5 | 55185 ||| BUYING potion of mutation (184 gold).
 55185 | Vaults:5 | Bought a potion of mutation for 184 gold pieces
 55240 | Vaults:5 | 55240 ||| INVOKING Heroism.
 55279 | Vaults:5 | 55279 ||| Stepping ~*~*~tactically~*~*~ (cloud).
 55309 | Vaults:5 | Identified the +2 broad axe of the Vase {vorpal, Str+2}
 55311 | Vaults:5 | 55311 ||| DROPPING +2 broad axe of the Vase {vorpal,
                  | Str+2}.
 55328 | Vaults:5 | 55328 ||| Stepping ~*~*~tactically~*~*~ (stealth).
 55331 | Vaults:5 | 55331 ||| Stepping ~*~*~tactically~*~*~ (stealth).
 55348 | Vaults:5 | 55348 ||| INVOKING Heroism.
 55359 | Vaults:5 | Noticed a dread lich
 55367 | Vaults:5 | Paralysed by a dread lich for 2 turns
 55379 | Vaults:5 | Killed a dread lich
 55405 | Vaults:5 | Identified the +5 arbalest "Rezurole" {venom, SInv}
 55600 | Vaults:5 | Got a silver rune of Zot
 55602 | Vaults:5 | Identified the ring "Iklal" {rC+ Will+}
 55609 | Vaults:5 | 55609 ||| DROPPING +4 plate armour.
 55725 | Vaults:5 | 55725 ||| PLANNING SHOPPING SPREE
 55725 | Vaults:5 | 55725 ||| DROPPING +3 plate armour.
 55726 | Vaults:5 | 55726 ||| DROPPING ring of protection from cold.
 55727 | Vaults:5 | 55727 ||| UPGRADING to ring "Iklal" {rC+ Will+}.
 55729 | Vaults:5 | 55729 ||| PLANNING ZOT:1-4
 56059 | Zot:1    | Entered Level 1 of the Realm of Zot
 56118 | Zot:1    | 56118 ||| INVOKING Heroism.
 56128 | Zot:1    | Reached skill level 12 in Dodging
 56154 | Zot:1    | 56154 ||| Stepping ~*~*~tactically~*~*~ (stealth).
 56155 | Zot:1    | 56155 ||| Stepping ~*~*~tactically~*~*~ (stealth).
 56157 | Zot:1    | 56157 ||| Stepping ~*~*~tactically~*~*~ (stealth).
 56247 | Zot:1    | Noticed Vv
 56248 | Zot:1    | 56248 ||| Stepping ~*~*~tactically~*~*~ (stealth).
 56258 | Zot:1    | 56258 ||| Stepping ~*~*~tactically~*~*~ (hiding).
 56333 | Zot:1    | 56333 ||| DRINKING 6 potions of resistance.
 56334 | Zot:1    | 56334 ||| INVOKING Heroism.
 56335 | Zot:1    | 56335 ||| INVOKING Finesse.
 56381 | Zot:1    | 56381 ||| INVOKING Finesse.
 56388 | Zot:1    | Killed Vv
 56566 | Zot:1    | Reached XP level 25. HP: 176/176 MP: 30/30
 56689 | Zot:1    | 56689 ||| INVOKING Heroism.
 56998 | Zot:1    | 56998 ||| INVOKING Heroism.
 57015 | Zot:1    | Received a gift from Okawaru
 57166 | Zot:2    | Noticed an orb of fire
 57167 | Zot:2    | 57167 ||| STAIRDANCE
 57176 | Zot:2    | Gained mutation: You occasionally lose the ability to drink
                  | potions when taking damage. [an orb of fire]
 57177 | Zot:2    | 57177 ||| DRINKING 6 potions of resistance.
 57178 | Zot:2    | 57178 ||| INVOKING Heroism.
 57179 | Zot:2    | 57179 ||| INVOKING Finesse.
 57198 | Zot:2    | Killed an orb of fire
 57199 | Zot:2    | Reached skill level 21 in Armour
 57219 | Zot:2    | 57219 ||| DRINKING 7 potions of mutation.
 57219 | Zot:2    | Lost mutation: You are somewhat resistant to further
                  | mutation. [potion of mutation]
 57219 | Zot:2    | Lost mutation: You occasionally lose the ability to drink
                  | potions when taking damage. [potion of mutation]
 57219 | Zot:2    | Lost mutation: Your body sometimes deteriorates upon taking
                  | damage. [potion of mutation]
 57219 | Zot:2    | Gained mutation: You are dopey. (Int -2) [potion of
                  | mutation]
 57219 | Zot:2    | Gained mutation: You are weak. (Str -2) [potion of
                  | mutation]
 57219 | Zot:2    | Gained mutation: You occasionally shout uncontrollably at
                  | your foes. [potion of mutation]
 57264 | Zot:2    | 57264 ||| Stepping ~*~*~tactically~*~*~ (hiding).
 57324 | Zot:2    | 57324 ||| INVOKING Heroism.
 57336 | Zot:2    | Received a gift from Okawaru
 57360 | Zot:2    | 57360 ||| INVOKING Heroism.
 57519 | Zot:2    | Noticed an orb of fire
 57519 | Zot:2    | Gained mutation: Your spells are a little easier to cast,
                  | but a little less powerful. [an orb of fire]
 57520 | Zot:2    | 57520 ||| Stepping ~*~*~tactically~*~*~ (hiding).
 57522 | Zot:2    | 57522 ||| DRINKING 5 potions of resistance.
 57523 | Zot:2    | 57523 ||| INVOKING Heroism.
 57524 | Zot:2    | 57524 ||| INVOKING Finesse.
 57525 | Zot:2    | Gained mutation: You are very weak. (Str -4) [an orb of
                  | fire]
 57539 | Zot:2    | Killed an orb of fire
 57788 | Zot:2    | 57788 ||| Stepping ~*~*~tactically~*~*~ (stealth).
 57790 | Zot:2    | 57790 ||| Stepping ~*~*~tactically~*~*~ (hiding).
 58070 | Zot:2    | Received a gift from Okawaru
 58224 | Zot:3    | 58224 ||| INVOKING Heroism.
 58225 | Zot:3    | 58225 ||| STAIRDANCE
 58357 | Zot:3    | 58357 ||| INVOKING Heroism.
 58435 | Zot:3    | Found a transporter.
 58447 | Zot:3    | 58447 ||| Stepping ~*~*~tactically~*~*~ (hiding).
 58462 | Zot:3    | 58462 ||| INVOKING Heroism.
 58470 | Zot:3    | Reached skill level 24 in Fighting
 58470 | Zot:3    | Received a gift from Okawaru
 58516 | Zot:3    | 58516 ||| INVOKING Heroism.
 58578 | Zot:3    | 58578 ||| INVOKING Heroism.
 58594 | Zot:3    | 58594 ||| DRINKING potion of cancellation.
 58611 | Zot:3    | 58611 ||| INVOKING Heroism.
 58767 | Zot:3    | Found a transporter.
 58842 | Zot:3    | Received a gift from Okawaru
 58898 | Zot:3    | 58898 ||| Stepping ~*~*~tactically~*~*~ (hiding).
 58905 | Zot:3    | 58905 ||| INVOKING Heroism.
 58956 | Zot:3    | 58956 ||| Stepping ~*~*~tactically~*~*~ (stealth).
 59178 | Zot:4    | 59178 ||| INVOKING Heroism.
 59179 | Zot:4    | 59179 ||| Stepping ~*~*~tactically~*~*~ (hiding).
 59283 | Zot:4    | 59283 ||| INVOKING Heroism.
 59284 | Zot:4    | Noticed a Killer Klown
 59285 | Zot:4    | 59285 ||| INVOKING Finesse.
 59293 | Zot:4    | a Killer Klown changed into a juggernaut
 59293 | Zot:4    | Noticed a juggernaut
 59316 | Zot:4    | Killed a juggernaut
 59465 | Zot:4    | 59465 ||| Stepping ~*~*~tactically~*~*~ (hiding).
 59469 | Zot:4    | 59469 ||| INVOKING Heroism.
 59530 | Zot:4    | 59530 ||| INVOKING Heroism.
 59615 | Zot:4    | 59615 ||| Stepping ~*~*~tactically~*~*~ (stealth).
 59618 | Zot:4    | 59618 ||| Stepping ~*~*~tactically~*~*~ (stealth).
 59619 | Zot:4    | 59619 ||| Stepping ~*~*~tactically~*~*~ (stealth).
 59621 | Zot:4    | 59621 ||| Stepping ~*~*~tactically~*~*~ (hiding).
 59646 | Zot:4    | Received a gift from Okawaru
 59731 | Zot:4    | 59731 ||| READING scroll of enchant weapon.
 59731 | Zot:4    | 59731 ||| ENCHANTING +5 vampiric broad axe.
 59806 | Zot:4    | 59806 ||| INVOKING Heroism.
 60150 | Zot:4    | 60150 ||| INVOKING Heroism.
 60184 | Zot:4    | Received a gift from Okawaru
 60224 | Zot:4    | 60224 ||| INVOKING Heroism.
 60245 | Zot:4    | Reached XP level 26. HP: 185/186 MP: 30/30
 60529 | Zot:4    | 60529 ||| PLANNING THE SHINING ONE WORSHIP
 60529 | Zot:4    | 60529 ||| DROPPING +0 ice dragon scales.
 60530 | Zot:4    | 60530 ||| DROPPING +2 plate armour of fire resistance.
 60531 | Zot:4    | 60531 ||| DROPPING +1 plate armour of cold resistance.
 60885 | Temple   | Fell from the grace of Okawaru
 60885 | Temple   | Became a worshipper of the Shining One
 60886 | Temple   | 60886 ||| PLANNING CRYPT
 60886 | Temple   | 60886 ||| SWAPPING to +5 broad axe of Spite {vorpal, Fly
                  | rElec rF++ Int+2}.
 60887 | Temple   | 60887 ||| UPGRADING to +2 cloak.
 61191 | Crypt:1  | Entered Level 1 of the Crypt
 61310 | Crypt:1  | 61310 ||| Stepping ~*~*~tactically~*~*~ (hiding).
 61337 | Crypt:1  | Reached * piety under the Shining One
 61508 | Crypt:1  | 61508 ||| Stepping ~*~*~tactically~*~*~ (hiding).
 61511 | Crypt:1  | 61511 ||| Stepping ~*~*~tactically~*~*~ (hiding).
 61701 | Crypt:1  | Reached ** piety under the Shining One
 61702 | Crypt:1  | 61702 ||| REMOVING ring of see invisible.
 61742 | Crypt:1  | 61742 ||| Stepping ~*~*~tactically~*~*~ (stealth).
 61793 | Crypt:1  | 61793 ||| DRINKING 12 potions of curing.
 61793 | Crypt:1  | 61793 ||| (to cure confusion)
 62642 | Crypt:1  | 62642 ||| DROPPING +2 pair of gloves "Talaff" {Int+6 SInv}.
 62643 | Crypt:1  | 62643 ||| DROPPING +0 helmet of see invisible.
 62644 | Crypt:1  | 62644 ||| DROPPING amulet "Lissy" {RegenMP Dex+6 SInv}.
 62645 | Crypt:1  | 62645 ||| UPGRADING to ring of resist corrosion.
 62646 | Crypt:1  | 62646 ||| UPGRADING to +6 ring of strength.
 62648 | Crypt:1  | 62648 ||| UPGRADING to +4 ring of slaying {mikee}.
 62650 | Crypt:1  | 62650 ||| DROPPING +6 ring of intelligence.
 62651 | Crypt:1  | 62651 ||| DROPPING ring of see invisible.
 62750 | Crypt:2  | 62750 ||| STAIRDANCE
 62764 | Crypt:2  | Reached *** piety under the Shining One
 62807 | Crypt:2  | 62807 ||| FLEEEEING.
 62811 | Crypt:2  | 62811 ||| INVOKING Cleansing Flame.
 62816 | Crypt:2  | Reached skill level 12 in Invocations
 62818 | Crypt:2  | 62818 ||| INVOKING Cleansing Flame.
 62819 | Crypt:2  | 62819 ||| INVOKING Cleansing Flame.
 62831 | Crypt:2  | 62831 ||| INVOKING Cleansing Flame.
 62835 | Crypt:2  | 62835 ||| INVOKING Cleansing Flame.
 62836 | Crypt:2  | 62836 ||| INVOKING Cleansing Flame.
 62837 | Crypt:2  | 62837 ||| INVOKING Cleansing Flame.
 62839 | Crypt:2  | 62839 ||| DRINKING 4 potions of magic.
 62840 | Crypt:2  | 62840 ||| INVOKING Cleansing Flame.
 62852 | Crypt:2  | 62852 ||| FLEEEEING.
 62853 | Crypt:2  | 62853 ||| FLEEEEING.
 62858 | Crypt:2  | 62858 ||| FLEEEEING.
 62859 | Crypt:2  | 62859 ||| FLEEEEING.
 62860 | Crypt:2  | 62860 ||| FLEEEEING.
 62861 | Crypt:2  | 62861 ||| FLEEEEING.
 62862 | Crypt:2  | 62862 ||| FLEEEEING.
 62863 | Crypt:2  | 62863 ||| STAIRDANCE
 63190 | Crypt:2  | 63190 ||| Stepping ~*~*~tactically~*~*~ (hiding).
 63339 | Crypt:2  | Reached **** piety under the Shining One
 63341 | Crypt:2  | 63341 ||| Stepping ~*~*~tactically~*~*~ (stealth).
 63381 | Crypt:2  | Reached ***** piety under the Shining One
 63445 | Crypt:2  | Identified the +5 scimitar "Nikex" {drain, *Corrode Int+2
                  | Stlth+}
 63498 | Crypt:2  | 63498 ||| Stepping ~*~*~tactically~*~*~ (stealth).
 63523 | Crypt:2  | 63523 ||| Stepping ~*~*~tactically~*~*~ (hiding).
 63990 | Crypt:3  | Entered Level 3 of the Crypt
 64070 | Crypt:3  | 64070 ||| Stepping ~*~*~tactically~*~*~ (cloud).
 64235 | Crypt:3  | 64235 ||| Stepping ~*~*~tactically~*~*~ (hiding).
 64236 | Crypt:3  | 64236 ||| INVOKING Summon Divine Warrior.
 64239 | Crypt:3  | 64239 ||| INVOKING Cleansing Flame.
 64308 | Crypt:3  | Found a basalt altar of Yredelemnul.
 64313 | Crypt:3  | Noticed a dread lich
 64314 | Crypt:3  | 64314 ||| INVOKING Summon Divine Warrior.
 64317 | Crypt:3  | 64317 ||| INVOKING Cleansing Flame.
 64318 | Crypt:3  | 64318 ||| INVOKING Cleansing Flame.
 64319 | Crypt:3  | 64319 ||| INVOKING Cleansing Flame.
 64320 | Crypt:3  | 64320 ||| INVOKING Cleansing Flame.
 64320 | Crypt:3  | Killed a dread lich
 64470 | Crypt:3  | Identified the +5 rapier "Kusutwoe" {protect, rC+ SInv}
 64533 | Crypt:3  | 64533 ||| Stepping ~*~*~tactically~*~*~ (hiding).
 64535 | Crypt:3  | 64535 ||| Stepping ~*~*~tactically~*~*~ (hiding).
 64715 | Crypt:3  | Reached skill level 15 in Invocations
 64725 | Crypt:3  | Reached ****** piety under the Shining One
 64726 | Crypt:3  | 64726 ||| INVOKING Brand Weapon With Holy Wrath.
 64726 | Crypt:3  | Identified a +8 broad axe of holy wrath (a +6 vampiric
                  | broad axe blessed by the Shining One)
 64726 | Crypt:3  | Received a gift from the Shining One
 64830 | Crypt:3  | Found a staircase to the Tomb.
 64843 | Crypt:3  | Identified the +8 war axe of Might {vorpal, *Noise rPois
                  | Dex+3}
 64865 | Crypt:3  | 64865 ||| Stepping ~*~*~tactically~*~*~ (stealth).
 64894 | Crypt:3  | 64894 ||| Stepping ~*~*~tactically~*~*~ (hiding).
 64920 | Crypt:3  | 64920 ||| Stepping ~*~*~tactically~*~*~ (stealth).
 64933 | Crypt:3  | 64933 ||| Stepping ~*~*~tactically~*~*~ (hiding).
 64952 | Crypt:3  | 64952 ||| Stepping ~*~*~tactically~*~*~ (hiding).
 64955 | Crypt:3  | 64955 ||| Stepping ~*~*~tactically~*~*~ (hiding).
 64973 | Crypt:3  | Noticed Boris
 64974 | Crypt:3  | 64974 ||| Stepping ~*~*~tactically~*~*~ (hiding).
 64976 | Crypt:3  | 64976 ||| Stepping ~*~*~tactically~*~*~ (hiding).
 64978 | Crypt:3  | 64978 ||| INVOKING Summon Divine Warrior.
 64979 | Crypt:3  | 64979 ||| INVOKING Cleansing Flame.
 64980 | Crypt:3  | 64980 ||| INVOKING Cleansing Flame.
 64986 | Crypt:3  | Killed Boris
 65462 | Crypt:3  | Identified the amulet of Qino {Rampage rC- Regen+ MP+9
                  | Slay+5}
 65462 | Crypt:3  | Identified the ring "Mittoc" {rC+ rN+ rCorr}
 65490 | Crypt:3  | 65490 ||| PLANNING TOMB
 65490 | Crypt:3  | 65490 ||| SWAPPING to +8 broad axe of holy wrath.
 65491 | Crypt:3  | 65491 ||| UPGRADING to scarf of resistance.
 65501 | Crypt:3  | 65501 ||| UPGRADING to amulet of Qino {Rampage rC- Regen+
                  | MP+9 Slay+5}.
 65542 | Crypt:3  | 65542 ||| DROPPING ring of resist corrosion.
 65543 | Crypt:3  | 65543 ||| DROPPING ring "Hohugeol" {+Blink rC+ rN+}.
 65609 | Tomb:1   | Entered Level 1 of the Tomb of the Ancients
 65713 | Tomb:1   | 65713 ||| INVOKING Cleansing Flame.
 65718 | Tomb:1   | 65718 ||| INVOKING Cleansing Flame.
 65719 | Tomb:1   | 65719 ||| INVOKING Cleansing Flame.
 65720 | Tomb:1   | 65720 ||| INVOKING Cleansing Flame.
 65816 | Tomb:1   | 65816 ||| Stepping ~*~*~tactically~*~*~ (hiding).
 65848 | Tomb:1   | Paralysed by a sphinx for 3 turns
 65975 | Tomb:1   | 65975 ||| INVOKING Cleansing Flame.
 66124 | Tomb:1   | Noticed a royal mummy
 66125 | Tomb:1   | 66125 ||| INVOKING Summon Divine Warrior.
 66131 | Tomb:1   | Killed a royal mummy
 66142 | Tomb:1   | Noticed a royal mummy
 66147 | Tomb:1   | 66147 ||| INVOKING Cleansing Flame.
 66148 | Tomb:1   | 66148 ||| INVOKING Cleansing Flame.
 66152 | Tomb:1   | Killed a royal mummy
 66153 | Tomb:1   | Reached XP level 27. HP: 137/192 MP: 35/35
 66160 | Tomb:1   | Reached skill level 18 in Invocations
 66188 | Tomb:1   | 66188 ||| Stepping ~*~*~tactically~*~*~ (hiding).
 66193 | Tomb:1   | 66193 ||| INVOKING Cleansing Flame.
 66218 | Tomb:1   | 66218 ||| INVOKING Cleansing Flame.
 66293 | Tomb:1   | 66293 ||| Stepping ~*~*~tactically~*~*~ (stealth).
 66295 | Tomb:1   | 66295 ||| Stepping ~*~*~tactically~*~*~ (hiding).
 66328 | Tomb:1   | 66328 ||| INVOKING Cleansing Flame.
 66329 | Tomb:1   | 66329 ||| INVOKING Cleansing Flame.
 66330 | Tomb:1   | 66330 ||| INVOKING Summon Divine Warrior.
 66453 | Tomb:1   | 66453 ||| INVOKING Cleansing Flame.
 66505 | Tomb:1   | 66505 ||| INVOKING Cleansing Flame.
 66600 | Tomb:1   | 66600 ||| INVOKING Cleansing Flame.
 66640 | Tomb:1   | 66640 ||| INVOKING Cleansing Flame.
 66822 | Tomb:2   | 66822 ||| DRINKING 8 potions of haste.
 66823 | Tomb:2   | 66823 ||| DRINKING 9 potions of attraction.
 66826 | Tomb:2   | Noticed a royal mummy
 66827 | Tomb:2   | 66827 ||| INVOKING Summon Divine Warrior.
 66827 | Tomb:2   | Noticed a royal mummy
 66829 | Tomb:2   | Noticed a royal mummy
 66831 | Tomb:2   | Noticed a royal mummy
 66835 | Tomb:2   | Killed a royal mummy
 66838 | Tomb:2   | Killed a royal mummy
 66839 | Tomb:2   | Noticed a royal mummy
 66842 | Tomb:2   | Killed a royal mummy
 66845 | Tomb:2   | Killed a royal mummy
 66846 | Tomb:2   | Killed a royal mummy
 66847 | Tomb:2   | 66847 ||| INVOKING Cleansing Flame.
 66848 | Tomb:2   | 66848 ||| INVOKING Cleansing Flame.
 66852 | Tomb:2   | 66852 ||| INVOKING Cleansing Flame.
 66853 | Tomb:2   | 66853 ||| INVOKING Cleansing Flame.
 66950 | Tomb:2   | 66950 ||| INVOKING Cleansing Flame.
 67152 | Tomb:2   | 67152 ||| INVOKING Cleansing Flame.
 67393 | Tomb:1   | Noticed a royal mummy
 67393 | Tomb:1   | Noticed a royal mummy
 67394 | Tomb:1   | 67394 ||| Stepping ~*~*~tactically~*~*~ (hiding).
 67394 | Tomb:1   | Noticed a royal mummy
 67395 | Tomb:1   | 67395 ||| Stepping ~*~*~tactically~*~*~ (hiding).
 67396 | Tomb:1   | 67396 ||| INVOKING Summon Divine Warrior.
 67398 | Tomb:1   | 67398 ||| INVOKING Cleansing Flame.
 67398 | Tomb:1   | Noticed a royal mummy
 67399 | Tomb:1   | 67399 ||| INVOKING Cleansing Flame.
 67399 | Tomb:1   | Noticed a royal mummy
 67400 | Tomb:1   | 67400 ||| INVOKING Cleansing Flame.
 67400 | Tomb:1   | Killed a royal mummy
 67401 | Tomb:1   | 67401 ||| INVOKING Cleansing Flame.
 67402 | Tomb:1   | 67402 ||| INVOKING Cleansing Flame.
 67402 | Tomb:1   | Killed a royal mummy
 67403 | Tomb:1   | 67403 ||| INVOKING Cleansing Flame.
 67404 | Tomb:1   | 67404 ||| INVOKING Cleansing Flame.
 67404 | Tomb:1   | Killed a royal mummy
 67411 | Tomb:1   | 67411 ||| INVOKING Cleansing Flame.
 67412 | Tomb:1   | 67412 ||| INVOKING Cleansing Flame.
 67413 | Tomb:1   | Noticed a royal mummy
 67414 | Tomb:1   | 67414 ||| INVOKING Cleansing Flame.
 67415 | Tomb:1   | 67415 ||| DRINKING 3 potions of magic.
 67416 | Tomb:1   | 67416 ||| INVOKING Cleansing Flame.
 67417 | Tomb:1   | 67417 ||| INVOKING Cleansing Flame.
 67418 | Tomb:1   | 67418 ||| INVOKING Cleansing Flame.
 67419 | Tomb:1   | 67419 ||| INVOKING Cleansing Flame.
 67419 | Tomb:1   | Killed a royal mummy
 67420 | Tomb:1   | 67420 ||| DRINKING 2 potions of magic.
 67421 | Tomb:1   | 67421 ||| INVOKING Cleansing Flame.
 67422 | Tomb:1   | 67422 ||| INVOKING Cleansing Flame.
 67422 | Tomb:1   | Noticed a royal mummy
 67423 | Tomb:1   | 67423 ||| INVOKING Cleansing Flame.
 67424 | Tomb:1   | 67424 ||| INVOKING Cleansing Flame.
 67424 | Tomb:1   | Killed a royal mummy
 67425 | Tomb:1   | 67425 ||| INVOKING Cleansing Flame.
 67425 | Tomb:1   | Killed a royal mummy
 67430 | Tomb:1   | Noticed a royal mummy
 67431 | Tomb:1   | Killed a royal mummy
 67432 | Tomb:1   | Reached skill level 21 in Invocations
 67434 | Tomb:1   | Killed a royal mummy
 67600 | Tomb:1   | Noticed a royal mummy
 67600 | Tomb:1   | Noticed a royal mummy
 67601 | Tomb:1   | Noticed a royal mummy
 67606 | Tomb:1   | Killed a royal mummy
 67611 | Tomb:1   | Killed a royal mummy
 67613 | Tomb:1   | Killed a royal mummy
 67621 | Tomb:1   | Noticed a royal mummy
 67625 | Tomb:1   | 67625 ||| INVOKING Cleansing Flame.
 67626 | Tomb:1   | 67626 ||| INVOKING Cleansing Flame.
 67627 | Tomb:1   | 67627 ||| INVOKING Cleansing Flame.
 67627 | Tomb:1   | Killed a royal mummy
 67691 | Tomb:1   | 67691 ||| INVOKING Summon Divine Warrior.
 67694 | Tomb:1   | HP: 40/192 [deep elf master archer/arrow[the fury of
                  | Okawaru] (11)]
 67695 | Tomb:1   | 67695 ||| READING 11 scrolls of teleportation.
 67696 | Tomb:1   | 67696 ||| DRINKING 9 potions of heal wounds.
 68013 | Tomb:1   | Was forgiven by Okawaru
 68024 | Tomb:1   | Noticed a royal mummy
 68025 | Tomb:1   | 68025 ||| INVOKING Summon Divine Warrior.
 68027 | Tomb:1   | Noticed a royal mummy
 68030 | Tomb:1   | 68030 ||| INVOKING Cleansing Flame.
 68030 | Tomb:1   | Noticed a royal mummy
 68034 | Tomb:1   | Killed a royal mummy
 68035 | Tomb:1   | 68035 ||| INVOKING Cleansing Flame.
 68037 | Tomb:1   | Noticed a royal mummy
 68039 | Tomb:1   | Killed a royal mummy
 68040 | Tomb:1   | 68040 ||| INVOKING Cleansing Flame.
 68041 | Tomb:1   | 68041 ||| INVOKING Cleansing Flame.
 68042 | Tomb:1   | Noticed a royal mummy
 68042 | Tomb:1   | 68042 ||| INVOKING Cleansing Flame.
 68043 | Tomb:1   | Killed a royal mummy
 68045 | Tomb:1   | 68045 ||| INVOKING Cleansing Flame.
 68046 | Tomb:1   | 68046 ||| INVOKING Cleansing Flame.
 68049 | Tomb:1   | Killed a royal mummy
 68051 | Tomb:1   | 68051 ||| INVOKING Cleansing Flame.
 68051 | Tomb:1   | Killed a royal mummy
 68051 | Tomb:1   | Noticed a royal mummy
 68056 | Tomb:1   | 68056 ||| INVOKING Cleansing Flame.
 68057 | Tomb:1   | 68057 ||| INVOKING Cleansing Flame.
 68060 | Tomb:1   | Killed a royal mummy
 68540 | Tomb:3   | Entered Level 3 of the Tomb of the Ancients
 68541 | Tomb:3   | 68541 ||| DRINKING 7 potions of haste.
 68542 | Tomb:3   | 68542 ||| DRINKING 8 potions of attraction.
 68562 | Tomb:3   | Noticed a royal mummy
 68563 | Tomb:3   | 68563 ||| INVOKING Summon Divine Warrior.
 68567 | Tomb:3   | 68567 ||| INVOKING Cleansing Flame.
 68567 | Tomb:3   | Noticed a royal mummy
 68574 | Tomb:3   | Killed a royal mummy
 68577 | Tomb:3   | 68577 ||| INVOKING Cleansing Flame.
 68582 | Tomb:3   | Killed a royal mummy
 68585 | Tomb:3   | 68585 ||| INVOKING Cleansing Flame.
 68586 | Tomb:3   | 68586 ||| INVOKING Cleansing Flame.
 68587 | Tomb:3   | Noticed a royal mummy
 68589 | Tomb:3   | 68589 ||| INVOKING Cleansing Flame.
 68590 | Tomb:3   | 68590 ||| INVOKING Cleansing Flame.
 68591 | Tomb:3   | 68591 ||| INVOKING Cleansing Flame.
 68591 | Tomb:3   | Killed a royal mummy
 68592 | Tomb:3   | Noticed a royal mummy
 68595 | Tomb:3   | 68595 ||| Stepping randomly (cloudy).
 68597 | Tomb:3   | HP: 42/192 [juggernaut simulacrum[a mummy priest] (18)]
 68597 | Tomb:3   | The Shining One protects you from harm!
 68598 | Tomb:3   | 68598 ||| READING 10 scrolls of teleportation.
 68599 | Tomb:3   | 68599 ||| DRINKING 8 potions of heal wounds.
 68599 | Tomb:3   | HP: 6/192 [juggernaut simulacrum[a mummy priest] (22)]
 68600 | Tomb:3   | 68600 ||| DRINKING 7 potions of heal wounds.
 68607 | Tomb:3   | 68607 ||| DRINKING 6 potions of heal wounds.
 68608 | Tomb:3   | 68608 ||| INVOKING Summon Divine Warrior.
 68614 | Tomb:3   | 68614 ||| INVOKING Cleansing Flame.
 68615 | Tomb:3   | 68615 ||| INVOKING Summon Divine Warrior.
 68618 | Tomb:3   | 68618 ||| INVOKING Cleansing Flame.
 68620 | Tomb:3   | HP: 46/192 [royal mummy/divine providence (13)]
 68621 | Tomb:3   | 68621 ||| READING 9 scrolls of teleportation.
 68622 | Tomb:3   | 68622 ||| DRINKING 5 potions of heal wounds.
 68622 | Tomb:3   | Killed a royal mummy
 68623 | Tomb:3   | Noticed a royal mummy
 68623 | Tomb:3   | Noticed a royal mummy
 68623 | Tomb:3   | Noticed a royal mummy
 68624 | Tomb:3   | 68624 ||| INVOKING Cleansing Flame.
 68625 | Tomb:3   | 68625 ||| READING 8 scrolls of teleportation.
 68625 | Tomb:3   | HP: 24/192 [royal mummy/divine providence (14)]
 68626 | Tomb:3   | 68626 ||| DRINKING 4 potions of heal wounds.
 68627 | Tomb:3   | 68627 ||| READING 7 scrolls of teleportation.
 68628 | Tomb:3   | 68628 ||| DRINKING 3 potions of heal wounds.
 68633 | Tomb:3   | 68633 ||| INVOKING Summon Divine Warrior.
 68650 | Tomb:3   | Noticed a royal mummy
 68655 | Tomb:3   | Killed a royal mummy
 68719 | Tomb:3   | 68719 ||| INVOKING Cleansing Flame.
 68721 | Tomb:3   | Killed a royal mummy
 68728 | Tomb:3   | 68728 ||| INVOKING Cleansing Flame.
 68732 | Tomb:3   | Killed a royal mummy
 68734 | Tomb:3   | Reached skill level 24 in Invocations
 68745 | Tomb:3   | Killed a royal mummy
 68842 | Tomb:3   | Got a golden rune of Zot
 69118 | Tomb:3   | Identified the +5 great sword "Geastrar" {flame, rF+ rC+}
 69122 | Tomb:3   | Identified the ring "Zyohitt" {rPois Str+6}
 69124 | Tomb:3   | Identified the +8 chain mail of Responsibility {Harm rCorr}
 69130 | Tomb:3   | Identified the +6 scimitar "Concordance" {freeze, Fly}
 69140 | Tomb:3   | Identified the +6 mace of Mana {pain, rF+ rN++ SInv Stlth+}
 69151 | Tomb:3   | Identified the +9 great sword of Odopp {venom, rPois rN+
                  | Dex-3}
 69196 | Tomb:3   | 69196 ||| PLANNING PAN
 69196 | Tomb:3   | 69196 ||| DROPPING +4 plate armour.
 69197 | Tomb:3   | 69197 ||| DROPPING +0 cloak of preservation.
 69198 | Tomb:3   | 69198 ||| UPGRADING to +1 pair of gloves of strength.
 69208 | Tomb:3   | 69208 ||| DROPPING +2 pair of gloves of hurling.
 69209 | Tomb:3   | 69209 ||| READING 6 scrolls of enchant armour.
 69209 | Tomb:3   | 69209 ||| ENCHANTING +1 pair of gloves of strength.
 69210 | Tomb:3   | 69210 ||| DROPPING ring of magical power.
 69211 | Tomb:3   | 69211 ||| DROPPING ring "Zyohitt" {rPois Str+6}.
 69718 | Pan      | Entered Pandemonium
 69742 | Pan      | 69742 ||| Stepping ~*~*~tactically~*~*~ (stealth).
 69743 | Pan      | 69743 ||| Stepping ~*~*~tactically~*~*~ (stealth).
 69745 | Pan      | 69745 ||| Stepping ~*~*~tactically~*~*~ (hiding).
 69805 | Pan      | 69805 ||| Stepping ~*~*~tactically~*~*~ (stealth).
 69841 | Pan      | Gained mutation: You occasionally lose the ability to drink
                  | potions when taking damage. [a cacodemon]
 69875 | Pan      | 69875 ||| DRINKING 7 potions of mutation.
 69875 | Pan      | Lost mutation: You are very weak. (Str -4) [potion of
                  | mutation]
 69875 | Pan      | Lost mutation: Your spells are a little easier to cast, but
                  | a little less powerful. [potion of mutation]
 69875 | Pan      | Gained mutation: You passively dampen the noise of your
                  | surroundings. [potion of mutation]
 69876 | Pan      | 69876 ||| DRINKING 6 potions of mutation.
 69876 | Pan      | Lost mutation: You are dopey. (Int -2) [potion of mutation]
 69876 | Pan      | Lost mutation: You passively dampen the noise of your
                  | surroundings. [potion of mutation]
 69876 | Pan      | Lost mutation: You occasionally shout uncontrollably at
                  | your foes. [potion of mutation]
 69876 | Pan      | Gained mutation: You have large cloven feet. [potion of
                  | mutation]
 69876 | Pan      | Gained mutation: You are agile. (Dex +4, Str/Int -1)
                  | [potion of mutation]
 69877 | Pan      | 69877 ||| DRINKING 5 potions of mutation.
 69877 | Pan      | Lost mutation: You have large cloven feet. [potion of
                  | mutation]
 69877 | Pan      | Lost mutation: You are agile. (Dex +4, Str/Int -1) [potion
                  | of mutation]
 69877 | Pan      | Lost mutation: You occasionally lose the ability to drink
                  | potions when taking damage. [potion of mutation]
 69877 | Pan      | Gained mutation: You are somewhat resistant to further
                  | mutation. [potion of mutation]
 69941 | Pan      | 69941 ||| Stepping ~*~*~tactically~*~*~ (hiding).
 69943 | Pan      | 69943 ||| Stepping ~*~*~tactically~*~*~ (hiding).
 70068 | Pan      | 70068 ||| Stepping ~*~*~tactically~*~*~ (stealth).
 70071 | Pan      | 70071 ||| Stepping ~*~*~tactically~*~*~ (hiding).
 70073 | Pan      | 70073 ||| Stepping ~*~*~tactically~*~*~ (hiding).
 70077 | Pan      | 70077 ||| INVOKING Summon Divine Warrior.
 70080 | Pan      | 70080 ||| Stepping randomly (cloudy).
 70081 | Pan      | 70081 ||| Stepping ~*~*~tactically~*~*~ (cloud).
 70161 | Pan      | Noticed Zoyceade the pandemonium lord
 70171 | Pan      | Killed Zoyceade the pandemonium lord
 70397 | Pan      | 70397 ||| Stepping ~*~*~tactically~*~*~ (hiding).
 70398 | Pan      | 70398 ||| INVOKING Cleansing Flame.
 70437 | Pan      | 70437 ||| Stepping ~*~*~tactically~*~*~ (hiding).
 70684 | Pan      | 70684 ||| INVOKING Cleansing Flame.
 70773 | Pan      | 70773 ||| Stepping ~*~*~tactically~*~*~ (hiding).
 70857 | Pan      | 70857 ||| Stepping ~*~*~tactically~*~*~ (stealth).
 70858 | Pan      | 70858 ||| Stepping ~*~*~tactically~*~*~ (stealth).
 70958 | Pan      | 70958 ||| DRINKING 6 potions of resistance.
 70959 | Pan      | 70959 ||| INVOKING Summon Divine Warrior.
 71140 | Pan      | Noticed Ojethraa the pandemonium lord
 71142 | Pan      | 71142 ||| DRINKING 5 potions of resistance.
 71149 | Pan      | Killed Ojethraa the pandemonium lord
 71150 | Pan      | 71150 ||| INVOKING Summon Divine Warrior.
 71151 | Pan      | 71151 ||| INVOKING Cleansing Flame.
 71160 | Pan      | Identified the +1 chain mail "Sak Bount" {+Blink rElec rC-}
 71162 | Pan      | 71162 ||| INVOKING Summon Divine Warrior.
 71294 | Pan      | 71294 ||| INVOKING Cleansing Flame.
 71612 | Pan      | 71612 ||| INVOKING Cleansing Flame.
 71839 | Pan      | 71839 ||| UPGRADING to +2 tower shield of protection.
 71849 | Pan      | 71849 ||| DROPPING +0 tower shield.
 71874 | Pan      | 71874 ||| DRINKING 4 potions of resistance.
 71916 | Pan      | Entered the realm of Cerebov.
 71918 | Pan      | 71918 ||| Stepping ~*~*~tactically~*~*~ (stealth).
 71935 | Pan      | Noticed Mennas
 71936 | Pan      | 71936 ||| INVOKING Summon Divine Warrior.
 71964 | Pan      | Killed Mennas
 72168 | Pan      | 72168 ||| READING scroll of enchant weapon.
 72168 | Pan      | 72168 ||| ENCHANTING +8 broad axe of holy wrath.
 72243 | Pan      | 72243 ||| INVOKING Summon Divine Warrior.
 72246 | Pan      | Identified the +1 robe "Uras" {rPois rF- Will- Regen+}
 72249 | Pan      | Found the +6 sword of Cerebov {flame}
 72249 | Pan      | Noticed Cerebov
 72250 | Pan      | 72250 ||| DRINKING 8 potions of haste.
 72251 | Pan      | 72251 ||| DRINKING 3 potions of resistance.
 72252 | Pan      | 72252 ||| INVOKING Cleansing Flame.
 72253 | Pan      | 72253 ||| INVOKING Cleansing Flame.
 72254 | Pan      | 72254 ||| DRINKING 9 potions of might.
 72255 | Pan      | 72255 ||| INVOKING Summon Divine Warrior.
 72257 | Pan      | 72257 ||| Stepping randomly (cloudy).
 72262 | Pan      | 72262 ||| INVOKING Summon Divine Warrior.
 72271 | Pan      | 72271 ||| INVOKING Summon Divine Warrior.
 72273 | Pan      | HP: 48/192 [Cerebov/the +6 sword of Cerebov {flame} (13)]
 72274 | Pan      | 72274 ||| READING 9 scrolls of teleportation.
 72274 | Pan      | HP: 10/192 [Cerebov/the +6 sword of Cerebov {flame} (33)]
 72275 | Pan      | 72275 ||| DRINKING 5 potions of heal wounds.
 72276 | Pan      | 72276 ||| DRINKING 4 potions of heal wounds.
 72278 | Pan      | Killed Cerebov
 72283 | Pan      | 72283 ||| INVOKING Summon Divine Warrior.
 72487 | Pan      | 72487 ||| Stepping ~*~*~tactically~*~*~ (stealth).
 72488 | Pan      | 72488 ||| Stepping ~*~*~tactically~*~*~ (stealth).
 72561 | Pan      | 72561 ||| Stepping ~*~*~tactically~*~*~ (hiding).
 72563 | Pan      | 72563 ||| Stepping ~*~*~tactically~*~*~ (hiding).
 72766 | Pan      | Identified the +2 leather armour of Parts Unknown {Str-3
                  | Int+3 Dex+3}
 72781 | Pan      | Got a fiery rune of Zot
 72903 | Pan      | 72903 ||| Stepping ~*~*~tactically~*~*~ (hiding).
 72912 | Pan      | 72912 ||| Stepping ~*~*~tactically~*~*~ (hiding).
 72926 | Pan      | 72926 ||| DROPPING +1 cloak of poison resistance.
 72928 | Pan      | 72928 ||| Stepping ~*~*~tactically~*~*~ (hiding).
 72943 | Pan      | 72943 ||| Stepping ~*~*~tactically~*~*~ (hiding).
 72961 | Pan      | 72961 ||| Stepping ~*~*~tactically~*~*~ (hiding).
 73067 | Pan      | 73067 ||| DROPPING +6 plate armour of ponderousness.
 73314 | Pan      | Reached skill level 27 in Invocations
 73457 | Pan      | 73457 ||| Stepping ~*~*~tactically~*~*~ (stealth).
 73459 | Pan      | 73459 ||| Stepping ~*~*~tactically~*~*~ (hiding).
 73509 | Pan      | Gained mutation: You occasionally lose the ability to drink
                  | potions when taking damage. [a neqoxec]
 73512 | Pan      | 73512 ||| DRINKING 4 potions of mutation.
 73512 | Pan      | Lost mutation: You are weak. (Str -2) [potion of mutation]
 73512 | Pan      | Lost mutation: You occasionally lose the ability to drink
                  | potions when taking damage. [potion of mutation]
 73512 | Pan      | Gained mutation: You have large cloven feet. [potion of
                  | mutation]
 73555 | Pan      | 73555 ||| ZAPPING wand of digging (13).
 73557 | Pan      | 73557 ||| ZAPPING wand of digging (12).
 73559 | Pan      | 73559 ||| ZAPPING wand of digging (11).
 73560 | Pan      | 73560 ||| ZAPPING wand of digging (10).
 73561 | Pan      | 73561 ||| INVOKING Cleansing Flame.
 73566 | Pan      | 73566 ||| INVOKING Cleansing Flame.
 73570 | Pan      | 73570 ||| INVOKING Cleansing Flame.
 73584 | Pan      | 73584 ||| INVOKING Cleansing Flame.
 73585 | Pan      | 73585 ||| INVOKING Cleansing Flame.
 73590 | Pan      | 73590 ||| INVOKING Cleansing Flame.
 73605 | Pan      | 73605 ||| Stepping ~*~*~tactically~*~*~ (stealth).
 73606 | Pan      | 73606 ||| Stepping ~*~*~tactically~*~*~ (stealth).
 73648 | Pan      | 73648 ||| INVOKING Cleansing Flame.
 73653 | Pan      | 73653 ||| INVOKING Cleansing Flame.
 73663 | Pan      | 73663 ||| Stepping ~*~*~tactically~*~*~ (hiding).
 73709 | Pan      | 73709 ||| Stepping ~*~*~tactically~*~*~ (stealth).
 73740 | Pan      | Noticed Janirpha the pandemonium lord
 73740 | Pan      | 73740 ||| INVOKING Cleansing Flame.
 73741 | Pan      | 73741 ||| INVOKING Summon Divine Warrior.
 73748 | Pan      | Killed Janirpha the pandemonium lord
 73795 | Pan      | Got a demonic rune of Zot
 73825 | Pan      | 73825 ||| Stepping ~*~*~tactically~*~*~ (hiding).
 73840 | Pan      | 73840 ||| Stepping ~*~*~tactically~*~*~ (stealth).
 73941 | Pan      | Noticed Secrol the pandemonium lord
 73942 | Pan      | 73942 ||| INVOKING Summon Divine Warrior.
 73952 | Pan      | 73952 ||| INVOKING Cleansing Flame.
 73962 | Pan      | Killed Secrol the pandemonium lord
 74049 | Pan      | 74049 ||| INVOKING Cleansing Flame.
 74087 | Pan      | 74087 ||| Stepping ~*~*~tactically~*~*~ (stealth).
 74103 | Pan      | Entered the realm of Lom Lobon.
 74116 | Pan      | 74116 ||| Stepping ~*~*~tactically~*~*~ (hiding).
 74119 | Pan      | 74119 ||| Stepping ~*~*~tactically~*~*~ (hiding).
 74147 | Pan      | 74147 ||| DROPPING 5 silver boomerangs.
 74148 | Pan      | 74148 ||| DROPPING 14 boomerangs.
 74150 | Pan      | 74150 ||| DROPPING 4 boomerangs of dispersal.
 74170 | Pan      | 74170 ||| Stepping ~*~*~tactically~*~*~ (hiding).
 74258 | Pan      | 74258 ||| Stepping ~*~*~tactically~*~*~ (stealth).
 74260 | Pan      | 74260 ||| Stepping ~*~*~tactically~*~*~ (hiding).
 74334 | Pan      | 74334 ||| Stepping ~*~*~tactically~*~*~ (stealth).
 74336 | Pan      | 74336 ||| Stepping ~*~*~tactically~*~*~ (hiding).
 74369 | Pan      | 74369 ||| Stepping ~*~*~tactically~*~*~ (stealth).
 74370 | Pan      | 74370 ||| Stepping ~*~*~tactically~*~*~ (stealth).
 74524 | Pan      | Noticed Lom Lobon
 74525 | Pan      | 74525 ||| DRINKING 7 potions of haste.
 74526 | Pan      | 74526 ||| INVOKING Summon Divine Warrior.
 74527 | Pan      | 74527 ||| DRINKING 9 potions of might.
 74529 | Pan      | 74529 ||| INVOKING Cleansing Flame.
 74530 | Pan      | 74530 ||| INVOKING Cleansing Flame.
 74531 | Pan      | 74531 ||| INVOKING Cleansing Flame.
 74532 | Pan      | 74532 ||| INVOKING Cleansing Flame.
 74533 | Pan      | 74533 ||| INVOKING Cleansing Flame.
 74534 | Pan      | 74534 ||| INVOKING Cleansing Flame.
 74534 | Pan      | Killed Lom Lobon
 74535 | Pan      | 74535 ||| Stepping randomly (cloudy).
 74547 | Pan      | 74547 ||| Stepping randomly (cloudy).
 74548 | Pan      | 74548 ||| Stepping ~*~*~tactically~*~*~ (cloud).
 74612 | Pan      | Got a magical rune of Zot
 74926 | Pan      | 74926 ||| Stepping ~*~*~tactically~*~*~ (stealth).
 74943 | Pan      | 74943 ||| Stepping ~*~*~tactically~*~*~ (stealth).
 74945 | Pan      | 74945 ||| Stepping ~*~*~tactically~*~*~ (stealth).
 74947 | Pan      | 74947 ||| Stepping ~*~*~tactically~*~*~ (hiding).
 74953 | Pan      | 74953 ||| Stepping ~*~*~tactically~*~*~ (hiding).
 74995 | Pan      | 74995 ||| Stepping ~*~*~tactically~*~*~ (stealth).
 74996 | Pan      | 74996 ||| Stepping ~*~*~tactically~*~*~ (stealth).
 74997 | Pan      | 74997 ||| INVOKING Cleansing Flame.
 74998 | Pan      | 74998 ||| INVOKING Summon Divine Warrior.
 75188 | Pan      | Found an exit through the horrors of the Abyss.
 75202 | Pan      | 75202 ||| Stepping ~*~*~tactically~*~*~ (hiding).
 75208 | Pan      | Noticed Gitanor the pandemonium lord
 75209 | Pan      | 75209 ||| Stepping ~*~*~tactically~*~*~ (hiding).
 75214 | Pan      | 75214 ||| INVOKING Summon Divine Warrior.
 75219 | Pan      | 75219 ||| INVOKING Summon Divine Warrior.
 75222 | Pan      | Killed Gitanor the pandemonium lord
 75233 | Pan      | 75233 ||| READING 10 scrolls of teleportation.
 75259 | Pan      | Noticed Zymerph the pandemonium lord
 75260 | Pan      | 75260 ||| INVOKING Summon Divine Warrior.
 75266 | Pan      | 75266 ||| INVOKING Cleansing Flame.
 75266 | Pan      | Killed Zymerph the pandemonium lord
 75289 | Pan      | Entered the realm of Mnoleg.
 75296 | Pan      | Paralysed by a floating eye for 4 turns
 75300 | Pan      | Gained mutation: Your body sometimes deteriorates upon
                  | taking damage. [a cacodemon]
 75315 | Pan      | 75315 ||| Stepping ~*~*~tactically~*~*~ (hiding).
 75326 | Pan      | 75326 ||| Stepping ~*~*~tactically~*~*~ (hiding).
 75337 | Pan      | 75337 ||| Stepping ~*~*~tactically~*~*~ (hiding).
 75345 | Pan      | Gained mutation: Armour fits poorly on your strangely
                  | shaped body. [a neqoxec]
 75371 | Pan      | 75371 ||| DRINKING 3 potions of mutation.
 75371 | Pan      | Lost mutation: Your body sometimes deteriorates upon taking
                  | damage. [potion of mutation]
 75371 | Pan      | Lost mutation: Armour fits poorly on your strangely shaped
                  | body. [potion of mutation]
 75371 | Pan      | Lost mutation: You have large cloven feet. [potion of
                  | mutation]
 75371 | Pan      | Gained mutation: You occasionally lose the ability to read
                  | scrolls when taking damage. [potion of mutation]
 75371 | Pan      | Noticed Mnoleg
 75372 | Pan      | 75372 ||| INVOKING Summon Divine Warrior.
 75375 | Pan      | 75375 ||| INVOKING Cleansing Flame.
 75379 | Pan      | 75379 ||| INVOKING Summon Divine Warrior.
 75393 | Pan      | Killed Mnoleg
 75400 | Pan      | 75400 ||| DRINKING 2 potions of mutation.
 75400 | Pan      | Lost mutation: You are somewhat resistant to further
                  | mutation. [potion of mutation]
 75400 | Pan      | Lost mutation: You occasionally lose the ability to read
                  | scrolls when taking damage. [potion of mutation]
 75400 | Pan      | Gained mutation: Your mind is acute. (Int +4, Str/Dex -1)
                  | [potion of mutation]
 75400 | Pan      | Gained mutation: You are agile. (Dex +4, Str/Int -1)
                  | [potion of mutation]
 75493 | Pan      | Gained mutation: You are vulnerable to cold. (rC-) [a
                  | neqoxec]
 75498 | Pan      | 75498 ||| DRINKING potion of mutation.
 75498 | Pan      | Lost mutation: Your mind is acute. (Int +4, Str/Dex -1)
                  | [potion of mutation]
 75498 | Pan      | Lost mutation: You are vulnerable to cold. (rC-) [potion of
                  | mutation]
 75498 | Pan      | Gained mutation: You have a pair of small antennae on your
                  | head. [potion of mutation]
 75498 | Pan      | Gained mutation: You occasionally lose the ability to read
                  | scrolls when taking damage. [potion of mutation]
 75498 | Pan      | Gained mutation: You are partially covered in iridescent
                  | scales. (AC +2) [potion of mutation]
 75510 | Pan      | Paralysed by a floating eye for 2 turns
 75587 | Pan      | Lost mutation: You are agile. (Dex +4, Str/Int -1) [a
                  | cacodemon]
 75740 | Pan      | Gained mutation: You are clumsy. (Dex -2) [a neqoxec]
 75835 | Pan      | Gained mutation: Your magical capacity is low. (-10% MP) [a
                  | shining eye]
 76071 | Pan      | Got a glowing rune of Zot
 76114 | Depths:2 | Escaped Pandemonium
 76115 | Depths:2 | 76115 ||| DROPPING +2 helmet.
 76117 | Pan      | Entered Pandemonium
 76118 | Pan      | 76118 ||| Stepping ~*~*~tactically~*~*~ (hiding).
 76133 | Pan      | 76133 ||| Stepping ~*~*~tactically~*~*~ (hiding).
 76134 | Pan      | 76134 ||| Stepping ~*~*~tactically~*~*~ (hiding).
 76135 | Pan      | 76135 ||| Stepping ~*~*~tactically~*~*~ (hiding).
 76181 | Pan      | 76181 ||| Stepping ~*~*~tactically~*~*~ (stealth).
 76292 | Pan      | 76292 ||| Stepping ~*~*~tactically~*~*~ (stealth).
 76294 | Pan      | 76294 ||| Stepping ~*~*~tactically~*~*~ (hiding).
 76442 | Pan      | 76442 ||| Stepping ~*~*~tactically~*~*~ (stealth).
 76448 | Pan      | 76448 ||| Stepping ~*~*~tactically~*~*~ (stealth).
 76521 | Pan      | 76521 ||| Stepping ~*~*~tactically~*~*~ (stealth).
 76522 | Pan      | 76522 ||| Stepping ~*~*~tactically~*~*~ (stealth).
 76560 | Pan      | Reached skill level 1 in Short Blades
 76568 | Pan      | 76568 ||| INVOKING Cleansing Flame.
 76579 | Pan      | 76579 ||| Stepping ~*~*~tactically~*~*~ (hiding).
 76580 | Pan      | 76580 ||| Stepping ~*~*~tactically~*~*~ (hiding).
 76583 | Pan      | 76583 ||| INVOKING Cleansing Flame.
 76588 | Pan      | 76588 ||| INVOKING Cleansing Flame.
 76598 | Pan      | 76598 ||| Stepping ~*~*~tactically~*~*~ (stealth).
 76599 | Pan      | Gained mutation: Your body sometimes deteriorates upon
                  | taking damage. [a neqoxec]
 76636 | Pan      | Reached skill level 3 in Short Blades
 76664 | Pan      | Found an exit through the horrors of the Abyss.
 76666 | Pan      | 76666 ||| Stepping ~*~*~tactically~*~*~ (hiding).
 76675 | Pan      | 76675 ||| Stepping ~*~*~tactically~*~*~ (stealth).
 76676 | Pan      | 76676 ||| Stepping ~*~*~tactically~*~*~ (stealth).
 76692 | Pan      | Found a runed translucent door.
 76761 | Pan      | 76761 ||| Stepping ~*~*~tactically~*~*~ (hiding).
 76830 | Pan      | 76830 ||| INVOKING Summon Divine Warrior.
 76834 | Pan      | 76834 ||| INVOKING Cleansing Flame.
 77069 | Pan      | 77069 ||| Stepping ~*~*~tactically~*~*~ (stealth).
 77107 | Pan      | 77107 ||| Stepping ~*~*~tactically~*~*~ (hiding).
 77111 | Pan      | 77111 ||| Stepping ~*~*~tactically~*~*~ (hiding).
 77112 | Pan      | 77112 ||| Stepping ~*~*~tactically~*~*~ (hiding).
 77118 | Pan      | 77118 ||| Stepping ~*~*~tactically~*~*~ (hiding).
 77122 | Pan      | 77122 ||| Stepping ~*~*~tactically~*~*~ (hiding).
 77123 | Pan      | 77123 ||| Stepping ~*~*~tactically~*~*~ (hiding).
 77132 | Pan      | 77132 ||| Stepping ~*~*~tactically~*~*~ (stealth).
 77282 | Pan      | Entered the realm of Gloorx Vloq.
 77330 | Pan      | Found an exit through the horrors of the Abyss.
 77362 | Pan      | 77362 ||| Stepping ~*~*~tactically~*~*~ (stealth).
 77377 | Pan      | 77377 ||| Stepping ~*~*~tactically~*~*~ (stealth).
 77464 | Pan      | 77464 ||| Stepping ~*~*~tactically~*~*~ (stealth).
 77603 | Pan      | Reached skill level 27 in Fighting
 77603 | Pan      | Noticed Gloorx Vloq
 77604 | Pan      | 77604 ||| Stepping ~*~*~tactically~*~*~ (hiding).
 77608 | Pan      | 77608 ||| INVOKING Summon Divine Warrior.
 77609 | Pan      | 77609 ||| INVOKING Cleansing Flame.
 77610 | Pan      | 77610 ||| INVOKING Cleansing Flame.
 77611 | Pan      | 77611 ||| INVOKING Cleansing Flame.
 77617 | Pan      | Killed Gloorx Vloq
 77624 | Pan      | 77624 ||| INVOKING Cleansing Flame.
 77638 | Pan      | 77638 ||| INVOKING Cleansing Flame.
 78250 | Pan      | Got a dark rune of Zot
 78253 | Pan      | Identified the +1 buckler of Howling Wind {*Slow rPois rC+
                  | SInv Stlth+}
 78277 | Pan      | 78277 ||| PLANNING SLIME:5
 78277 | Pan      | 78277 ||| UPGRADING to +1 hat of Purpose {*Slow rPois rN+
                  | rCorr}.
 78282 | Pan      | 78282 ||| DROPPING ring of fire.
 78367 | Pan      | 78367 ||| DRINKING 2 potions of resistance.
 78368 | Pan      | 78368 ||| INVOKING Summon Divine Warrior.
 78432 | Pan      | Noticed Berholepsa the pandemonium lord
 78436 | Pan      | 78436 ||| INVOKING Summon Divine Warrior.
 78444 | Pan      | 78444 ||| INVOKING Cleansing Flame.
 78444 | Pan      | The Shining One protects you from harm!
 78446 | Pan      | Reached skill level 24 in Armour
 78446 | Pan      | Killed Berholepsa the pandemonium lord
 78596 | Pan      | 78596 ||| Stepping ~*~*~tactically~*~*~ (hiding).
 78622 | Pan      | 78622 ||| Stepping ~*~*~tactically~*~*~ (stealth).
 78705 | Pan      | 78705 ||| Stepping ~*~*~tactically~*~*~ (stealth).
 78871 | Pan      | 78871 ||| Stepping ~*~*~tactically~*~*~ (stealth).
 78872 | Pan      | 78872 ||| Stepping ~*~*~tactically~*~*~ (stealth).
 78873 | Pan      | 78873 ||| Stepping ~*~*~tactically~*~*~ (stealth).
 78874 | Pan      | 78874 ||| Stepping ~*~*~tactically~*~*~ (stealth).
 78875 | Pan      | 78875 ||| Stepping ~*~*~tactically~*~*~ (stealth).
 78943 | Pan      | Found an exit through the horrors of the Abyss.
 78947 | Pan      | 78947 ||| Stepping randomly (cloudy).
 78948 | Pan      | 78948 ||| Stepping randomly (cloudy).
 78951 | Pan      | 78951 ||| Stepping ~*~*~tactically~*~*~ (cloud).
 78995 | Pan      | 78995 ||| Stepping ~*~*~tactically~*~*~ (stealth).
 79086 | Pan      | 79086 ||| Stepping ~*~*~tactically~*~*~ (stealth).
 79224 | Pan      | Gained mutation: You sometimes lose your temper in combat.
                  | [a neqoxec]
 79573 | Pan      | 79573 ||| Stepping ~*~*~tactically~*~*~ (stealth).
 79720 | Pan      | 79720 ||| Stepping ~*~*~tactically~*~*~ (hiding).
 79981 | Pan      | 79981 ||| Stepping ~*~*~tactically~*~*~ (hiding).
 79983 | Pan      | 79983 ||| Stepping ~*~*~tactically~*~*~ (stealth).
 80024 | Pan      | 80024 ||| DRINKING potion of resistance.
 80025 | Pan      | 80025 ||| INVOKING Summon Divine Warrior.
 80030 | Pan      | 80030 ||| INVOKING Cleansing Flame.
 80042 | Pan      | Noticed Famp the pandemonium lord
 80053 | Pan      | HP: 49/199 [??? (9)]
 80054 | Pan      | 80054 ||| READING 10 scrolls of teleportation.
 80056 | Pan      | Killed Famp the pandemonium lord
 80085 | Pan      | 80085 ||| INVOKING Cleansing Flame.
 80198 | Pan      | 80198 ||| INVOKING Summon Divine Warrior.
 80209 | Pan      | Reached skill level 15 in Dodging
 80223 | Pan      | 80223 ||| INVOKING Cleansing Flame.
 80627 | Pan      | Found an exit through the horrors of the Abyss.
 81026 | Pan      | 81026 ||| INVOKING Summon Divine Warrior.
 81096 | Pan      | Found an exit through the horrors of the Abyss.
 81116 | Pan      | 81116 ||| Stepping ~*~*~tactically~*~*~ (stealth).
 81132 | Pan      | 81132 ||| INVOKING Summon Divine Warrior.
 81134 | Pan      | 81134 ||| INVOKING Cleansing Flame.
 81203 | Pan      | 81203 ||| Stepping ~*~*~tactically~*~*~ (cloud).
 81217 | Pan      | 81217 ||| Stepping ~*~*~tactically~*~*~ (stealth).
 81378 | Pan      | 81378 ||| Stepping randomly (cloudy).
 81378 | Pan      | Noticed Lothroocw the pandemonium lord
 81379 | Pan      | 81379 ||| Stepping ~*~*~tactically~*~*~ (cloud).
 81382 | Pan      | 81382 ||| INVOKING Cleansing Flame.
 81383 | Pan      | 81383 ||| INVOKING Cleansing Flame.
 81384 | Pan      | 81384 ||| INVOKING Cleansing Flame.
 81386 | Pan      | Killed Lothroocw the pandemonium lord
 81829 | Pan      | 81829 ||| Stepping ~*~*~tactically~*~*~ (stealth).
 82095 | Pan      | Reached skill level 15 in Throwing
 82206 | Pan      | Found a white marble altar of Elyvilon.
 82293 | Pan      | 82293 ||| Stepping ~*~*~tactically~*~*~ (stealth).
 82616 | Pan      | 82616 ||| Stepping ~*~*~tactically~*~*~ (stealth).
 82617 | Pan      | 82617 ||| Stepping ~*~*~tactically~*~*~ (stealth).
 82804 | Pan      | 82804 ||| Stepping ~*~*~tactically~*~*~ (hiding).
 82939 | Pan      | Identified the +4 plate armour of Qeung {rF- Str+5 Int+2
                  | SInv}
 83011 | Pan      | 83011 ||| READING 9 scrolls of teleportation.
 83021 | Pan      | 83021 ||| INVOKING Summon Divine Warrior.
 83021 | Pan      | Identified the +4 buckler "Zanut" {rPois Int+2 Dex+7}
 83032 | Pan      | HP: 48/199 [daeva/divine providence (13)]
 83033 | Pan      | 83033 ||| READING 8 scrolls of teleportation.
 83034 | Pan      | 83034 ||| DRINKING 7 potions of heal wounds.
 83037 | Pan      | 83037 ||| DRINKING 6 potions of heal wounds.
 83166 | Depths:2 | Escaped Pandemonium
 83167 | Depths:2 | 83167 ||| UPGRADING to +4 plate armour of Qeung {rF- Str+5
                  | Int+2 SInv}.
 83177 | Depths:2 | 83177 ||| UPGRADING to +2 cloak.
 83411 | Slime:1  | Entered Level 1 of the Pits of Slime
 83469 | Slime:2  | 83469 ||| READING 7 scrolls of teleportation.
 83470 | Slime:2  | 83470 ||| Stepping randomly (stuck).
 83471 | Slime:2  | 83471 ||| Stepping randomly (stuck).
 83472 | Slime:2  | 83472 ||| Stepping randomly (stuck).
 83486 | Slime:2  | 83486 ||| INVOKING Summon Divine Warrior.
 83486 | Slime:2  | Gained mutation: You are vulnerable to heat. (rF-) [a
                  | shining eye]
 83489 | Slime:2  | Gained mutation: You are frail. (-10% HP) [a shining eye]
 83641 | Slime:4  | 83641 ||| STAIRDANCE
 83647 | Slime:4  | 83647 ||| STAIRDANCE
 83759 | Slime:4  | 83759 ||| STAIRDANCE
 83771 | Slime:4  | 83771 ||| STAIRDANCE
 83778 | Slime:4  | 83778 ||| STAIRDANCE
 83796 | Slime:4  | 83796 ||| STAIRDANCE
 83813 | Slime:5  | Entered Level 5 of the Pits of Slime
 83835 | Slime:5  | Gained mutation: Armour fits poorly on your strangely
                  | shaped body. [a shining eye]
 83845 | Slime:5  | Paralysed by a floating eye for 2 turns
 83846 | Slime:5  | Noticed the Royal Jelly
 83852 | Slime:5  | 83852 ||| INVOKING Summon Divine Warrior.
 83862 | Slime:5  | Killed the Royal Jelly
 83885 | Slime:5  | 83885 ||| DRINKING 2 potions of cancellation.
 83889 | Slime:5  | 83889 ||| INVOKING Summon Divine Warrior.
 83899 | Slime:5  | Gained mutation: You occasionally lose the ability to drink
                  | potions when taking damage. [a shining eye]
 84003 | Slime:5  | Found the +5 glaive of the Guard {elec, spectral, AC+5}
 84011 | Slime:5  | Got a slimy rune of Zot
 84021 | Slime:5  | Identified the +4 battleaxe of Sunlight {freeze, rElec rN+}
 84033 | Slime:5  | Identified the ring of Yredelemnul's Hope {rPois rN+ SInv}
 84038 | Slime:5  | Identified the +1 shortbow of the Gloaming {speed, rN+
                  | Will+ Int+6}
 84635 | Slime:5  | 84635 ||| PLANNING RUNE:GEH RUNE
 84635 | Slime:5  | 84635 ||| SWAPPING to +5 broad axe of Spite {vorpal, Fly
                  | rElec rF++ Int+2}.
 84636 | Slime:5  | 84636 ||| DROPPING +2 pair of gloves.
 84637 | Slime:5  | 84637 ||| UPGRADING to +5 pearl dragon scales of Okawaru's
                  | Favour {rC- rN+ Int-3 Dex+8}.
 84647 | Slime:5  | 84647 ||| SWAPPING to +9 broad axe of holy wrath.
 84648 | Slime:5  | 84648 ||| UPGRADING to scarf of resistance.
 84658 | Slime:5  | 84658 ||| DROPPING +6 acid dragon scales of Ubrezoep {rN+
                  | Regen+ rCorr Str+2 Dex-5}.
 84659 | Slime:5  | 84659 ||| DROPPING +8 chain mail of Responsibility {Harm
                  | rCorr}.
 84660 | Slime:5  | 84660 ||| REMOVING +1 hat of Purpose {*Slow rPois rN+
                  | rCorr}.
 84665 | Slime:5  | 84665 ||| DROPPING +1 hat of Purpose {*Slow rPois rN+
                  | rCorr}.
 84666 | Slime:5  | 84666 ||| DROPPING amulet of faith.
 84667 | Slime:5  | 84667 ||| DROPPING ring of Yredelemnul's Hope {rPois rN+
                  | SInv}.
 84668 | Slime:5  | 84668 ||| DROPPING ring of resist corrosion.
 84669 | Slime:5  | 84669 ||| READING 7 scrolls of teleportation.
 84673 | Slime:5  | 84673 ||| READING 6 scrolls of teleportation.
 84677 | Slime:5  | 84677 ||| READING 5 scrolls of teleportation.
 84682 | Slime:5  | 84682 ||| READING 4 scrolls of teleportation.
 84683 | Slime:5  | 84683 ||| Stepping randomly (stuck).
 84684 | Slime:5  | 84684 ||| Stepping randomly (stuck).
 84685 | Slime:5  | 84685 ||| Stepping randomly (stuck).
 84686 | Slime:5  | 84686 ||| Stepping randomly (stuck).
 84686 | Slime:5  | HP: 27/179 [acid (39)]
 84814 | Slime:5  | 84814 ||| READING 3 scrolls of teleportation.
 84818 | Slime:5  | 84818 ||| READING 2 scrolls of teleportation.
 84823 | Slime:5  | 84823 ||| READING scroll of teleportation.
 84826 | Slime:5  | 84826 ||| Stepping randomly (stuck).
 84827 | Slime:5  | 84827 ||| Stepping randomly (stuck).
 84828 | Slime:5  | 84828 ||| Stepping randomly (stuck).
 84829 | Slime:5  | 84829 ||| Stepping randomly (stuck).
 84830 | Slime:5  | 84830 ||| Stepping randomly (stuck).
 84831 | Slime:5  | 84831 ||| Stepping randomly (stuck).
 84832 | Slime:5  | 84832 ||| Stepping randomly (stuck).
 84833 | Slime:5  | 84833 ||| Stepping randomly (stuck).
 84834 | Slime:5  | 84834 ||| Stepping randomly (stuck).
 84835 | Slime:5  | 84835 ||| Stepping randomly (stuck).
 84836 | Slime:5  | 84836 ||| Stepping randomly (stuck).
 84837 | Slime:5  | 84837 ||| Stepping randomly (stuck).
 84838 | Slime:5  | 84838 ||| Stepping randomly (stuck).
 84839 | Slime:5  | 84839 ||| Stepping randomly (stuck).
 84840 | Slime:5  | 84840 ||| Stepping randomly (stuck).
 84841 | Slime:5  | 84841 ||| Stepping randomly (stuck).
 84842 | Slime:5  | 84842 ||| Stepping randomly (stuck).
 84843 | Slime:5  | 84843 ||| Stepping randomly (stuck).
 84844 | Slime:5  | 84844 ||| Stepping randomly (stuck).
 84845 | Slime:5  | 84845 ||| Stepping randomly (stuck).
 84846 | Slime:5  | 84846 ||| Stepping randomly (stuck).
 84847 | Slime:5  | 84847 ||| Stepping randomly (stuck).
 84848 | Slime:5  | 84848 ||| Stepping randomly (stuck).
 84849 | Slime:5  | 84849 ||| Stepping randomly (stuck).
 84850 | Slime:5  | 84850 ||| Stepping randomly (stuck).
 84851 | Slime:5  | 84851 ||| Stepping randomly (stuck).
 84852 | Slime:5  | 84852 ||| Stepping randomly (stuck).
 84853 | Slime:5  | 84853 ||| Stepping randomly (stuck).
 84854 | Slime:5  | 84854 ||| Stepping randomly (stuck).
 84855 | Slime:5  | 84855 ||| Stepping randomly (stuck).
 84856 | Slime:5  | 84856 ||| Stepping randomly (stuck).
 84857 | Slime:5  | 84857 ||| Stepping randomly (stuck).
 84858 | Slime:5  | 84858 ||| Stepping randomly (stuck).
 84859 | Slime:5  | 84859 ||| Stepping randomly (stuck).
 84860 | Slime:5  | 84860 ||| Stepping randomly (stuck).
 84861 | Slime:5  | 84861 ||| Stepping randomly (stuck).
 84862 | Slime:5  | 84862 ||| Stepping randomly (stuck).
 84863 | Slime:5  | 84863 ||| Stepping randomly (stuck).
 84864 | Slime:5  | 84864 ||| Stepping randomly (stuck).
 84865 | Slime:5  | 84865 ||| Stepping randomly (stuck).
 84866 | Slime:5  | 84866 ||| Stepping randomly (stuck).
 84867 | Slime:5  | 84867 ||| Stepping randomly (stuck).
 84868 | Slime:5  | 84868 ||| Stepping randomly (stuck).
 84869 | Slime:5  | 84869 ||| Stepping randomly (stuck).
 84870 | Slime:5  | 84870 ||| Stepping randomly (stuck).
 84871 | Slime:5  | 84871 ||| Stepping randomly (stuck).
 84872 | Slime:5  | 84872 ||| Stepping randomly (stuck).
 84873 | Slime:5  | 84873 ||| Stepping randomly (stuck).
 84874 | Slime:5  | 84874 ||| Stepping randomly (stuck).
 84875 | Slime:5  | 84875 ||| Stepping randomly (stuck).
 84876 | Slime:5  | 84876 ||| Stepping randomly (stuck).
 84877 | Slime:5  | 84877 ||| Stepping randomly (stuck).
 84884 | Slime:5  | 84884 ||| Stepping randomly (stuck).
 84885 | Slime:5  | 84885 ||| Stepping randomly (stuck).
 84886 | Slime:5  | 84886 ||| Stepping randomly (stuck).
 84887 | Slime:5  | 84887 ||| Stepping randomly (stuck).
 84888 | Slime:5  | 84888 ||| Stepping randomly (stuck).
 84889 | Slime:5  | 84889 ||| Stepping randomly (stuck).
 84890 | Slime:5  | 84890 ||| Stepping randomly (stuck).
 84891 | Slime:5  | 84891 ||| Stepping randomly (stuck).
 84892 | Slime:5  | 84892 ||| Stepping randomly (stuck).
 84927 | Slime:5  | 84927 ||| Stepping randomly (stuck).
 84928 | Slime:5  | 84928 ||| Stepping randomly (stuck).
 84929 | Slime:5  | 84929 ||| Stepping randomly (stuck).
 84930 | Slime:5  | 84930 ||| Stepping randomly (stuck).
 84931 | Slime:5  | 84931 ||| Stepping randomly (stuck).
 84932 | Slime:5  | 84932 ||| Stepping randomly (stuck).
 84933 | Slime:5  | 84933 ||| Stepping randomly (stuck).
 84934 | Slime:5  | 84934 ||| Stepping randomly (stuck).
 84935 | Slime:5  | 84935 ||| Stepping randomly (stuck).
 84936 | Slime:5  | 84936 ||| Stepping randomly (stuck).
 84937 | Slime:5  | 84937 ||| Stepping randomly (stuck).
 84938 | Slime:5  | 84938 ||| Stepping randomly (stuck).
 84939 | Slime:5  | 84939 ||| Stepping randomly (stuck).
 84940 | Slime:5  | 84940 ||| Stepping randomly (stuck).
 84941 | Slime:5  | 84941 ||| Stepping randomly (stuck).
 84942 | Slime:5  | 84942 ||| Stepping randomly (stuck).
 84943 | Slime:5  | 84943 ||| Stepping randomly (stuck).
 84944 | Slime:5  | 84944 ||| Stepping randomly (stuck).
 84945 | Slime:5  | 84945 ||| Stepping randomly (stuck).
 84958 | Slime:5  | 84958 ||| Stepping randomly (stuck).
 84959 | Slime:5  | 84959 ||| Stepping randomly (stuck).
 84960 | Slime:5  | 84960 ||| Stepping randomly (stuck).
 84965 | Slime:5  | 84965 ||| Stepping randomly (stuck).
 84966 | Slime:5  | 84966 ||| Stepping randomly (stuck).
 84967 | Slime:5  | 84967 ||| Stepping randomly (stuck).
 84968 | Slime:5  | 84968 ||| Stepping randomly (stuck).
 84969 | Slime:5  | 84969 ||| Stepping randomly (stuck).
 84970 | Slime:5  | 84970 ||| Stepping randomly (stuck).
 84971 | Slime:5  | 84971 ||| Stepping randomly (stuck).
 84972 | Slime:5  | 84972 ||| Stepping randomly (stuck).
 84973 | Slime:5  | 84973 ||| Stepping randomly (stuck).
 84974 | Slime:5  | 84974 ||| Stepping randomly (stuck).
 84975 | Slime:5  | 84975 ||| Stepping randomly (stuck).
 84976 | Slime:5  | 84976 ||| Stepping randomly (stuck).
 84977 | Slime:5  | 84977 ||| Stepping randomly (stuck).
 84978 | Slime:5  | 84978 ||| Stepping randomly (stuck).
 84979 | Slime:5  | 84979 ||| Stepping randomly (stuck).
 84980 | Slime:5  | 84980 ||| Stepping randomly (stuck).
 84981 | Slime:5  | 84981 ||| Stepping randomly (stuck).
 84982 | Slime:5  | 84982 ||| Stepping randomly (stuck).
 84983 | Slime:5  | 84983 ||| Stepping randomly (stuck).
 84984 | Slime:5  | 84984 ||| Stepping randomly (stuck).
 84985 | Slime:5  | 84985 ||| Stepping randomly (stuck).
 84986 | Slime:5  | 84986 ||| Stepping randomly (stuck).
 84987 | Slime:5  | 84987 ||| Stepping randomly (stuck).
 84988 | Slime:5  | 84988 ||| Stepping randomly (stuck).
 84989 | Slime:5  | 84989 ||| Stepping randomly (stuck).
 84990 | Slime:5  | 84990 ||| Stepping randomly (stuck).
 84991 | Slime:5  | 84991 ||| Stepping randomly (stuck).
 84992 | Slime:5  | 84992 ||| Stepping randomly (stuck).
 84993 | Slime:5  | 84993 ||| Stepping randomly (stuck).
 84994 | Slime:5  | 84994 ||| Stepping randomly (stuck).
 84995 | Slime:5  | 84995 ||| Stepping randomly (stuck).
 84996 | Slime:5  | 84996 ||| Stepping randomly (stuck).
 84997 | Slime:5  | 84997 ||| Stepping randomly (stuck).
 84998 | Slime:5  | 84998 ||| Stepping randomly (stuck).
 84999 | Slime:5  | 84999 ||| Stepping randomly (stuck).
 85000 | Slime:5  | 85000 ||| Stepping randomly (stuck).
 85001 | Slime:5  | 85001 ||| Stepping randomly (stuck).
 85002 | Slime:5  | 85002 ||| Stepping randomly (stuck).
 85003 | Slime:5  | 85003 ||| Stepping randomly (stuck).
 85004 | Slime:5  | 85004 ||| Stepping randomly (stuck).
 85005 | Slime:5  | 85005 ||| Stepping randomly (stuck).
 85006 | Slime:5  | 85006 ||| Stepping randomly (stuck).
 85007 | Slime:5  | 85007 ||| Stepping randomly (stuck).
 85008 | Slime:5  | 85008 ||| Stepping randomly (stuck).
 85009 | Slime:5  | 85009 ||| Stepping randomly (stuck).
 85016 | Slime:5  | 85016 ||| Stepping randomly (stuck).
 85017 | Slime:5  | 85017 ||| Stepping randomly (stuck).
 85018 | Slime:5  | 85018 ||| Stepping randomly (stuck).
 85019 | Slime:5  | 85019 ||| Stepping randomly (stuck).
 85020 | Slime:5  | 85020 ||| Stepping randomly (stuck).
 85021 | Slime:5  | 85021 ||| Stepping randomly (stuck).
 85022 | Slime:5  | 85022 ||| Stepping randomly (stuck).
 85023 | Slime:5  | 85023 ||| Stepping randomly (stuck).
 85024 | Slime:5  | 85024 ||| Stepping randomly (stuck).
 85025 | Slime:5  | 85025 ||| Stepping randomly (stuck).
 85026 | Slime:5  | 85026 ||| Stepping randomly (stuck).
 85027 | Slime:5  | 85027 ||| Stepping randomly (stuck).
 85028 | Slime:5  | 85028 ||| Stepping randomly (stuck).
 85029 | Slime:5  | 85029 ||| Stepping randomly (stuck).
 85030 | Slime:5  | 85030 ||| Stepping randomly (stuck).
 85031 | Slime:5  | 85031 ||| Stepping randomly (stuck).
 85032 | Slime:5  | 85032 ||| Stepping randomly (stuck).
 85033 | Slime:5  | 85033 ||| Stepping randomly (stuck).
 85034 | Slime:5  | 85034 ||| Stepping randomly (stuck).
 85035 | Slime:5  | 85035 ||| Stepping randomly (stuck).
 85036 | Slime:5  | 85036 ||| Stepping randomly (stuck).
 85037 | Slime:5  | 85037 ||| Stepping randomly (stuck).
 85038 | Slime:5  | 85038 ||| Stepping randomly (stuck).
 85039 | Slime:5  | 85039 ||| Stepping randomly (stuck).
 85040 | Slime:5  | 85040 ||| Stepping randomly (stuck).
 85041 | Slime:5  | 85041 ||| Stepping randomly (stuck).
 85042 | Slime:5  | 85042 ||| Stepping randomly (stuck).
 85043 | Slime:5  | 85043 ||| Stepping randomly (stuck).
 85044 | Slime:5  | 85044 ||| Stepping randomly (stuck).
 85045 | Slime:5  | 85045 ||| Stepping randomly (stuck).
 85046 | Slime:5  | 85046 ||| Stepping randomly (stuck).
 85047 | Slime:5  | 85047 ||| Stepping randomly (stuck).
 85048 | Slime:5  | 85048 ||| Stepping randomly (stuck).
 85049 | Slime:5  | 85049 ||| Stepping randomly (stuck).
 85050 | Slime:5  | 85050 ||| Stepping randomly (stuck).
 85051 | Slime:5  | 85051 ||| Stepping randomly (stuck).
 85052 | Slime:5  | 85052 ||| Stepping randomly (stuck).
 85053 | Slime:5  | 85053 ||| Stepping randomly (stuck).
 85054 | Slime:5  | 85054 ||| Stepping randomly (stuck).
 85055 | Slime:5  | 85055 ||| Stepping randomly (stuck).
 85056 | Slime:5  | 85056 ||| Stepping randomly (stuck).
 85057 | Slime:5  | 85057 ||| Stepping randomly (stuck).
 85058 | Slime:5  | 85058 ||| Stepping randomly (stuck).
 85059 | Slime:5  | 85059 ||| Stepping randomly (stuck).
 85060 | Slime:5  | 85060 ||| Stepping randomly (stuck).
 85061 | Slime:5  | 85061 ||| Stepping randomly (stuck).
 85062 | Slime:5  | 85062 ||| Stepping randomly (stuck).
 85063 | Slime:5  | 85063 ||| Stepping randomly (stuck).
 85064 | Slime:5  | 85064 ||| Stepping randomly (stuck).
 85065 | Slime:5  | 85065 ||| Stepping randomly (stuck).
 85066 | Slime:5  | 85066 ||| Stepping randomly (stuck).
 85067 | Slime:5  | 85067 ||| Stepping randomly (stuck).
 85068 | Slime:5  | 85068 ||| Stepping randomly (stuck).
 85072 | Slime:5  | 85072 ||| Stepping randomly (stuck).
 85073 | Slime:5  | 85073 ||| Stepping randomly (stuck).
 85074 | Slime:5  | 85074 ||| Stepping randomly (stuck).
 85075 | Slime:5  | 85075 ||| Stepping randomly (stuck).
 85076 | Slime:5  | 85076 ||| Stepping randomly (stuck).
 85077 | Slime:5  | 85077 ||| Stepping randomly (stuck).
 85078 | Slime:5  | 85078 ||| Stepping randomly (stuck).
 85079 | Slime:5  | 85079 ||| Stepping randomly (stuck).
 85080 | Slime:5  | 85080 ||| Stepping randomly (stuck).
 85081 | Slime:5  | 85081 ||| Stepping randomly (stuck).
 85082 | Slime:5  | 85082 ||| Stepping randomly (stuck).
 85083 | Slime:5  | 85083 ||| Stepping randomly (stuck).
 85084 | Slime:5  | 85084 ||| Stepping randomly (stuck).
 85085 | Slime:5  | 85085 ||| Stepping randomly (stuck).
 85086 | Slime:5  | 85086 ||| Stepping randomly (stuck).
 85087 | Slime:5  | 85087 ||| Stepping randomly (stuck).
 85088 | Slime:5  | 85088 ||| Stepping randomly (stuck).
 85089 | Slime:5  | 85089 ||| Stepping randomly (stuck).
 85090 | Slime:5  | 85090 ||| Stepping randomly (stuck).
 85091 | Slime:5  | 85091 ||| Stepping randomly (stuck).
 85092 | Slime:5  | 85092 ||| Stepping randomly (stuck).
 85093 | Slime:5  | 85093 ||| Stepping randomly (stuck).
 85094 | Slime:5  | 85094 ||| Stepping randomly (stuck).
 85095 | Slime:5  | 85095 ||| Stepping randomly (stuck).
 85096 | Slime:5  | 85096 ||| Stepping randomly (stuck).
 85097 | Slime:5  | 85097 ||| Stepping randomly (stuck).
 85098 | Slime:5  | 85098 ||| Stepping randomly (stuck).
 85099 | Slime:5  | 85099 ||| Stepping randomly (stuck).
 85100 | Slime:5  | 85100 ||| Stepping randomly (stuck).
 85101 | Slime:5  | 85101 ||| Stepping randomly (stuck).
 85102 | Slime:5  | 85102 ||| Stepping randomly (stuck).
 85103 | Slime:5  | 85103 ||| Stepping randomly (stuck).
 85104 | Slime:5  | 85104 ||| Stepping randomly (stuck).
 85105 | Slime:5  | 85105 ||| Stepping randomly (stuck).
 85106 | Slime:5  | 85106 ||| Stepping randomly (stuck).
 85107 | Slime:5  | 85107 ||| Stepping randomly (stuck).
 85108 | Slime:5  | 85108 ||| Stepping randomly (stuck).
 85109 | Slime:5  | 85109 ||| Stepping randomly (stuck).
 85110 | Slime:5  | 85110 ||| Stepping randomly (stuck).
 85111 | Slime:5  | 85111 ||| Stepping randomly (stuck).
 85112 | Slime:5  | 85112 ||| Stepping randomly (stuck).
 85113 | Slime:5  | 85113 ||| Stepping randomly (stuck).
 85114 | Slime:5  | 85114 ||| Stepping randomly (stuck).
 85115 | Slime:5  | 85115 ||| Stepping randomly (stuck).
 85116 | Slime:5  | 85116 ||| Stepping randomly (stuck).
 85117 | Slime:5  | 85117 ||| Stepping randomly (stuck).
 85132 | Slime:5  | 85132 ||| Stepping randomly (stuck).
 85133 | Slime:5  | 85133 ||| Stepping randomly (stuck).
 85134 | Slime:5  | 85134 ||| Stepping randomly (stuck).
 85135 | Slime:5  | 85135 ||| Stepping randomly (stuck).
 85136 | Slime:5  | 85136 ||| Stepping randomly (stuck).
 85137 | Slime:5  | 85137 ||| Stepping randomly (stuck).
 85138 | Slime:5  | 85138 ||| Stepping randomly (stuck).
 85139 | Slime:5  | 85139 ||| Stepping randomly (stuck).
 85140 | Slime:5  | 85140 ||| Stepping randomly (stuck).
 85141 | Slime:5  | 85141 ||| Stepping randomly (stuck).
 85142 | Slime:5  | 85142 ||| Stepping randomly (stuck).
 85143 | Slime:5  | 85143 ||| Stepping randomly (stuck).
 85144 | Slime:5  | 85144 ||| Stepping randomly (stuck).
 85145 | Slime:5  | 85145 ||| Stepping randomly (stuck).
 85146 | Slime:5  | 85146 ||| Stepping randomly (stuck).
 85147 | Slime:5  | 85147 ||| Stepping randomly (stuck).
 85148 | Slime:5  | 85148 ||| Stepping randomly (stuck).
 85149 | Slime:5  | 85149 ||| Stepping randomly (stuck).
 85150 | Slime:5  | 85150 ||| Stepping randomly (stuck).
 85151 | Slime:5  | 85151 ||| Stepping randomly (stuck).
 85152 | Slime:5  | 85152 ||| Stepping randomly (stuck).
 85158 | Slime:5  | 85158 ||| Stepping randomly (stuck).
 85159 | Slime:5  | 85159 ||| Stepping randomly (stuck).
 85165 | Slime:5  | 85165 ||| Stepping randomly (stuck).
 85166 | Slime:5  | 85166 ||| Stepping randomly (stuck).
 85167 | Slime:5  | 85167 ||| Stepping randomly (stuck).
 85168 | Slime:5  | 85168 ||| Stepping randomly (stuck).
 85169 | Slime:5  | 85169 ||| Stepping randomly (stuck).
 85170 | Slime:5  | 85170 ||| Stepping randomly (stuck).
 85171 | Slime:5  | 85171 ||| Stepping randomly (stuck).
 85172 | Slime:5  | 85172 ||| Stepping randomly (stuck).
 85173 | Slime:5  | 85173 ||| Stepping randomly (stuck).
 85174 | Slime:5  | 85174 ||| Stepping randomly (stuck).
 85175 | Slime:5  | 85175 ||| Stepping randomly (stuck).
 85176 | Slime:5  | 85176 ||| Stepping randomly (stuck).
 85177 | Slime:5  | 85177 ||| Stepping randomly (stuck).
 85178 | Slime:5  | 85178 ||| Stepping randomly (stuck).
 85179 | Slime:5  | 85179 ||| Stepping randomly (stuck).
 85180 | Slime:5  | 85180 ||| Stepping randomly (stuck).
 85181 | Slime:5  | 85181 ||| Stepping randomly (stuck).
 85182 | Slime:5  | 85182 ||| Stepping randomly (stuck).
 85183 | Slime:5  | 85183 ||| Stepping randomly (stuck).
 85183 | Slime:5  | HP: 37/179 [acid (19)]
 85184 | Slime:5  | 85184 ||| Stepping randomly (stuck).
 85185 | Slime:5  | 85185 ||| Stepping randomly (stuck).
 85185 | Slime:5  | HP: 5/179 [acid (22)]
 85186 | Slime:5  | 85186 ||| Stepping randomly (stuck).
 85186 | Slime:5  | Splashed with acid

Levels and vault maps discovered:
D:1:      saegor_arrival_simple_d, layout_basic,
          dilly_ecumenical_altar_fadedgnrine
D:2:      layout_basic
D:3:      layout_basic, old_standard_altar, mainiacjoe_overflow_surrounded_room,
          mainiacjoe_overflow_brackets, uniq_terence
D:4:      layout_gridville, uniq_ijyb
D:5:      layout_loops_cross, pdpol_wu_jian_five_deadly_venoms,
          minmay_statues_item
D:6:      layout_basic, nicolae_hepliaklqana_monster_ancestors, slow_altar_2,
          mainiacjoe_overflow_tiny_flanked, temple_statues, uniq_edmund
D:7:      layout_cave_pools, serial_column_ruins, column_ruins_hut,
          column_ruins_open_tiny, column_ruins_grid_1, column_ruins_columns_T,
          column_ruins_corridor_plus
D:8:      kennysheep_ambush_hall, layout_layer_cave
D:9:      layout_grid_maze, mainiacjoe_overflow_divided_tiny
D:10:     layout_small_grid, nicolae_gozag_cash_rules_everything_around_me,
          dk_yredelemnul_ordeal, grunt_temple_overflow_open
D:11:     layout_long_grid, david_lair_shrubbed, david_orc_1_choice,
          minmay_misc_feat_hallway, st_stairs_1, dk_noncrumbling_4,
          sword_in_stone
D:12:     layout_layer_cave, minmay_radiant
D:13:     layout_loops_cross, grunt_vaults_entry_tiered
D:14:     layout_layer_cave, nicolae_vehumet_radiance, minmay_misc_feat_doors,
          hangedman_aviary, uniq_louise
D:15:     hangedman_depths_entry_civil_slaughter, layout_basic,
          serial_bayou_shore_b
Temple:   nicolae_temple_two_arcs
Lair:1:   layout_gridlike, portal_ice_cave_demonic_guard, wad_woods_01
Lair:2:   layout_big_grid, shoals_dummy_entry, spider_nest_entry_funnel_web,
          minivault_19
Lair:3:   layout_loops_ring, lemuel_fruit_tree, uniq_urug
Lair:4:   layout_loops_ring
Lair:5:   evilmike_catoblepas_cave, layout_hall_layers,
          nicolae_slime_entry_slimehenge, gauntlet_entry_generic,
          lemuel_centaur_altar
Shoals:1: cheibrodos_shoals_gigantism, layout_shoals, serial_shops,
          nicolae_shop_behind_doors, uniq_josephine
Shoals:2: layout_shoals, serial_nicolae_subway, nicolae_sub_station_crystal,
          nicolae_sub_station_metal, nicolae_sub_station_stone
Shoals:3: layout_shoals, abandoned_shop, nicolae_shoals_lost_giant_amphitheater,
          yaktaur_hedge, uniq_polyphemus
Shoals:4: shoals_end_hellmonk_lost_city
Spider:1: nicolae_spider_jumping_over_cracks [nicolae_spider_jumping_sub_narrow,
          nicolae_spider_jumping_sub_offset, nicolae_spider_jumping_sub_empty,
          nicolae_spider_jumping_sub_no_exit], hive_lemuel, uniq_azrael,
          uniq_kirke
Spider:2: layout_spider_delve
Spider:3: layout_spider_delve
Spider:4: spider_rune_water
Slime:1:  layout_caves
Slime:2:  layout_caves
Slime:3:  layout_caves
Slime:4:  layout_caves
Slime:5
Orc:1:    layout_diamond_mine, gammafunk_ghost_abyssal_escape, uniq_nergalle
Orc:2:    grunt_orc_gardens, layout_caves, grunt_orc_garden, grunt_orc_garden,
          grunt_orc_garden, grunt_orc_garden, uniq_donald
Vaults:1: vaults_dpeg_doors, nicolae_vaults_bisected_slash, v_misc_31,
          nicolae_vaults_specimen_jars, nicolae_vaults_little_squares_4,
          nicolae_vaults_rhombus_6, nicolae_vaults_shelves_hall,
          nicolae_vaults_gold_heap, nicolae_vaults_network_quinsquares
          [nicolae_vaults_network_quincunx_subvault,
          nicolae_vaults_network_quincunx_subvault,
          nicolae_vaults_network_quincunx_subvault,
          nicolae_vaults_network_quincunx_subvault], nicolae_vaults_asterisk,
          vaults_room_stairs_pillars, layout_vaults_omnigrid
Vaults:2: vaults_dpeg_diagonal, v_misc_5, v_misc_19, vaults_mumra_chevron_long,
          hangedman_vaults_pinch, v_misc_17, hangedman_vaults_hat,
          nicolae_vaults_little_squares_3, nicolae_vaults_circle_grid_a,
          nicolae_vaults_ring_of_whatevers, ontoclasm_vaults_loading_screen,
          hangedman_vaults_snaps, hangedman_vaults_impose,
          minmay_crypt_entry_necro_gods, nicolae_vaults_windows_and_doors_thing,
          layout_vaults_omnibox
Vaults:3: hangedman_vaults_slither, grunt_vaults_swirl, v_rooms_2,
          vaults_room_fancy_cross, hangedman_vaults_variations, v_misc_29,
          vaults_mumra_chevron, dpeg_vaults_pockets_of_resistance,
          dpeg_vaults_monster_box, v_alt_pattern_4, ontoclasm_vaults_ring_small,
          layout_vaults_maze_snakey, serial_shops, shop_statue, uniq_margery,
          uniq_boris, uniq_sojobo
Vaults:4: v_alt_pattern_3, vaults_dpeg_cross, grunt_vaults_funnel,
          v_alt_pattern_6, special_room_vaults [special_room_orc],
          ontoclasm_vaults_idyll, grunt_vaults_hallway_long, v_rooms_3,
          v_misc_13, v_misc_32, hangedman_vaults_impose, vaults_dpeg_ring,
          layout_vaults_omnicross, serial_shops, nicolae_diamond_shop
Vaults:5: uniq_frederick
Crypt:1:  layout_basic, roderic_lattice_octagonal_star
Crypt:2:  layout_chaotic_city, nicolae_crypt_soggy_tomb, weyrava_ghost_lake
Crypt:3:  cryptofortress_bobbens
Tomb:1
Tomb:2
Tomb:3
Depths:1: layout_gridlike, enter_ziggurat_b, lightli_too_deep, kennysheep_nub,
          nicolae_sextant, guppyfry_shop_earth, uniq_nikola, uniq_enchantress,
          uniq_asterion
Depths:2: kennysheep_demon_jail, layout_basic, hell_entry,
          rand_demon_pan_entry_4, minmay_misc_feat_four_crosses,
          guppyfry_shop_blood, infiniplex_staircase_x, serial_bayou_shore_b
Depths:3: minmay_spriggan_fort, layout_long_grid, abyss_entry_small_statue_room,
          chequers_serial_rivers_micro_a, pf_coc_iceberg, serial_shops,
          nicolae_shop_trees, nicolae_diamond_shop, nicolae_shop_trees,
          minmay_staircase_bubble, uniq_josephina
Depths:4: evilmike_zot_entry_argh, layout_basic, abyss_entry_glasseish,
          grunt_hell_entry_dis_grunt
Zot:1:    kennysheep_room_grid, layout_basic, st_small_dragon_hoard_5, uniq_vv
Zot:2:    layout_basic
Zot:3:    gammafunk_the_bubble [the_bubble_gammafunk_grid],
          layout_misc_corridors, grunt_megastairs_5
Zot:4:    layout_gridville

Skill      XL: |  1  2  3  4  5  6  7  8  9 10 11 12 13 14 15 16 17 18 19 20 21 22 23 24 25 26 27 |
---------------+----------------------------------------------------------------------------------+-----
Axes           | 2 3 4 5 6 7 8 10 12 13 14 16 18 | 18.0
Throwing       | 1 2 3 4 5 6 7 8 9 10 11 12 13 14 15 | 15.0
Dodging        | 1 2 3 4 6 7 8 9 10 11 12 15 | 15.0
Fighting       | 4 5 6 7 8 9 10 11 12 13 15 16 18 19 21 22 23 24 27 | 27.0
Armour         | 4 6 8 9 10 11 13 14 15 17 18 19 20 22 26 | 26.6
Shields        | 4 5 6 9 11 12 13 17 18 19 20 21 22 23 | 23.9
Invocations    | 4 9 10 17 27 | 27.0
Short Blades   | 5 |  5.5

Action                   |  1- 3 |  4- 6 |  7- 9 | 10-12 | 13-15 | 16-18 | 19-21 | 22-24 | 25-27 || total
-------------------------+-------+-------+-------+-------+-------+-------+-------+-------+-------++-------
Melee: War axe           |   112 |    78 |   267 |   486 |   668 |     6 |       |       |       ||  1617
       Broad axe         |       |       |       |       |   261 |  1352 |  1236 |  1816 |  3329 ||  7994
Throw: Javelin           |    10 |    31 |    25 |    59 |    92 |   136 |   119 |   138 |   356 ||   966
       Boomerang         |       |    14 |    33 |    23 |     5 |       |       |       |       ||    75
Invok: Heroism           |       |       |       |    25 |    40 |    55 |    38 |    64 |    20 ||   242
       Finesse           |       |       |       |       |    13 |    14 |     9 |    14 |     3 ||    53
       Cleansing Flame   |       |       |       |       |       |       |       |       |   124 ||   124
       Summon Divine War |       |       |       |       |       |       |       |       |    44 ||    44
       Brand Weapon With |       |       |       |       |       |       |       |       |     1 ||     1
Evoke: Wand              |       |       |       |       |       |       |       |       |     4 ||     4
  Use: Scroll            |     1 |     6 |     8 |     9 |     6 |     6 |     2 |     7 |    21 ||    66
       Potion            |       |     2 |     1 |     4 |     1 |     5 |     4 |    10 |    41 ||    68
 Stab: Distracted        |       |       |       |     1 |       |     1 |       |       |       ||     2
       Petrifying        |       |       |       |       |     3 |       |       |       |       ||     3
       Petrified         |       |       |       |       |     6 |       |       |       |       ||     6
       Held in net/web   |       |       |       |       |       |       |     1 |       |       ||     1
       Confused          |       |       |       |       |       |       |       |       |     3 ||     3
Armor: Scale mail        |    59 |     8 |       |       |       |       |       |       |       ||    67
       Chain mail        |       |    24 |   101 |    29 |       |       |       |       |       ||   154
       Plate armour      |       |       |       |   145 |       |       |       |       |   107 ||   252
       Pearl dragon scal |       |       |       |    16 |   295 |   356 |   294 |   512 |  1279 ||  2752
Dodge: Dodged            |    51 |    16 |    55 |   100 |   285 |   250 |   274 |   506 |   975 ||  2512
Block: Buckler           |    27 |    32 |    95 |   137 |       |       |       |       |       ||   291
       Reflection        |       |       |     9 |    10 |    55 |    70 |    89 |    64 |    41 ||   338
       Kite shield       |       |       |       |   144 |   715 |       |       |       |       ||   859
       Tower shield      |       |       |       |       |    45 |  1372 |  1133 |  1885 |  3307 ||  7742

Table legend:
 A = Non-vault XP
 B = Vault XP
 C = Vault XP percentage of total XP
 D = Non-vault monster count
 E = Vault monster count
 F = Vault count percentage of total count
                 A         B        C        D         E       F
            +---------+---------+-------+---------+---------+-------
      Total | 1118378 |  978729 |  46.7 |    2060 |    1186 |  36.5
            +---------+---------+-------+---------+---------+-------
        D:1 |      60 |       0 |   0.0 |      34 |       0 |   0.0
        D:2 |      34 |       0 |   0.0 |      10 |       0 |   0.0
        D:3 |     106 |      32 |  23.2 |      24 |       1 |   4.0
        D:4 |     251 |      36 |  12.5 |      14 |       1 |   6.7
        D:5 |     573 |       0 |   0.0 |      14 |       0 |   0.0
        D:6 |     629 |     162 |  20.5 |      24 |       4 |  14.3
        D:7 |     888 |       0 |   0.0 |      16 |       0 |   0.0
        D:8 |     324 |     627 |  65.9 |      11 |       8 |  42.1
        D:9 |    2131 |       0 |   0.0 |      35 |       0 |   0.0
       D:10 |    1572 |       0 |   0.0 |      14 |       0 |   0.0
       D:11 |    4430 |    5860 |  56.9 |      32 |      18 |  36.0
       D:12 |    7093 |    2974 |  29.5 |      16 |       4 |  20.0
       D:13 |    8023 |    7409 |  48.0 |      28 |      25 |  47.2
       D:14 |   12441 |    6848 |  35.5 |      28 |       9 |  24.3
       D:15 |   10307 |    4307 |  29.5 |      26 |       6 |  18.8
     Lair:1 |    2346 |    1980 |  45.8 |      11 |       8 |  42.1
     Lair:2 |    5191 |    1041 |  16.7 |      27 |       5 |  15.6
     Lair:3 |    6910 |       0 |   0.0 |      20 |       0 |   0.0
     Lair:4 |    5312 |       0 |   0.0 |      22 |       0 |   0.0
     Lair:5 |   16181 |   12010 |  42.6 |      45 |      31 |  40.8
   Shoals:1 |   26197 |    6929 |  20.9 |      54 |      10 |  15.6
   Shoals:2 |   13862 |       0 |   0.0 |      26 |       0 |   0.0
   Shoals:3 |   15430 |    5982 |  27.9 |      32 |       7 |  17.9
   Shoals:4 |   18834 |   22232 |  54.1 |      38 |      33 |  46.5
   Spider:1 |   20844 |    7126 |  25.5 |      57 |      24 |  29.6
   Spider:2 |   19692 |       0 |   0.0 |      54 |       0 |   0.0
   Spider:3 |   15998 |       0 |   0.0 |      41 |       0 |   0.0
   Spider:4 |   21573 |   20446 |  48.7 |      51 |      41 |  44.6
    Slime:1 |    2942 |       0 |   0.0 |       7 |       0 |   0.0
    Slime:2 |    9575 |       0 |   0.0 |       8 |       0 |   0.0
    Slime:3 |   15023 |       0 |   0.0 |      25 |       0 |   0.0
    Slime:4 |     591 |       0 |   0.0 |       2 |       0 |   0.0
    Slime:5 |   10905 |   25741 |  70.2 |      14 |      17 |  54.8
      Orc:1 |    2713 |    1931 |  41.6 |      36 |       2 |   5.3
      Orc:2 |    1582 |   10000 |  86.3 |      24 |      27 |  52.9
   Vaults:1 |   29036 |    9838 |  25.3 |      49 |      11 |  18.3
   Vaults:2 |   27281 |   16347 |  37.5 |      45 |      24 |  34.8
   Vaults:3 |   15148 |   75704 |  83.3 |      23 |      74 |  76.3
   Vaults:4 |   42934 |   38222 |  47.1 |      57 |      65 |  53.3
   Vaults:5 |   31709 |   89893 |  73.9 |      46 |      71 |  60.7
    Crypt:1 |   20723 |       0 |   0.0 |      31 |       0 |   0.0
    Crypt:2 |   20530 |   17015 |  45.3 |      28 |      34 |  54.8
    Crypt:3 |    3328 |   57765 |  94.6 |       1 |      91 |  98.9
     Tomb:1 |   12835 |  110455 |  89.6 |      37 |      70 |  65.4
     Tomb:2 |    5838 |   40788 |  87.5 |      15 |      47 |  75.8
     Tomb:3 |   11999 |   53781 |  81.8 |      25 |      51 |  67.1
   Depths:1 |   13635 |   16543 |  54.8 |      17 |      16 |  48.5
   Depths:2 |   46996 |   15953 |  25.3 |      52 |      25 |  32.5
   Depths:3 |   38023 |    9214 |  19.5 |      46 |      26 |  36.1
   Depths:4 |   25289 |   14680 |  36.7 |      22 |      12 |  35.3
      Zot:1 |   16283 |   24153 |  59.7 |      12 |      17 |  58.6
      Zot:2 |   24764 |       0 |   0.0 |      15 |       0 |   0.0
      Zot:3 |   44243 |    8019 |  15.3 |      39 |       6 |  13.3
      Zot:4 |   51452 |       0 |   0.0 |      39 |       0 |   0.0
    Abyss:3 |   20262 |       0 |   0.0 |      39 |       0 |   0.0
        Pan |  335507 |  231368 |  40.8 |     502 |     249 |  33.2
   Gauntlet |       0 |    5318 | 100.0 |       0 |      16 | 100.0
            +---------+---------+-------+---------+---------+-------
